Workbook

Sheet MAYO DECE-5
B8: ÀREA FINANCIERA | K8: DECE-5
A10: UNIDAD DE CIRUGIA CARDIOVASCULAR DE GUATEMALA
A11: 5a. AVENIDA 6-22 ZONA 11
A12: dgunicar@yahoo.es Tel. 24163000
A14: Programación y ejecucion del mes de marzo por tipo de gasto, año 2025, (Expresado en Quetzales)
A15: No. | B15: CATEGORIA DEL GASTO DE FUNCIONAMIENTO | C15: Enero | E15: Febrero | G15: Marzo | I15: Abril
C16: PROG. | D16: EJECUTADO | E16: PROG. | F16: EJECUTADO | G16: PROG. | H16: EJECUTADO | I16: PROG. | J16: EJECUTADO
B17: RECURSO HUMANO
A18: 011 | B18: SUELOS Y SALARIOS | C18: 3985581.3 | D18: 3442190.4 | E18: 3985581.3 | F18: 3499181.9 | G18: 3985581.3 | H18: 3551627.3 | I18: 3985581.3 | J18: =3946986.7-399869.63 -> 3547117.1
B19: BONO 14 | C19: 0 | D19: 0 | E19: 0 | F19: 0 | I19: 0
B20: CUOTA PATRONAL | C20: 0 | D20: 387999.9 | E20: 0 | F20: 394552.58 | H20: 400276.26 | I20: 0 | J20: 399869.63
B21: TOTAL RECURSO HUMANO | C21: =SUM(C18:C20) -> 3985581.3 | D21: =SUM(D18:D20) -> 3830190.3 | E21: =SUM(E18:E20) -> 3985581.3 | F21: =SUM(F18:F20) -> 3893734.5 | G21: =SUM(G18:G20) -> 3985581.3 | H21: =SUM(H18:H20) -> 3951903.5 | I21: =SUM(I18:I20) -> 3985581.3 | J21: =SUM(J18:J20) -> 3946986.7
B23: GASTOS DE OPERACIÓN
A24: 111 | B24: ENERGIA ELECTRICA | C24: 0 | D24: 0 | E24: 106000 | F24: 96455.75 | G24: 106000 | H24: 0 | I24: 106000 | J24: 107590.34
A25: 113 | B25: SERVICIO DE INTERNET Y TELEFONIA | C25: 0 | D25: 0 | E25: 11825 | F25: 8643.16 | G25: 11825 | H25: 8638.1 | I25: 11825 | J25: 8966.74
A26: 122 | B26: IMPRESIÓN, ENCUADERNACION Y REPRODUCCION | C26: 0 | D26: 0 | E26: 64244.05 | F26: 0 | G26: 0 | H26: 0 | I26: 0 | J26: 4154.5
A27: 163 | B27: MANT. Y REP. EQUIPO MEDICO SANITARIO Y DE LAB. | C27: 100000 | D27: 0 | E27: 0 | F27: 0 | G27: 304339.74 | H27: 0 | I27: 0 | J27: 19341.5
A28: 169 | B28: MANT. Y REP. DE OTRAS MAQUINARIAS Y EQUIPOS | C28: 20000 | D28: 0 | E28: 0 | F28: 0 | G28: 1680 | H28: 0 | I28: 0 | J28: 1600
A29: 171 | B29: MANT. Y REPARACION DE EDIFICIOS | C29: 50000 | D29: 0 | E29: 0 | F29: 0 | G29: 7770 | H29: 0 | I29: 1260 | J29: 1300
A30: 174 | B30: MANT. Y REP. DE INSTALACIONES | C30: 53344.25 | D30: 0 | E30: 3344.25 | F30: 6520 | G30: 4761.75 | H30: 0 | I30: 4761.75 | J30: 3260
A31: 197 | B31: SERVICIOS DE VIGILANCIA | C31: 0 | D31: 0 | E31: 52000 | F31: 0 | G31: 52000 | H31: 52000 | I31: 52000 | J31: 52000
A32: 199 | B32: OTROS SERVICIOS NO PERSONALES | C32: 0 | D32: 0 | E32: 127225.9 | F32: 0 | G32: 51415.9 | H32: 43988.88 | I32: 51415.9 | J32: 86010.21
A33: 243 | B33: PRODUCTOS DE PAPEL O CARTON | C33: 0 | D33: 0 | E33: 77602.26 | F33: 0 | G33: 0 | H33: 112506.6 | I33: 0 | J33: 0
A34: 261 | B34: ELEMENTOS Y COMPUESTOS QUIMICOS | C34: 0 | D34: 0 | E34: 812953.74 | F34: 0 | G34: 0 | H34: 105279.68 | I34: 0 | J34: 71517.99
A35: 262 | B35: COMBUSTIBLES Y LUBRICANTES | C35: 17000 | D35: 0 | E35: 0 | F35: 13195 | G35: 0 | H35: 0 | I35: 0 | J35: 0
... A45: 323 | B45: EQUIPO MEDICO-SANITARIO Y DE LABORATORIO | C45: 0 | D45: 0 | E45: 0 | F45: 0 | G45: 0 | H45: 0 | I45: 0 | J45: 0
B46: TOTAL GASTOS DE OPERACIÓN | C46: =SUM(C24:C45) -> 1165344.2 | D46: =SUM(D24:D45) -> 0 | E46: =SUM(E24:E45) -> 3598165.6 | F46: =SUM(F24:F45) -> 136886.92 | G46: =SUM(G24:G45) -> 539792.39 | H46: =SUM(H24:H45) -> 1879182.5 | I46: =SUM(I24:I45) -> 227262.65 | J46: =SUM(J24:J45) -> 1267854.5
B47: TOTAL GENERAL | C47: =+C46+C21 -> 5150925.5 | D47: =+D46+D21 -> 3830190.3 | E47: =+E46+E21 -> 7583746.8 | F47: =+F46+F21 -> 4030621.4 | G47: =+G46+G21 -> 4525373.7 | H47: =+H46+H21 -> 5831086.1 | I47: =+I46+I21 -> 4212843.9 | J47: =+J46+J21 -> 5214841.2
A59: Programación y ejecucion del mes de mayo por tipo de gasto, año 2025, (Expresado en Quetzales)
A60: No. | B60: =+B15 -> CATEGORIA DEL GASTO DE FUNCIONAMIENTO | C60: Mayo | E60: Junio | G60: Julio | I60: Agosto
C61: PROG. | D61: EJECUTADO | E61: PROG. | F61: EJECUTADO | G61: PROG. | H61: EJECUTADO | I61: PROG. | J61: EJECUTADO
A62: 011 | B62: RECURSO HUMANO
B63: SUELOS Y SALARIOS | C63: 3985581.3 | D63: 3571840.7
B64: BONO 14 | D64: 0
B65: CUOTA PATRONAL | D65: 402550.66
B66: TOTAL RECURSO HUMANO | C66: =SUM(C63:C65) -> 3985581.3 | D66: =SUM(D63:D65) -> 3974391.3 | E66: =SUM(E63:E65) -> 0 | F66: =SUM(F63:F65) -> 0 | G66: =SUM(G63:G65) -> 0 | H66: =SUM(H63:H65) -> 0 | I66: =SUM(I63:I65) -> 0 | J66: =SUM(J63:J65) -> 0
B68: GASTOS DE OPERACIÓN
A69: 111 | B69: ENERGIA ELECTRICA | C69: 106000 | D69: 108453.52
A70: 113 | B70: SERVICIO DE INTERNET Y TELEFONIA | C70: 11825 | D70: 8811.18
A71: 122 | B71: IMPRESIÓN, ENCUADERNACION Y REPRODUCCION | C71: 0 | D71: 9914.5
A72: 163 | B72: MANT. Y REP. EQUIPO MEDICO SANITARIO Y DE LAB. | C72: 152397.83 | D72: 110746
A73: 169 | B73: MANT. Y REP. DE OTRAS MAQUINARAIS Y EQUIPOS | C73: 19032.3 | D73: 0
A74: 171 | B74: MANT. Y REPARACION DE EDIFICIOS | C74: 1260 | D74: 24000
A75: 174 | B75: MANT. Y REP. DE INSTALACIONES | C75: 28386.75 | D75: 5510
A76: 197 | B76: SERVICIOS DE VIGILANCIA | C76: 52000 | D76: 52000
A77: 199 | B77: OTROS SERVICIOS NO PERSONALES | C77: 61415.9 | D77: 40629.72
A78: 243 | B78: PRODUCTOS DE PAPEL O CARTON | C78: 77108.98 | D78: 0
A79: 261 | B79: ELEMENTOS Y COMPUESTOS QUIMICOS | C79: 23461.2 | D79: 88377.94
A80: 262 | B80: COMBUSTIBLES Y LUBRICANTES | C80: 0 | D80: 0
... A90: 323 | B90: EQUIPO MEDICO-SANITARIO Y DE LABORATORIO | C90: 0 | D90: 0
B91: TOTAL GASTOS DE OPERACIÓN | C91: =SUM(C69:C90) -> 2828722.6 | D91: =SUM(D69:D90) -> 1415750.8 | E91: =SUM(E69:E90) -> 0 | F91: =SUM(F69:F90) -> 0 | G91: =SUM(G69:G90) -> 0 | H91: =SUM(H69:H90) -> 0 | I91: =SUM(I69:I90) -> 0 | J91: =SUM(J69:J90) -> 0
B92: TOTAL GENERAL | C92: =+C91+C66 -> 6814303.9 | D92: =+D91+D66 -> 5390142.1 | E92: =+E91+E66 -> 0 | F92: =+F91+F66 -> 0 | G92: =+G91+G66 -> 0 | H92: =+H91+H66 -> 0 | I92: =+I91+I66 -> 0 | J92: =+J91+J66 -> 0
A110: Programación y ejecucion del mes de septiembre por tipo de gasto, año 2025, (Expresado en Quetzales)
A111: No. | B111: CATEGORIA DE GASTO | C111: SEPTIEMBRE | E111: OCTUBRE | G111: NOVIEMBRE | I111: DICIEMBRE | K111: Total acumulado anual
C112: PROG. | D112: EJECUTADO | E112: PROG. | F112: EJECUTADO | G112: PROG. | H112: EJECUTADO | I112: PROG. | J112: EJECUTADO | K112: PROG. | L112: EJECUTADO
A113: 011 | B113: RECURSO HUMANO
B114: SUELOS Y SALARIOS | K114: =+I114+G114+E114+C114+I63+G63+E63+C63+I18+G18+E18+C18 -> 19927906 | L114: =+J114+H114+F114+D114+J63+H63+F63+D63+J18+H18+F18+D18 -> 17611957
B115: BONO 14 | K115: =+I115+G115+E115+C115+I64+G64+E64+C64+I19+G19+E19+C19 -> 0 | L115: =+J115+H115+F115+D115+J64+H64+F64+D64+J19+H19+F19+D19 -> 0
B116: CUOTA PATRONAL | K116: =+I116+G116+E116+C116+I65+G65+E65+C65+I20+G20+E20+C20 -> 0 | L116: =+J116+H116+F116+D116+J65+H65+F65+D65+J20+H20+F20+D20 -> 1985249
B117: TOTAL RECURSO HUMANO | C117: =SUM(C114:C116) -> 0 | D117: =SUM(D114:D116) -> 0 | E117: =SUM(E114:E116) -> 0 | F117: =SUM(F114:F116) -> 0 | G117: =SUM(G114:G116) -> 0 | H117: =SUM(H114:H116) -> 0 | I117: =SUM(I114:I116) -> 0 | J117: =SUM(J114:J116) -> 0 | ... L117: =SUM(L114:L116) -> 19597206
B119: GASTOS DE FUNCIONAMIENTO
A120: 111 | B120: ENERGIA ELECTRICA | K120: =+I120+G120+E120+C120+I69+G69+E69+C69+I24+G24+E24+C24 -> 424000 | L120: =+J120+H120+F120+D120+J69+H69+F69+D69+J24+H24+F24+D24 -> 312499.61
A121: 113 | B121: SERVICIO DE INTERNET Y TELEFONIA | K121: =+I121+G121+E121+C121+I70+G70+E70+C70+I25+G25+E25+C25 -> 47300 | L121: =+J121+H121+F121+D121+J70+H70+F70+D70+J25+H25+F25+D25 -> 35059.18
A122: 122 | B122: IMPRESIÓN, ENCUADERNACION Y REPRODUCCION | K122: =+I122+G122+E122+C122+I71+G71+E71+C71+I26+G26+E26+C26 -> 64244.05 | L122: =+J122+H122+F122+D122+J71+H71+F71+D71+J26+H26+F26+D26 -> 14069
A123: 163 | B123: MANT. Y REP. EQUIPO MEDICO SANITARIO Y DE LAB. | K123: =+I123+G123+E123+C123+I72+G72+E72+C72+I27+G27+E27+C27 -> 556737.57 | L123: =+J123+H123+F123+D123+J72+H72+F72+D72+J27+H27+F27+D27 -> 130087.5
A124: 169 | B124: MANT. Y REP. DE OTRAS MAQUINARIAS Y EQUIPOS | K124: =+I124+G124+E124+C124+I73+G73+E73+C73+I28+G28+E28+C28 -> 40712.3 | L124: =+J124+H124+F124+D124+J73+H73+F73+D73+J28+H28+F28+D28 -> 1600
A125: 171 | B125: MANT. Y REPARACION DE EDIFICIOS | K125: =+I125+G125+E125+C125+I74+G74+E74+C74+I29+G29+E29+C29 -> 60290 | L125: =+J125+H125+F125+D125+J74+H74+F74+D74+J29+H29+F29+D29 -> 25300
A126: 174 | B126: MANT. Y REP. DE INSTALACIONES | K126: =+I126+G126+E126+C126+I75+G75+E75+C75+I30+G30+E30+C30 -> 94598.75 | L126: =+J126+H126+F126+D126+J75+H75+F75+D75+J30+H30+F30+D30 -> 15290
A127: 197 | B127: SERVICIOS DE VIGILANCIA | K127: =+I127+G127+E127+C127+I76+G76+E76+C76+I31+G31+E31+C31 -> 208000 | L127: =+J127+H127+F127+D127+J76+H76+F76+D76+J31+H31+F31+D31 -> 156000
A128: 199 | B128: OTROS SERVICIOS NO PERSONALES | K128: =+I128+G128+E128+C128+I77+G77+E77+C77+I32+G32+E32+C32 -> 291473.6 | L128: =+J128+H128+F128+D128+J77+H77+F77+D77+J32+H32+F32+D32 -> 170628.81
A129: 243 | B129: PRODUCTOS DE PAPEL O CARTON | K129: =+I129+G129+E129+C129+I78+G78+E78+C78+I33+G33+E33+C33 -> 154711.24 | L129: =+J129+H129+F129+D129+J78+H78+F78+D78+J33+H33+F33+D33 -> 112506.6
A130: 261 | B130: ELEMENTOS Y COMPUESTOS QUIMICOS | K130: =+I130+G130+E130+C130+I79+G79+E79+C79+I34+G34+E34+C34 -> 836414.94 | L130: =+J130+H130+F130+D130+J79+H79+F79+D79+J34+H34+F34+D34 -> 265175.61
A131: 262 | B131: COMBUSTIBLES Y LUBRICANTES | K131: =+I131+G131+E131+C131+I80+G80+E80+C80+I35+G35+E35+C35 -> 17000 | L131: =+J131+H131+F131+D131+J80+H80+F80+D80+J35+H35+F35+D35 -> 13195
... A141: 323 | B141: EQUIPO MEDICO-SANITARIO Y DE LABORATORIO | K141: =+I141+G141+E141+C141+I90+G90+E90+C90+I45+G45+E45+C45 -> 0 | L141: =+J141+H141+F141+D141+J90+H90+F90+D90+J45+H45+F45+D45 -> 0
B142: TOTAL GASTOS DE FUNCIONAMIENTO | C142: =SUM(C120:C141) -> 0 | D142: =SUM(D120:D141) -> 0 | E142: =SUM(E120:E141) -> 0 | F142: =SUM(F120:F141) -> 0 | G142: =SUM(G120:G141) -> 0 | H142: =SUM(H120:H141) -> 0 | I142: =SUM(I120:I141) -> 0 | J142: =SUM(J120:J141) -> 0 | ... L142: =SUM(L120:L141) -> 4699674.8
B143: TOTAL GENERAL | C143: =+C142+C117 -> 0 | D143: =+D142+D117 -> 0 | E143: =+E142+E117 -> 0 | F143: =+F142+F117 -> 0 | G143: =+G142+G117 -> 0 | H143: =+H142+H117 -> 0 | I143: =+I142+I117 -> 0 | J143: =+J142+J117 -> 0 | ... L143: =+L142+L117 -> 24296881
B167: RESUMEN AÑO 2025
A168: No. | B168: CATEGORIA DE GASTO | C168: TOTAL ANUAL
C169: PRESUPUESTO | D169: REAL
A170: 011 | B170: RECURSO HUMANO | C170: =+K21+K66+K117 -> 19927906 | D170: =+L21+L66+L117 -> 19597206
B172: GASTOS DE OPERACIÓN
A173: 111 | B173: ENERGIA ELECTRICA | C173: =+K24+K69+K120 -> 424000 | D173: =+L24+L69+L120 -> 312499.61
A174: 113 | B174: TELEFONIA | C174: =+K25+K70+K121 -> 47300 | D174: =+L25+L70+L121 -> 35059.18
A175: 122 | B175: IMPRESIÓN, ENCUADERNACION Y REPRODUCCION | C175: =+K26+K71+K122 -> 64244.05 | D175: =+L26+L71+L122 -> 14069
A176: 163 | B176: MANT. Y REP. EQUIPO MEDICO SANITARIO Y DE LAB. | C176: =+K27+K72+K123 -> 556737.57 | D176: =+L27+L72+L123 -> 130087.5
A177: 169 | B177: MANT. Y REP. DE OTRAS MAQ. Y EQUIPO | C177: =+K28+K73+K124 -> 40712.3 | D177: =+L28+L73+L124 -> 1600
A178: 171 | B178: MANT. Y REPARACION DE EDIFICIOS | C178: =+K29+K74+K125 -> 60290 | D178: =+L29+L74+L125 -> 25300
A179: 174 | B179: MANT. Y REP. DE INSTALACIONES | C179: =+K30+K75+K126 -> 94598.75 | D179: =+L30+L75+L126 -> 15290
A180: 197 | B180: SERVICIOS DE VIGILANCIA | C180: =+K31+K76+K127 -> 208000 | D180: =+L31+L76+L127 -> 156000
A181: 199 | B181: OTROS SERVICIOS NO PERSONALES | C181: =+K32+K77+K128 -> 291473.6 | D181: =+L32+L77+L128 -> 170628.81
A182: 243 | B182: PRODUCTOS DE PAPEL O CARTON | C182: =+K33+K78+K129 -> 154711.24 | D182: =+L33+L78+L129 -> 112506.6
A183: 261 | B183: ELEMENTOS Y COMPUESTOS QUIMICOS | C183: =+K34+K79+K130 -> 836414.94 | D183: =+L34+L79+L130 -> 265175.61
A184: 262 | B184: COMBUSTIBLES Y LUBRICANTES | C184: =+K35+K80+K131 -> 17000 | D184: =+L35+L80+L131 -> 13195
... A194: 323 | B194: EQUIPO MEDICO SANITARIO Y DE LABORATORIO | C194: =+K45+K90+K141 -> 0 | D194: =+L45+L90+L141 -> 0
B195: TOTAL GASTOS DE FUNCIONAMIENTO | C195: =SUM(C173:C194) -> 8359287.5 | D195: =SUM(D173:D194) -> 4699674.8
B196: TOTAL GENERAL | C196: =+C195+C170 -> 28287194 | D196: =D195+D170 -> 24296881
B209: Elaborado por: | D209: ______________________________ | G209: Autorizado por: | I209: ___________________________________
D210: P.C. Víctor Cresencio Reyes Porres | I210: Lic. Douglas Antonio Díaz Rivera
D211: Jefe de Contabilidad | I211: Representante Legal
B213: Fecha: | D213: 10 de junio 2025

Sheet JUNIO DECE-5
B8: ÀREA FINANCIERA | K8: DECE-5
A10: UNIDAD DE CIRUGIA CARDIOVASCULAR DE GUATEMALA
A11: 5a. AVENIDA 6-22 ZONA 11
A12: dgunicar@yahoo.es Tel. 24163000
A14: Programación y ejecucion del mes de mayo por tipo de gasto, año 2025, (Expresado en Quetzales)
A15: No. | B15: CATEGORIA DEL GASTO DE FUNCIONAMIENTO | C15: Enero | E15: Febrero | G15: Marzo | I15: Abril
C16: PROG. | D16: EJECUTADO | E16: PROG. | F16: EJECUTADO | G16: PROG. | H16: EJECUTADO | I16: PROG. | J16: EJECUTADO
B17: RECURSO HUMANO
A18: 011 | B18: SUELOS Y SALARIOS | C18: 3985581.3 | D18: 3442190.4 | E18: 3985581.3 | F18: 3499181.9 | G18: 3985581.3 | H18: 3551627.3 | I18: 3985581.3 | J18: =3946986.7-399869.63 -> 3547117.1
B19: BONO 14 | C19: 0 | D19: 0 | E19: 0 | F19: 0 | I19: 0
B20: CUOTA PATRONAL | C20: 0 | D20: 387999.9 | E20: 0 | F20: 394552.58 | H20: 400276.26 | I20: 0 | J20: 399869.63
B21: TOTAL RECURSO HUMANO | C21: =SUM(C18:C20) -> 3985581.3 | D21: =SUM(D18:D20) -> 3830190.3 | E21: =SUM(E18:E20) -> 3985581.3 | F21: =SUM(F18:F20) -> 3893734.5 | G21: =SUM(G18:G20) -> 3985581.3 | H21: =SUM(H18:H20) -> 3951903.5 | I21: =SUM(I18:I20) -> 3985581.3 | J21: =SUM(J18:J20) -> 3946986.7
B23: GASTOS DE OPERACIÓN
A24: 111 | B24: ENERGIA ELECTRICA | C24: 0 | D24: 0 | E24: 106000 | F24: 96455.75 | G24: 106000 | H24: 0 | I24: 106000 | J24: 107590.34
A25: 113 | B25: SERVICIO DE INTERNET Y TELEFONIA | C25: 0 | D25: 0 | E25: 11825 | F25: 8643.16 | G25: 11825 | H25: 8638.1 | I25: 11825 | J25: 8966.74
A26: 122 | B26: IMPRESIÓN, ENCUADERNACION Y REPRODUCCION | C26: 0 | D26: 0 | E26: 64244.05 | F26: 0 | G26: 0 | H26: 0 | I26: 0 | J26: 4154.5
A27: 163 | B27: MANT. Y REP. EQUIPO MEDICO SANITARIO Y DE LAB. | C27: 100000 | D27: 0 | E27: 0 | F27: 0 | G27: 304339.74 | H27: 0 | I27: 0 | J27: 19341.5
A28: 169 | B28: MANT. Y REP. DE OTRAS MAQUINARIAS Y EQUIPOS | C28: 20000 | D28: 0 | E28: 0 | F28: 0 | G28: 1680 | H28: 0 | I28: 0 | J28: 1600
A29: 171 | B29: MANT. Y REPARACION DE EDIFICIOS | C29: 50000 | D29: 0 | E29: 0 | F29: 0 | G29: 7770 | H29: 0 | I29: 1260 | J29: 1300
A30: 174 | B30: MANT. Y REP. DE INSTALACIONES | C30: 53344.25 | D30: 0 | E30: 3344.25 | F30: 6520 | G30: 4761.75 | H30: 0 | I30: 4761.75 | J30: 3260
A31: 197 | B31: SERVICIOS DE VIGILANCIA | C31: 0 | D31: 0 | E31: 52000 | F31: 0 | G31: 52000 | H31: 52000 | I31: 52000 | J31: 52000
A32: 199 | B32: OTROS SERVICIOS NO PERSONALES | C32: 0 | D32: 0 | E32: 127225.9 | F32: 0 | G32: 51415.9 | H32: 43988.88 | I32: 51415.9 | J32: 86010.21
A33: 243 | B33: PRODUCTOS DE PAPEL O CARTON | C33: 0 | D33: 0 | E33: 77602.26 | F33: 0 | G33: 0 | H33: 112506.6 | I33: 0 | J33: 0
A34: 261 | B34: ELEMENTOS Y COMPUESTOS QUIMICOS | C34: 0 | D34: 0 | E34: 812953.74 | F34: 0 | G34: 0 | H34: 105279.68 | I34: 0 | J34: 71517.99
A35: 262 | B35: COMBUSTIBLES Y LUBRICANTES | C35: 17000 | D35: 0 | E35: 0 | F35: 13195 | G35: 0 | H35: 0 | I35: 0 | J35: 0
... A45: 323 | B45: EQUIPO MEDICO-SANITARIO Y DE LABORATORIO | C45: 0 | D45: 0 | E45: 0 | F45: 0 | G45: 0 | H45: 0 | I45: 0 | J45: 0
B46: TOTAL GASTOS DE OPERACIÓN | C46: =SUM(C24:C45) -> 1165344.2 | D46: =SUM(D24:D45) -> 0 | E46: =SUM(E24:E45) -> 3598165.6 | F46: =SUM(F24:F45) -> 136886.92 | G46: =SUM(G24:G45) -> 539792.39 | H46: =SUM(H24:H45) -> 1879182.5 | I46: =SUM(I24:I45) -> 227262.65 | J46: =SUM(J24:J45) -> 1267854.5
B47: TOTAL GENERAL | C47: =+C46+C21 -> 5150925.5 | D47: =+D46+D21 -> 3830190.3 | E47: =+E46+E21 -> 7583746.8 | F47: =+F46+F21 -> 4030621.4 | G47: =+G46+G21 -> 4525373.7 | H47: =+H46+H21 -> 5831086.1 | I47: =+I46+I21 -> 4212843.9 | J47: =+J46+J21 -> 5214841.2
A59: =+A14 -> Programación y ejecucion del mes de mayo por tipo de gasto, año 2025, (Expresado en Quetzales)
A60: No. | B60: =+B15 -> CATEGORIA DEL GASTO DE FUNCIONAMIENTO | C60: Mayo | E60: Junio | G60: Julio | I60: Agosto
C61: PROG. | D61: EJECUTADO | E61: PROG. | F61: EJECUTADO | G61: PROG. | H61: EJECUTADO | I61: PROG. | J61: EJECUTADO
A62: 011 | B62: RECURSO HUMANO
B63: SUELOS Y SALARIOS | C63: 3985581.3 | D63: 3571840.7 | E63: 3985581.3 | F63: 3574068.5
B64: BONO 14 | D64: 0
B65: CUOTA PATRONAL | D65: 402550.66 | F65: 402616.11
B66: TOTAL RECURSO HUMANO | C66: =SUM(C63:C65) -> 3985581.3 | D66: =SUM(D63:D65) -> 3974391.3 | E66: =SUM(E63:E65) -> 3985581.3 | F66: =SUM(F63:F65) -> 3976684.6 | G66: =SUM(G63:G65) -> 0 | H66: =SUM(H63:H65) -> 0 | I66: =SUM(I63:I65) -> 0 | J66: =SUM(J63:J65) -> 0
B68: GASTOS DE OPERACIÓN
A69: 111 | B69: ENERGIA ELECTRICA | C69: 106000 | D69: 108453.52 | E69: 106000 | F69: 106384.31
A70: 113 | B70: SERVICIO DE INTERNET Y TELEFONIA | C70: 11825 | D70: 8811.18 | E70: 11825 | F70: 14256.06
A71: 122 | B71: IMPRESIÓN, ENCUADERNACION Y REPRODUCCION | C71: 0 | D71: 9914.5 | E71: 0 | F71: 43465
A72: 163 | B72: MANT. Y REP. EQUIPO MEDICO SANITARIO Y DE LAB. | C72: 152397.83 | D72: 110746 | E72: 25132.32 | F72: 67830
A73: 169 | B73: MANT. Y REP. DE OTRAS MAQUINARAIS Y EQUIPOS | C73: 19032.3 | D73: 0 | E73: 0 | F73: 0
A74: 171 | B74: MANT. Y REPARACION DE EDIFICIOS | C74: 1260 | D74: 24000 | E74: 1260 | F74: 1300
A75: 174 | B75: MANT. Y REP. DE INSTALACIONES | C75: 28386.75 | D75: 5510 | E75: 4761.75 | F75: 4160
A76: 197 | B76: SERVICIOS DE VIGILANCIA | C76: 52000 | D76: 52000 | E76: 52000 | F76: 52000
A77: 199 | B77: OTROS SERVICIOS NO PERSONALES | C77: 61415.9 | D77: 40629.72 | E77: 51415.9 | F77: 62544.72
A78: 243 | B78: PRODUCTOS DE PAPEL O CARTON | C78: 77108.98 | D78: 0 | E78: 0 | F78: 0
A79: 261 | B79: ELEMENTOS Y COMPUESTOS QUIMICOS | C79: 23461.2 | D79: 88377.94 | E79: 0 | F79: 72500.4
A80: 262 | B80: COMBUSTIBLES Y LUBRICANTES | C80: 0 | D80: 0 | E80: 0 | F80: 0
... A90: 323 | B90: EQUIPO MEDICO-SANITARIO Y DE LABORATORIO | C90: 0 | D90: 0 | E90: 4417467.8 | F90: 0
B91: TOTAL GASTOS DE OPERACIÓN | C91: =SUM(C69:C90) -> 2828722.6 | D91: =SUM(D69:D90) -> 1415750.8 | E91: =SUM(E69:E90) -> 33139324 | F91: =SUM(F69:F90) -> 1862268 | G91: =SUM(G69:G90) -> 0 | H91: =SUM(H69:H90) -> 0 | I91: =SUM(I69:I90) -> 0 | J91: =SUM(J69:J90) -> 0
B92: TOTAL GENERAL | C92: =+C91+C66 -> 6814303.9 | D92: =+D91+D66 -> 5390142.1 | E92: =+E91+E66 -> 37124905 | F92: =+F91+F66 -> 5838952.5 | G92: =+G91+G66 -> 0 | H92: =+H91+H66 -> 0 | I92: =+I91+I66 -> 0 | J92: =+J91+J66 -> 0
A110: =+A59 -> Programación y ejecucion del mes de mayo por tipo de gasto, año 2025, (Expresado en Quetzales)
A111: No. | B111: CATEGORIA DE GASTO | C111: SEPTIEMBRE | E111: OCTUBRE | G111: NOVIEMBRE | I111: DICIEMBRE | K111: Total acumulado anual
C112: PROG. | D112: EJECUTADO | E112: PROG. | F112: EJECUTADO | G112: PROG. | H112: EJECUTADO | I112: PROG. | J112: EJECUTADO | K112: PROG. | L112: EJECUTADO
A113: 011 | B113: RECURSO HUMANO
B114: SUELOS Y SALARIOS | K114: =+I114+G114+E114+C114+I63+G63+E63+C63+I18+G18+E18+C18 -> 23913488 | L114: =+J114+H114+F114+D114+J63+H63+F63+D63+J18+H18+F18+D18 -> 21186026
B115: BONO 14 | K115: =+I115+G115+E115+C115+I64+G64+E64+C64+I19+G19+E19+C19 -> 0 | L115: =+J115+H115+F115+D115+J64+H64+F64+D64+J19+H19+F19+D19 -> 0
B116: CUOTA PATRONAL | K116: =+I116+G116+E116+C116+I65+G65+E65+C65+I20+G20+E20+C20 -> 0 | L116: =+J116+H116+F116+D116+J65+H65+F65+D65+J20+H20+F20+D20 -> 2387865.1
B117: TOTAL RECURSO HUMANO | C117: =SUM(C114:C116) -> 0 | D117: =SUM(D114:D116) -> 0 | E117: =SUM(E114:E116) -> 0 | F117: =SUM(F114:F116) -> 0 | G117: =SUM(G114:G116) -> 0 | H117: =SUM(H114:H116) -> 0 | I117: =SUM(I114:I116) -> 0 | J117: =SUM(J114:J116) -> 0 | ... L117: =SUM(L114:L116) -> 23573891
B119: GASTOS DE FUNCIONAMIENTO
A120: 111 | B120: ENERGIA ELECTRICA | K120: =+I120+G120+E120+C120+I69+G69+E69+C69+I24+G24+E24+C24 -> 530000 | L120: =+J120+H120+F120+D120+J69+H69+F69+D69+J24+H24+F24+D24 -> 418883.92
A121: 113 | B121: SERVICIO DE INTERNET Y TELEFONIA | K121: =+I121+G121+E121+C121+I70+G70+E70+C70+I25+G25+E25+C25 -> 59125 | L121: =+J121+H121+F121+D121+J70+H70+F70+D70+J25+H25+F25+D25 -> 49315.24
A122: 122 | B122: IMPRESIÓN, ENCUADERNACION Y REPRODUCCION | K122: =+I122+G122+E122+C122+I71+G71+E71+C71+I26+G26+E26+C26 -> 64244.05 | L122: =+J122+H122+F122+D122+J71+H71+F71+D71+J26+H26+F26+D26 -> 57534
A123: 163 | B123: MANT. Y REP. EQUIPO MEDICO SANITARIO Y DE LAB. | K123: =+I123+G123+E123+C123+I72+G72+E72+C72+I27+G27+E27+C27 -> 581869.89 | L123: =+J123+H123+F123+D123+J72+H72+F72+D72+J27+H27+F27+D27 -> 197917.5
A124: 169 | B124: MANT. Y REP. DE OTRAS MAQUINARIAS Y EQUIPOS | K124: =+I124+G124+E124+C124+I73+G73+E73+C73+I28+G28+E28+C28 -> 40712.3 | L124: =+J124+H124+F124+D124+J73+H73+F73+D73+J28+H28+F28+D28 -> 1600
A125: 171 | B125: MANT. Y REPARACION DE EDIFICIOS | K125: =+I125+G125+E125+C125+I74+G74+E74+C74+I29+G29+E29+C29 -> 61550 | L125: =+J125+H125+F125+D125+J74+H74+F74+D74+J29+H29+F29+D29 -> 26600
A126: 174 | B126: MANT. Y REP. DE INSTALACIONES | K126: =+I126+G126+E126+C126+I75+G75+E75+C75+I30+G30+E30+C30 -> 99360.5 | L126: =+J126+H126+F126+D126+J75+H75+F75+D75+J30+H30+F30+D30 -> 19450
A127: 197 | B127: SERVICIOS DE VIGILANCIA | K127: =+I127+G127+E127+C127+I76+G76+E76+C76+I31+G31+E31+C31 -> 260000 | L127: =+J127+H127+F127+D127+J76+H76+F76+D76+J31+H31+F31+D31 -> 208000
A128: 199 | B128: OTROS SERVICIOS NO PERSONALES | K128: =+I128+G128+E128+C128+I77+G77+E77+C77+I32+G32+E32+C32 -> 342889.5 | L128: =+J128+H128+F128+D128+J77+H77+F77+D77+J32+H32+F32+D32 -> 233173.53
A129: 243 | B129: PRODUCTOS DE PAPEL O CARTON | K129: =+I129+G129+E129+C129+I78+G78+E78+C78+I33+G33+E33+C33 -> 154711.24 | L129: =+J129+H129+F129+D129+J78+H78+F78+D78+J33+H33+F33+D33 -> 112506.6
A130: 261 | B130: ELEMENTOS Y COMPUESTOS QUIMICOS | K130: =+I130+G130+E130+C130+I79+G79+E79+C79+I34+G34+E34+C34 -> 836414.94 | L130: =+J130+H130+F130+D130+J79+H79+F79+D79+J34+H34+F34+D34 -> 337676.01
A131: 262 | B131: COMBUSTIBLES Y LUBRICANTES | K131: =+I131+G131+E131+C131+I80+G80+E80+C80+I35+G35+E35+C35 -> 17000 | L131: =+J131+H131+F131+D131+J80+H80+F80+D80+J35+H35+F35+D35 -> 13195
... A141: 323 | B141: EQUIPO MEDICO-SANITARIO Y DE LABORATORIO | K141: =+I141+G141+E141+C141+I90+G90+E90+C90+I45+G45+E45+C45 -> 4417467.8 | L141: =+J141+H141+F141+D141+J90+H90+F90+D90+J45+H45+F45+D45 -> 0
B142: TOTAL GASTOS DE FUNCIONAMIENTO | C142: =SUM(C120:C141) -> 0 | D142: =SUM(D120:D141) -> 0 | E142: =SUM(E120:E141) -> 0 | F142: =SUM(F120:F141) -> 0 | G142: =SUM(G120:G141) -> 0 | H142: =SUM(H120:H141) -> 0 | I142: =SUM(I120:I141) -> 0 | J142: =SUM(J120:J141) -> 0 | ... L142: =SUM(L120:L141) -> 6561942.8
B143: TOTAL GENERAL | C143: =+C142+C117 -> 0 | D143: =+D142+D117 -> 0 | E143: =+E142+E117 -> 0 | F143: =+F142+F117 -> 0 | G143: =+G142+G117 -> 0 | H143: =+H142+H117 -> 0 | I143: =+I142+I117 -> 0 | J143: =+J142+J117 -> 0 | ... L143: =+L142+L117 -> 30135834
B167: RESUMEN AÑO 2025
A168: No. | B168: CATEGORIA DE GASTO | C168: TOTAL ANUAL
C169: PRESUPUESTO | D169: REAL
A170: 011 | B170: RECURSO HUMANO | C170: =+K21+K66+K117 -> 23913488 | D170: =+L21+L66+L117 -> 23573891
B172: GASTOS DE OPERACIÓN
A173: 111 | B173: ENERGIA ELECTRICA | C173: =+K24+K69+K120 -> 530000 | D173: =+L24+L69+L120 -> 418883.92
A174: 113 | B174: TELEFONIA | C174: =+K25+K70+K121 -> 59125 | D174: =+L25+L70+L121 -> 49315.24
A175: 122 | B175: IMPRESIÓN, ENCUADERNACION Y REPRODUCCION | C175: =+K26+K71+K122 -> 64244.05 | D175: =+L26+L71+L122 -> 57534
A176: 163 | B176: MANT. Y REP. EQUIPO MEDICO SANITARIO Y DE LAB. | C176: =+K27+K72+K123 -> 581869.89 | D176: =+L27+L72+L123 -> 197917.5
A177: 169 | B177: MANT. Y REP. DE OTRAS MAQ. Y EQUIPO | C177: =+K28+K73+K124 -> 40712.3 | D177: =+L28+L73+L124 -> 1600
A178: 171 | B178: MANT. Y REPARACION DE EDIFICIOS | C178: =+K29+K74+K125 -> 61550 | D178: =+L29+L74+L125 -> 26600
A179: 174 | B179: MANT. Y REP. DE INSTALACIONES | C179: =+K30+K75+K126 -> 99360.5 | D179: =+L30+L75+L126 -> 19450
A180: 197 | B180: SERVICIOS DE VIGILANCIA | C180: =+K31+K76+K127 -> 260000 | D180: =+L31+L76+L127 -> 208000
A181: 199 | B181: OTROS SERVICIOS NO PERSONALES | C181: =+K32+K77+K128 -> 342889.5 | D181: =+L32+L77+L128 -> 233173.53
A182: 243 | B182: PRODUCTOS DE PAPEL O CARTON | C182: =+K33+K78+K129 -> 154711.24 | D182: =+L33+L78+L129 -> 112506.6
A183: 261 | B183: ELEMENTOS Y COMPUESTOS QUIMICOS | C183: =+K34+K79+K130 -> 836414.94 | D183: =+L34+L79+L130 -> 337676.01
A184: 262 | B184: COMBUSTIBLES Y LUBRICANTES | C184: =+K35+K80+K131 -> 17000 | D184: =+L35+L80+L131 -> 13195
... A194: 323 | B194: EQUIPO MEDICO SANITARIO Y DE LABORATORIO | C194: =+K45+K90+K141 -> 4417467.8 | D194: =+L45+L90+L141 -> 0
B195: TOTAL GASTOS DE FUNCIONAMIENTO | C195: =SUM(C173:C194) -> 41498612 | D195: =SUM(D173:D194) -> 6561942.8
B196: TOTAL GENERAL | C196: =+C195+C170 -> 65412099 | D196: =D195+D170 -> 30135834
B209: Elaborado por: | D209: ______________________________ | G209: Autorizado por: | I209: ___________________________________
D210: P.C. Víctor Cresencio Reyes Porres | I210: Lic. Douglas Antonio Díaz Rivera
D211: Jefe de Contabilidad | I211: Representante Legal
B213: Fecha: | D213: 10 de julio 2025

Sheet JULIO DECE-5
B8: ÀREA FINANCIERA | K8: DECE-5
A10: UNIDAD DE CIRUGIA CARDIOVASCULAR DE GUATEMALA
A11: 5a. AVENIDA 6-22 ZONA 11
A12: dgunicar@yahoo.es Tel. 24163000
A14: Programación y ejecucion del mes de julio por tipo de gasto, año 2025, (Expresado en Quetzales)
A15: No. | B15: CATEGORIA DEL GASTO DE FUNCIONAMIENTO | C15: Enero | E15: Febrero | G15: Marzo | I15: Abril
C16: PROG. | D16: EJECUTADO | E16: PROG. | F16: EJECUTADO | G16: PROG. | H16: EJECUTADO | I16: PROG. | J16: EJECUTADO
B17: RECURSO HUMANO
A18: 011 | B18: SUELOS Y SALARIOS | C18: 3985581.3 | D18: 3442190.4 | E18: 3985581.3 | F18: 3499181.9 | G18: 3985581.3 | H18: 3551627.3 | I18: 3985581.3 | J18: =3946986.7-399869.63 -> 3547117.1
B19: BONO 14 | C19: 0 | D19: 0 | E19: 0 | F19: 0 | I19: 0
B20: CUOTA PATRONAL | C20: 0 | D20: 387999.9 | E20: 0 | F20: 394552.58 | H20: 400276.26 | I20: 0 | J20: 399869.63
B21: TOTAL RECURSO HUMANO | C21: =SUM(C18:C20) -> 3985581.3 | D21: =SUM(D18:D20) -> 3830190.3 | E21: =SUM(E18:E20) -> 3985581.3 | F21: =SUM(F18:F20) -> 3893734.5 | G21: =SUM(G18:G20) -> 3985581.3 | H21: =SUM(H18:H20) -> 3951903.5 | I21: =SUM(I18:I20) -> 3985581.3 | J21: =SUM(J18:J20) -> 3946986.7
B23: GASTOS DE OPERACIÓN
A24: 111 | B24: ENERGIA ELECTRICA | C24: 0 | D24: 0 | E24: 106000 | F24: 96455.75 | G24: 106000 | H24: 0 | I24: 106000 | J24: 107590.34
A25: 113 | B25: SERVICIO DE INTERNET Y TELEFONIA | C25: 0 | D25: 0 | E25: 11825 | F25: 8643.16 | G25: 11825 | H25: 8638.1 | I25: 11825 | J25: 8966.74
A26: 122 | B26: IMPRESIÓN, ENCUADERNACION Y REPRODUCCION | C26: 0 | D26: 0 | E26: 64244.05 | F26: 0 | G26: 0 | H26: 0 | I26: 0 | J26: 4154.5
A27: 163 | B27: MANT. Y REP. EQUIPO MEDICO SANITARIO Y DE LAB. | C27: 100000 | D27: 0 | E27: 0 | F27: 0 | G27: 304339.74 | H27: 0 | I27: 0 | J27: 19341.5
A28: 169 | B28: MANT. Y REP. DE OTRAS MAQUINARIAS Y EQUIPOS | C28: 20000 | D28: 0 | E28: 0 | F28: 0 | G28: 1680 | H28: 0 | I28: 0 | J28: 1600
A29: 171 | B29: MANT. Y REPARACION DE EDIFICIOS | C29: 50000 | D29: 0 | E29: 0 | F29: 0 | G29: 7770 | H29: 0 | I29: 1260 | J29: 1300
A30: 174 | B30: MANT. Y REP. DE INSTALACIONES | C30: 53344.25 | D30: 0 | E30: 3344.25 | F30: 6520 | G30: 4761.75 | H30: 0 | I30: 4761.75 | J30: 3260
A31: 197 | B31: SERVICIOS DE VIGILANCIA | C31: 0 | D31: 0 | E31: 52000 | F31: 0 | G31: 52000 | H31: 52000 | I31: 52000 | J31: 52000
A32: 199 | B32: OTROS SERVICIOS NO PERSONALES | C32: 0 | D32: 0 | E32: 127225.9 | F32: 0 | G32: 51415.9 | H32: 43988.88 | I32: 51415.9 | J32: 86010.21
A33: 243 | B33: PRODUCTOS DE PAPEL O CARTON | C33: 0 | D33: 0 | E33: 77602.26 | F33: 0 | G33: 0 | H33: 112506.6 | I33: 0 | J33: 0
A34: 261 | B34: ELEMENTOS Y COMPUESTOS QUIMICOS | C34: 0 | D34: 0 | E34: 812953.74 | F34: 0 | G34: 0 | H34: 105279.68 | I34: 0 | J34: 71517.99
A35: 262 | B35: COMBUSTIBLES Y LUBRICANTES | C35: 17000 | D35: 0 | E35: 0 | F35: 13195 | G35: 0 | H35: 0 | I35: 0 | J35: 0
... A45: 323 | B45: EQUIPO MEDICO-SANITARIO Y DE LABORATORIO | C45: 0 | D45: 0 | E45: 0 | F45: 0 | G45: 0 | H45: 0 | I45: 0 | J45: 0
B46: TOTAL GASTOS DE OPERACIÓN | C46: =SUM(C24:C45) -> 1165344.2 | D46: =SUM(D24:D45) -> 0 | E46: =SUM(E24:E45) -> 3598165.6 | F46: =SUM(F24:F45) -> 136886.92 | G46: =SUM(G24:G45) -> 539792.39 | H46: =SUM(H24:H45) -> 1879182.5 | I46: =SUM(I24:I45) -> 227262.65 | J46: =SUM(J24:J45) -> 1267854.5
B47: TOTAL GENERAL | C47: =+C46+C21 -> 5150925.5 | D47: =+D46+D21 -> 3830190.3 | E47: =+E46+E21 -> 7583746.8 | F47: =+F46+F21 -> 4030621.4 | G47: =+G46+G21 -> 4525373.7 | H47: =+H46+H21 -> 5831086.1 | I47: =+I46+I21 -> 4212843.9 | J47: =+J46+J21 -> 5214841.2
A59: =+A14 -> Programación y ejecucion del mes de julio por tipo de gasto, año 2025, (Expresado en Quetzales)
A60: No. | B60: =+B15 -> CATEGORIA DEL GASTO DE FUNCIONAMIENTO | C60: Mayo | E60: Junio | G60: Julio | I60: Agosto
C61: PROG. | D61: EJECUTADO | E61: PROG. | F61: EJECUTADO | G61: PROG. | H61: EJECUTADO | I61: PROG. | J61: EJECUTADO
A62: 011 | B62: RECURSO HUMANO
B63: SUELOS Y SALARIOS | C63: 3985581.3 | D63: 3571840.7 | E63: 3985581.3 | F63: 3574068.5 | G63: 7331062.7 | H63: 3541104.6
B64: BONO 14 | D64: 0 | H64: 3208721.7
B65: CUOTA PATRONAL | D65: 402550.66 | F65: 402616.11 | H65: 398875.22
B66: TOTAL RECURSO HUMANO | C66: =SUM(C63:C65) -> 3985581.3 | D66: =SUM(D63:D65) -> 3974391.3 | E66: =SUM(E63:E65) -> 3985581.3 | F66: =SUM(F63:F65) -> 3976684.6 | G66: =SUM(G63:G65) -> 7331062.7 | H66: =SUM(H63:H65) -> 7148701.5 | I66: =SUM(I63:I65) -> 0 | J66: =SUM(J63:J65) -> 0
B68: GASTOS DE OPERACIÓN
A69: 111 | B69: ENERGIA ELECTRICA | C69: 106000 | D69: 108453.52 | E69: 106000 | F69: 106384.31 | G69: 106000 | H69: 106955.3
A70: 113 | B70: SERVICIO DE INTERNET Y TELEFONIA | C70: 11825 | D70: 8811.18 | E70: 11825 | F70: 14256.06 | G70: 11825 | H70: 0
A71: 122 | B71: IMPRESIÓN, ENCUADERNACION Y REPRODUCCION | C71: 0 | D71: 9914.5 | E71: 0 | F71: 43465 | G71: 0 | H71: 5691.25
A72: 163 | B72: MANT. Y REP. EQUIPO MEDICO SANITARIO Y DE LAB. | C72: 152397.83 | D72: 110746 | E72: 25132.32 | F72: 67830 | G72: 226362.97 | H72: 122800
A73: 169 | B73: MANT. Y REP. DE OTRAS MAQUINARAIS Y EQUIPOS | C73: 19032.3 | D73: 0 | E73: 0 | F73: 0 | G73: 1680 | H73: 3300
A74: 171 | B74: MANT. Y REPARACION DE EDIFICIOS | C74: 1260 | D74: 24000 | E74: 1260 | F74: 1300 | G74: 7770 | H74: 1300
A75: 174 | B75: MANT. Y REP. DE INSTALACIONES | C75: 28386.75 | D75: 5510 | E75: 4761.75 | F75: 4160 | G75: 4761.75 | H75: 4160
A76: 197 | B76: SERVICIOS DE VIGILANCIA | C76: 52000 | D76: 52000 | E76: 52000 | F76: 52000 | G76: 52000 | H76: 52000
A77: 199 | B77: OTROS SERVICIOS NO PERSONALES | C77: 61415.9 | D77: 40629.72 | E77: 51415.9 | F77: 62544.72 | G77: 96955.9 | H77: 71397.74
A78: 243 | B78: PRODUCTOS DE PAPEL O CARTON | C78: 77108.98 | D78: 0 | E78: 0 | F78: 0 | G78: 0 | H78: 0
A79: 261 | B79: ELEMENTOS Y COMPUESTOS QUIMICOS | C79: 23461.2 | D79: 88377.94 | E79: 0 | F79: 72500.4 | G79: 0 | H79: 65966.68
A80: 262 | B80: COMBUSTIBLES Y LUBRICANTES | C80: 0 | D80: 0 | E80: 0 | F80: 0 | G80: 0 | H80: 0
... A90: 323 | B90: EQUIPO MEDICO-SANITARIO Y DE LABORATORIO | C90: 0 | D90: 0 | E90: 4417467.8 | F90: 0 | G90: 4000000 | H90: 0
B91: TOTAL GASTOS DE OPERACIÓN | C91: =SUM(C69:C90) -> 2828722.6 | D91: =SUM(D69:D90) -> 1415750.8 | E91: =SUM(E69:E90) -> 33139324 | F91: =SUM(F69:F90) -> 1862268 | G91: =SUM(G69:G90) -> 4507355.6 | H91: =SUM(H69:H90) -> 2777077.4 | I91: =SUM(I69:I90) -> 0 | J91: =SUM(J69:J90) -> 0
B92: TOTAL GENERAL | C92: =+C91+C66 -> 6814303.9 | D92: =+D91+D66 -> 5390142.1 | E92: =+E91+E66 -> 37124905 | F92: =+F91+F66 -> 5838952.5 | G92: =+G91+G66 -> 11838418 | H92: =+H91+H66 -> 9925778.9 | I92: =+I91+I66 -> 0 | J92: =+J91+J66 -> 0
A110: =+A59 -> Programación y ejecucion del mes de julio por tipo de gasto, año 2025, (Expresado en Quetzales)
A111: No. | B111: CATEGORIA DE GASTO | C111: SEPTIEMBRE | E111: OCTUBRE | G111: NOVIEMBRE | I111: DICIEMBRE | K111: Total acumulado anual
C112: PROG. | D112: EJECUTADO | E112: PROG. | F112: EJECUTADO | G112: PROG. | H112: EJECUTADO | I112: PROG. | J112: EJECUTADO | K112: PROG. | L112: EJECUTADO
A113: 011 | B113: RECURSO HUMANO
B114: SUELOS Y SALARIOS | K114: =+I114+G114+E114+C114+I63+G63+E63+C63+I18+G18+E18+C18 -> 31244550 | L114: =+J114+H114+F114+D114+J63+H63+F63+D63+J18+H18+F18+D18 -> 24727130
B115: BONO 14 | K115: =+I115+G115+E115+C115+I64+G64+E64+C64+I19+G19+E19+C19 -> 0 | L115: =+J115+H115+F115+D115+J64+H64+F64+D64+J19+H19+F19+D19 -> 3208721.7
B116: CUOTA PATRONAL | K116: =+I116+G116+E116+C116+I65+G65+E65+C65+I20+G20+E20+C20 -> 0 | L116: =+J116+H116+F116+D116+J65+H65+F65+D65+J20+H20+F20+D20 -> 2786740.4
B117: TOTAL RECURSO HUMANO | C117: =SUM(C114:C116) -> 0 | D117: =SUM(D114:D116) -> 0 | E117: =SUM(E114:E116) -> 0 | F117: =SUM(F114:F116) -> 0 | G117: =SUM(G114:G116) -> 0 | H117: =SUM(H114:H116) -> 0 | I117: =SUM(I114:I116) -> 0 | J117: =SUM(J114:J116) -> 0 | ... L117: =SUM(L114:L116) -> 30722592
B119: GASTOS DE FUNCIONAMIENTO
A120: 111 | B120: ENERGIA ELECTRICA | K120: =+I120+G120+E120+C120+I69+G69+E69+C69+I24+G24+E24+C24 -> 636000 | L120: =+J120+H120+F120+D120+J69+H69+F69+D69+J24+H24+F24+D24 -> 525839.22
A121: 113 | B121: SERVICIO DE INTERNET Y TELEFONIA | K121: =+I121+G121+E121+C121+I70+G70+E70+C70+I25+G25+E25+C25 -> 70950 | L121: =+J121+H121+F121+D121+J70+H70+F70+D70+J25+H25+F25+D25 -> 49315.24
A122: 122 | B122: IMPRESIÓN, ENCUADERNACION Y REPRODUCCION | K122: =+I122+G122+E122+C122+I71+G71+E71+C71+I26+G26+E26+C26 -> 64244.05 | L122: =+J122+H122+F122+D122+J71+H71+F71+D71+J26+H26+F26+D26 -> 63225.25
A123: 163 | B123: MANT. Y REP. EQUIPO MEDICO SANITARIO Y DE LAB. | K123: =+I123+G123+E123+C123+I72+G72+E72+C72+I27+G27+E27+C27 -> 808232.86 | L123: =+J123+H123+F123+D123+J72+H72+F72+D72+J27+H27+F27+D27 -> 320717.5
A124: 169 | B124: MANT. Y REP. DE OTRAS MAQUINARIAS Y EQUIPOS | K124: =+I124+G124+E124+C124+I73+G73+E73+C73+I28+G28+E28+C28 -> 42392.3 | L124: =+J124+H124+F124+D124+J73+H73+F73+D73+J28+H28+F28+D28 -> 4900
A125: 171 | B125: MANT. Y REPARACION DE EDIFICIOS | K125: =+I125+G125+E125+C125+I74+G74+E74+C74+I29+G29+E29+C29 -> 69320 | L125: =+J125+H125+F125+D125+J74+H74+F74+D74+J29+H29+F29+D29 -> 27900
A126: 174 | B126: MANT. Y REP. DE INSTALACIONES | K126: =+I126+G126+E126+C126+I75+G75+E75+C75+I30+G30+E30+C30 -> 104122.25 | L126: =+J126+H126+F126+D126+J75+H75+F75+D75+J30+H30+F30+D30 -> 23610
A127: 197 | B127: SERVICIOS DE VIGILANCIA | K127: =+I127+G127+E127+C127+I76+G76+E76+C76+I31+G31+E31+C31 -> 312000 | L127: =+J127+H127+F127+D127+J76+H76+F76+D76+J31+H31+F31+D31 -> 260000
A128: 199 | B128: OTROS SERVICIOS NO PERSONALES | K128: =+I128+G128+E128+C128+I77+G77+E77+C77+I32+G32+E32+C32 -> 439845.4 | L128: =+J128+H128+F128+D128+J77+H77+F77+D77+J32+H32+F32+D32 -> 304571.27
A129: 243 | B129: PRODUCTOS DE PAPEL O CARTON | K129: =+I129+G129+E129+C129+I78+G78+E78+C78+I33+G33+E33+C33 -> 154711.24 | L129: =+J129+H129+F129+D129+J78+H78+F78+D78+J33+H33+F33+D33 -> 112506.6
A130: 261 | B130: ELEMENTOS Y COMPUESTOS QUIMICOS | K130: =+I130+G130+E130+C130+I79+G79+E79+C79+I34+G34+E34+C34 -> 836414.94 | L130: =+J130+H130+F130+D130+J79+H79+F79+D79+J34+H34+F34+D34 -> 403642.69
A131: 262 | B131: COMBUSTIBLES Y LUBRICANTES | K131: =+I131+G131+E131+C131+I80+G80+E80+C80+I35+G35+E35+C35 -> 17000 | L131: =+J131+H131+F131+D131+J80+H80+F80+D80+J35+H35+F35+D35 -> 13195
... A141: 323 | B141: EQUIPO MEDICO-SANITARIO Y DE LABORATORIO | K141: =+I141+G141+E141+C141+I90+G90+E90+C90+I45+G45+E45+C45 -> 8417467.8 | L141: =+J141+H141+F141+D141+J90+H90+F90+D90+J45+H45+F45+D45 -> 0
B142: TOTAL GASTOS DE FUNCIONAMIENTO | C142: =SUM(C120:C141) -> 0 | D142: =SUM(D120:D141) -> 0 | E142: =SUM(E120:E141) -> 0 | F142: =SUM(F120:F141) -> 0 | G142: =SUM(G120:G141) -> 0 | H142: =SUM(H120:H141) -> 0 | I142: =SUM(I120:I141) -> 0 | J142: =SUM(J120:J141) -> 0 | ... L142: =SUM(L120:L141) -> 9339020.1
B143: TOTAL GENERAL | C143: =+C142+C117 -> 0 | D143: =+D142+D117 -> 0 | E143: =+E142+E117 -> 0 | F143: =+F142+F117 -> 0 | G143: =+G142+G117 -> 0 | H143: =+H142+H117 -> 0 | I143: =+I142+I117 -> 0 | J143: =+J142+J117 -> 0 | ... L143: =+L142+L117 -> 40061613
B167: RESUMEN AÑO 2025
A168: No. | B168: CATEGORIA DE GASTO | C168: TOTAL ANUAL
C169: PRESUPUESTO | D169: REAL
A170: 011 | B170: RECURSO HUMANO | C170: =+K21+K66+K117 -> 31244550 | D170: =+L21+L66+L117 -> 30722592
B172: GASTOS DE OPERACIÓN
A173: 111 | B173: ENERGIA ELECTRICA | C173: =+K24+K69+K120 -> 636000 | D173: =+L24+L69+L120 -> 525839.22
A174: 113 | B174: TELEFONIA | C174: =+K25+K70+K121 -> 70950 | D174: =+L25+L70+L121 -> 49315.24
A175: 122 | B175: IMPRESIÓN, ENCUADERNACION Y REPRODUCCION | C175: =+K26+K71+K122 -> 64244.05 | D175: =+L26+L71+L122 -> 63225.25
A176: 163 | B176: MANT. Y REP. EQUIPO MEDICO SANITARIO Y DE LAB. | C176: =+K27+K72+K123 -> 808232.86 | D176: =+L27+L72+L123 -> 320717.5
A177: 169 | B177: MANT. Y REP. DE OTRAS MAQ. Y EQUIPO | C177: =+K28+K73+K124 -> 42392.3 | D177: =+L28+L73+L124 -> 4900
A178: 171 | B178: MANT. Y REPARACION DE EDIFICIOS | C178: =+K29+K74+K125 -> 69320 | D178: =+L29+L74+L125 -> 27900
A179: 174 | B179: MANT. Y REP. DE INSTALACIONES | C179: =+K30+K75+K126 -> 104122.25 | D179: =+L30+L75+L126 -> 23610
A180: 197 | B180: SERVICIOS DE VIGILANCIA | C180: =+K31+K76+K127 -> 312000 | D180: =+L31+L76+L127 -> 260000
A181: 199 | B181: OTROS SERVICIOS NO PERSONALES | C181: =+K32+K77+K128 -> 439845.4 | D181: =+L32+L77+L128 -> 304571.27
A182: 243 | B182: PRODUCTOS DE PAPEL O CARTON | C182: =+K33+K78+K129 -> 154711.24 | D182: =+L33+L78+L129 -> 112506.6
A183: 261 | B183: ELEMENTOS Y COMPUESTOS QUIMICOS | C183: =+K34+K79+K130 -> 836414.94 | D183: =+L34+L79+L130 -> 403642.69
A184: 262 | B184: COMBUSTIBLES Y LUBRICANTES | C184: =+K35+K80+K131 -> 17000 | D184: =+L35+L80+L131 -> 13195
... A194: 323 | B194: EQUIPO MEDICO SANITARIO Y DE LABORATORIO | C194: =+K45+K90+K141 -> 8417467.8 | D194: =+L45+L90+L141 -> 0
B195: TOTAL GASTOS DE FUNCIONAMIENTO | C195: =SUM(C173:C194) -> 46005967 | D195: =SUM(D173:D194) -> 9339020.1
B196: TOTAL GENERAL | C196: =+C195+C170 -> 77250518 | D196: =D195+D170 -> 40061613
B212: Elaborado por: | D212: ______________________________ | G212: Autorizado por: | I212: ___________________________________
D213: P.C. Víctor Cresencio Reyes Porres | I213: Lic. Douglas Antonio Díaz Rivera
D214: Jefe de Contabilidad | I214: Representante Legal
B216: Fecha: | D216: 8 de agosto 2025

Sheet AGOSTO DECE-5
B8: ÀREA FINANCIERA | K8: DECE-5
A10: UNIDAD DE CIRUGIA CARDIOVASCULAR DE GUATEMALA
A11: 5a. AVENIDA 6-22 ZONA 11
A12: dgunicar@yahoo.es Tel. 24163000
A14: Programación y ejecucion del mes de agosto por tipo de gasto, año 2025, (Expresado en Quetzales)
A15: No. | B15: CATEGORIA DEL GASTO DE FUNCIONAMIENTO | C15: Enero | E15: Febrero | G15: Marzo | I15: Abril
C16: PROG. | D16: EJECUTADO | E16: PROG. | F16: EJECUTADO | G16: PROG. | H16: EJECUTADO | I16: PROG. | J16: EJECUTADO
B17: RECURSO HUMANO
A18: 011 | B18: SUELOS Y SALARIOS | C18: 3985581.3 | D18: 3442190.4 | E18: 3985581.3 | F18: 3499181.9 | G18: 3985581.3 | H18: 3551627.3 | I18: 3985581.3 | J18: =3946986.7-399869.63 -> 3547117.1
B19: BONO 14 | C19: 0 | D19: 0 | E19: 0 | F19: 0 | I19: 0
B20: CUOTA PATRONAL | C20: 0 | D20: 387999.9 | E20: 0 | F20: 394552.58 | H20: 400276.26 | I20: 0 | J20: 399869.63
B21: TOTAL RECURSO HUMANO | C21: =SUM(C18:C20) -> 3985581.3 | D21: =SUM(D18:D20) -> 3830190.3 | E21: =SUM(E18:E20) -> 3985581.3 | F21: =SUM(F18:F20) -> 3893734.5 | G21: =SUM(G18:G20) -> 3985581.3 | H21: =SUM(H18:H20) -> 3951903.5 | I21: =SUM(I18:I20) -> 3985581.3 | J21: =SUM(J18:J20) -> 3946986.7
B23: GASTOS DE OPERACIÓN
A24: 111 | B24: ENERGIA ELECTRICA | C24: 0 | D24: 0 | E24: 106000 | F24: 96455.75 | G24: 106000 | H24: 0 | I24: 106000 | J24: 107590.34
A25: 113 | B25: SERVICIO DE INTERNET Y TELEFONIA | C25: 0 | D25: 0 | E25: 11825 | F25: 8643.16 | G25: 11825 | H25: 8638.1 | I25: 11825 | J25: 8966.74
A26: 122 | B26: IMPRESIÓN, ENCUADERNACION Y REPRODUCCION | C26: 0 | D26: 0 | E26: 64244.05 | F26: 0 | G26: 0 | H26: 0 | I26: 0 | J26: 4154.5
A27: 163 | B27: MANT. Y REP. EQUIPO MEDICO SANITARIO Y DE LAB. | C27: 100000 | D27: 0 | E27: 0 | F27: 0 | G27: 304339.74 | H27: 0 | I27: 0 | J27: 19341.5
A28: 169 | B28: MANT. Y REP. DE OTRAS MAQUINARIAS Y EQUIPOS | C28: 20000 | D28: 0 | E28: 0 | F28: 0 | G28: 1680 | H28: 0 | I28: 0 | J28: 1600
A29: 171 | B29: MANT. Y REPARACION DE EDIFICIOS | C29: 50000 | D29: 0 | E29: 0 | F29: 0 | G29: 7770 | H29: 0 | I29: 1260 | J29: 1300
A30: 174 | B30: MANT. Y REP. DE INSTALACIONES | C30: 53344.25 | D30: 0 | E30: 3344.25 | F30: 6520 | G30: 4761.75 | H30: 0 | I30: 4761.75 | J30: 3260
A31: 197 | B31: SERVICIOS DE VIGILANCIA | C31: 0 | D31: 0 | E31: 52000 | F31: 0 | G31: 52000 | H31: 52000 | I31: 52000 | J31: 52000
A32: 199 | B32: OTROS SERVICIOS NO PERSONALES | C32: 0 | D32: 0 | E32: 127225.9 | F32: 0 | G32: 51415.9 | H32: 43988.88 | I32: 51415.9 | J32: 86010.21
A33: 243 | B33: PRODUCTOS DE PAPEL O CARTON | C33: 0 | D33: 0 | E33: 77602.26 | F33: 0 | G33: 0 | H33: 112506.6 | I33: 0 | J33: 0
A34: 261 | B34: ELEMENTOS Y COMPUESTOS QUIMICOS | C34: 0 | D34: 0 | E34: 812953.74 | F34: 0 | G34: 0 | H34: 105279.68 | I34: 0 | J34: 71517.99
A35: 262 | B35: COMBUSTIBLES Y LUBRICANTES | C35: 17000 | D35: 0 | E35: 0 | F35: 13195 | G35: 0 | H35: 0 | I35: 0 | J35: 0
... A45: 323 | B45: EQUIPO MEDICO-SANITARIO Y DE LABORATORIO | C45: 0 | D45: 0 | E45: 0 | F45: 0 | G45: 0 | H45: 0 | I45: 0 | J45: 0
B46: TOTAL GASTOS DE OPERACIÓN | C46: =SUM(C24:C45) -> 1165344.2 | D46: =SUM(D24:D45) -> 0 | E46: =SUM(E24:E45) -> 3598165.6 | F46: =SUM(F24:F45) -> 136886.92 | G46: =SUM(G24:G45) -> 539792.39 | H46: =SUM(H24:H45) -> 1879182.5 | I46: =SUM(I24:I45) -> 227262.65 | J46: =SUM(J24:J45) -> 1267854.5
B47: TOTAL GENERAL | C47: =+C46+C21 -> 5150925.5 | D47: =+D46+D21 -> 3830190.3 | E47: =+E46+E21 -> 7583746.8 | F47: =+F46+F21 -> 4030621.4 | G47: =+G46+G21 -> 4525373.7 | H47: =+H46+H21 -> 5831086.1 | I47: =+I46+I21 -> 4212843.9 | J47: =+J46+J21 -> 5214841.2
A59: =+A14 -> Programación y ejecucion del mes de agosto por tipo de gasto, año 2025, (Expresado en Quetzales)
A60: No. | B60: =+B15 -> CATEGORIA DEL GASTO DE FUNCIONAMIENTO | C60: Mayo | E60: Junio | G60: Julio | I60: Agosto
C61: PROG. | D61: EJECUTADO | E61: PROG. | F61: EJECUTADO | G61: PROG. | H61: EJECUTADO | I61: PROG. | J61: EJECUTADO
A62: 011 | B62: RECURSO HUMANO
B63: SUELOS Y SALARIOS | C63: 3985581.3 | D63: 3571840.7 | E63: 3985581.3 | F63: 3574068.5 | G63: 7331062.7 | H63: 3541104.6 | I63: 3985581.3 | J63: 3577680.2
B64: BONO 14 | D64: 0 | H64: 3208721.7
B65: CUOTA PATRONAL | D65: 402550.66 | F65: 402616.11 | H65: 398875.22 | J65: 403148.83
B66: TOTAL RECURSO HUMANO | C66: =SUM(C63:C65) -> 3985581.3 | D66: =SUM(D63:D65) -> 3974391.3 | E66: =SUM(E63:E65) -> 3985581.3 | F66: =SUM(F63:F65) -> 3976684.6 | G66: =SUM(G63:G65) -> 7331062.7 | H66: =SUM(H63:H65) -> 7148701.5 | I66: =SUM(I63:I65) -> 3985581.3 | J66: =SUM(J63:J65) -> 3980829
B68: GASTOS DE OPERACIÓN
A69: 111 | B69: ENERGIA ELECTRICA | C69: 106000 | D69: 108453.52 | E69: 106000 | F69: 106384.31 | G69: 106000 | H69: 106955.3 | I69: 106000 | J69: 110648.44
A70: 113 | B70: SERVICIO DE INTERNET Y TELEFONIA | C70: 11825 | D70: 8811.18 | E70: 11825 | F70: 14256.06 | G70: 11825 | H70: 0 | I70: 11825 | J70: 14711.08
A71: 122 | B71: IMPRESIÓN, ENCUADERNACION Y REPRODUCCION | C71: 0 | D71: 9914.5 | E71: 0 | F71: 43465 | G71: 0 | H71: 5691.25 | I71: 0
A72: 163 | B72: MANT. Y REP. EQUIPO MEDICO SANITARIO Y DE LAB. | C72: 152397.83 | D72: 110746 | E72: 25132.32 | F72: 67830 | G72: 226362.97 | H72: 122800 | I72: 14175 | J72: 171867.56
A73: 169 | B73: MANT. Y REP. DE OTRAS MAQUINARAIS Y EQUIPOS | C73: 19032.3 | D73: 0 | E73: 0 | F73: 0 | G73: 1680 | H73: 3300 | I73: 0 | J73: 11850
A74: 171 | B74: MANT. Y REPARACION DE EDIFICIOS | C74: 1260 | D74: 24000 | E74: 1260 | F74: 1300 | G74: 7770 | H74: 1300 | I74: 1260 | J74: 1300
A75: 174 | B75: MANT. Y REP. DE INSTALACIONES | C75: 28386.75 | D75: 5510 | E75: 4761.75 | F75: 4160 | G75: 4761.75 | H75: 4160 | I75: 4761.75 | J75: 4610
A76: 197 | B76: SERVICIOS DE VIGILANCIA | C76: 52000 | D76: 52000 | E76: 52000 | F76: 52000 | G76: 52000 | H76: 52000 | I76: 52000 | J76: 52000
A77: 199 | B77: OTROS SERVICIOS NO PERSONALES | C77: 61415.9 | D77: 40629.72 | E77: 51415.9 | F77: 62544.72 | G77: 96955.9 | H77: 71397.74 | I77: 51415.9 | J77: 99192.18
A78: 243 | B78: PRODUCTOS DE PAPEL O CARTON | C78: 77108.98 | D78: 0 | E78: 0 | F78: 0 | G78: 0 | H78: 0 | I78: 0 | J78: 17428.32
A79: 261 | B79: ELEMENTOS Y COMPUESTOS QUIMICOS | C79: 23461.2 | D79: 88377.94 | E79: 0 | F79: 72500.4 | G79: 0 | H79: 65966.68 | I79: 0 | J79: 98478.34
A80: 262 | B80: COMBUSTIBLES Y LUBRICANTES | C80: 0 | D80: 0 | E80: 0 | F80: 0 | G80: 0 | H80: 0 | I80: 0
A81: 266 | B81: PRODUCTOS MEDICINALES Y FARMACEUTICOS | C81: 437663.32 | D81: 14800 | E81: 74088 | F81: 202835.43 | G81: 0 | H81: 62934.3 | I81: 0 | J81: 99077.07
A82: 267 | B82: TINTES, PINTURAS Y COLORANTES | C82: 0 | D82: 0 | E82: 0 | F82: 76513.82 | G82: 0 | H82: 45746 | I82: 0
A83: 268 | B83: PRODUCTOS PLASTICOS, NYLON, VINIL Y PVC | C83: 63856 | D83: 0 | E83: 0 | F83: 77035 | G83: 0 | H83: 48570 | I83: 0
A84: 269 | B84: OTROS PRODUCTOS QUIMICOS Y CONEXOS | C84: 0 | D84: 0 | E84: 0 | F84: 1350 | G84: 0 | H84: 0 | I84: 0
A85: 292 | B85: UTILES DE LIMPIEZA Y PRODUCTOS SANITARIOS | C85: 131264.51 | D85: 24432.5 | E85: 0 | F85: 27136 | G85: 0 | H85: 31500 | I85: 0 | J85: 50337.25
A86: 295 | B86: UTILES MENORES MEDICO QUIRURGICOS Y DE LAB. | C86: 1663050.8 | D86: 874041 | E86: 28395373 | F86: 1015310.5 | G86: 0 | H86: 2061173.6 | I86: 0 | J86: 4541279.2
A87: 297 | B87: UTILES, ACCESORIOS Y MATERIALES ELECTRICOS | C87: 0 | D87: 9975 | E87: 0 | F87: 0 | G87: 0 | H87: 7763.5 | I87: 0 | J87: 6372.1
A88: 298 | B88: ACCESORIOS Y REPUESTOS EN GENERAL | C88: 0 | D88: 7095 | E88: 0 | F88: 7240.25 | G88: 0 | H88: 73119 | I88: 0 | J88: 41210
A89: 299 | B89: OTROS MATERIALES Y SUMINISTROS | C89: 0 | D89: 36964.4 | E89: 0 | F89: 30406.5 | G89: 0 | H89: 12700 | I89: 0 | J89: 3525
A90: 323 | B90: EQUIPO MEDICO-SANITARIO Y DE LABORATORIO | C90: 0 | D90: 0 | E90: 4417467.8 | F90: 0 | G90: 4000000 | H90: 0 | I90: 7000000
B91: TOTAL GASTOS DE OPERACIÓN | C91: =SUM(C69:C90) -> 2828722.6 | D91: =SUM(D69:D90) -> 1415750.8 | E91: =SUM(E69:E90) -> 33139324 | F91: =SUM(F69:F90) -> 1862268 | G91: =SUM(G69:G90) -> 4507355.6 | H91: =SUM(H69:H90) -> 2777077.4 | I91: =SUM(I69:I90) -> 7241437.7 | J91: =SUM(J69:J90) -> 5323886.5
B92: TOTAL GENERAL | C92: =+C91+C66 -> 6814303.9 | D92: =+D91+D66 -> 5390142.1 | E92: =+E91+E66 -> 37124905 | F92: =+F91+F66 -> 5838952.5 | G92: =+G91+G66 -> 11838418 | H92: =+H91+H66 -> 9925778.9 | I92: =+I91+I66 -> 11227019 | J92: =+J91+J66 -> 9304715.6
A110: =+A59 -> Programación y ejecucion del mes de agosto por tipo de gasto, año 2025, (Expresado en Quetzales)
A111: No. | B111: CATEGORIA DE GASTO | C111: SEPTIEMBRE | E111: OCTUBRE | G111: NOVIEMBRE | I111: DICIEMBRE | K111: Total acumulado anual
C112: PROG. | D112: EJECUTADO | E112: PROG. | F112: EJECUTADO | G112: PROG. | H112: EJECUTADO | I112: PROG. | J112: EJECUTADO | K112: PROG. | L112: EJECUTADO
A113: 011 | B113: RECURSO HUMANO
B114: SUELOS Y SALARIOS | K114: =+I114+G114+E114+C114+I63+G63+E63+C63+I18+G18+E18+C18 -> 35230132 | L114: =+J114+H114+F114+D114+J63+H63+F63+D63+J18+H18+F18+D18 -> 28304811
B115: BONO 14 | K115: =+I115+G115+E115+C115+I64+G64+E64+C64+I19+G19+E19+C19 -> 0 | L115: =+J115+H115+F115+D115+J64+H64+F64+D64+J19+H19+F19+D19 -> 3208721.7
B116: CUOTA PATRONAL | K116: =+I116+G116+E116+C116+I65+G65+E65+C65+I20+G20+E20+C20 -> 0 | L116: =+J116+H116+F116+D116+J65+H65+F65+D65+J20+H20+F20+D20 -> 3189889.2
B117: TOTAL RECURSO HUMANO | C117: =SUM(C114:C116) -> 0 | D117: =SUM(D114:D116) -> 0 | E117: =SUM(E114:E116) -> 0 | F117: =SUM(F114:F116) -> 0 | G117: =SUM(G114:G116) -> 0 | H117: =SUM(H114:H116) -> 0 | I117: =SUM(I114:I116) -> 0 | J117: =SUM(J114:J116) -> 0 | ... L117: =SUM(L114:L116) -> 34703421
B119: GASTOS DE FUNCIONAMIENTO
A120: 111 | B120: ENERGIA ELECTRICA | K120: =+I120+G120+E120+C120+I69+G69+E69+C69+I24+G24+E24+C24 -> 742000 | L120: =+J120+H120+F120+D120+J69+H69+F69+D69+J24+H24+F24+D24 -> 636487.66
A121: 113 | B121: SERVICIO DE INTERNET Y TELEFONIA | K121: =+I121+G121+E121+C121+I70+G70+E70+C70+I25+G25+E25+C25 -> 82775 | L121: =+J121+H121+F121+D121+J70+H70+F70+D70+J25+H25+F25+D25 -> 64026.32
A122: 122 | B122: IMPRESIÓN, ENCUADERNACION Y REPRODUCCION | K122: =+I122+G122+E122+C122+I71+G71+E71+C71+I26+G26+E26+C26 -> 64244.05 | L122: =+J122+H122+F122+D122+J71+H71+F71+D71+J26+H26+F26+D26 -> 63225.25
A123: 163 | B123: MANT. Y REP. EQUIPO MEDICO SANITARIO Y DE LAB. | K123: =+I123+G123+E123+C123+I72+G72+E72+C72+I27+G27+E27+C27 -> 822407.86 | L123: =+J123+H123+F123+D123+J72+H72+F72+D72+J27+H27+F27+D27 -> 492585.06
A124: 169 | B124: MANT. Y REP. DE OTRAS MAQUINARIAS Y EQUIPOS | K124: =+I124+G124+E124+C124+I73+G73+E73+C73+I28+G28+E28+C28 -> 42392.3 | L124: =+J124+H124+F124+D124+J73+H73+F73+D73+J28+H28+F28+D28 -> 16750
A125: 171 | B125: MANT. Y REPARACION DE EDIFICIOS | K125: =+I125+G125+E125+C125+I74+G74+E74+C74+I29+G29+E29+C29 -> 70580 | L125: =+J125+H125+F125+D125+J74+H74+F74+D74+J29+H29+F29+D29 -> 29200
A126: 174 | B126: MANT. Y REP. DE INSTALACIONES | K126: =+I126+G126+E126+C126+I75+G75+E75+C75+I30+G30+E30+C30 -> 108884 | L126: =+J126+H126+F126+D126+J75+H75+F75+D75+J30+H30+F30+D30 -> 28220
A127: 197 | B127: SERVICIOS DE VIGILANCIA | K127: =+I127+G127+E127+C127+I76+G76+E76+C76+I31+G31+E31+C31 -> 364000 | L127: =+J127+H127+F127+D127+J76+H76+F76+D76+J31+H31+F31+D31 -> 312000
A128: 199 | B128: OTROS SERVICIOS NO PERSONALES | K128: =+I128+G128+E128+C128+I77+G77+E77+C77+I32+G32+E32+C32 -> 491261.3 | L128: =+J128+H128+F128+D128+J77+H77+F77+D77+J32+H32+F32+D32 -> 403763.45
A129: 243 | B129: PRODUCTOS DE PAPEL O CARTON | K129: =+I129+G129+E129+C129+I78+G78+E78+C78+I33+G33+E33+C33 -> 154711.24 | L129: =+J129+H129+F129+D129+J78+H78+F78+D78+J33+H33+F33+D33 -> 129934.92
A130: 261 | B130: ELEMENTOS Y COMPUESTOS QUIMICOS | K130: =+I130+G130+E130+C130+I79+G79+E79+C79+I34+G34+E34+C34 -> 836414.94 | L130: =+J130+H130+F130+D130+J79+H79+F79+D79+J34+H34+F34+D34 -> 502121.03
A131: 262 | B131: COMBUSTIBLES Y LUBRICANTES | K131: =+I131+G131+E131+C131+I80+G80+E80+C80+I35+G35+E35+C35 -> 17000 | L131: =+J131+H131+F131+D131+J80+H80+F80+D80+J35+H35+F35+D35 -> 13195
... A141: 323 | B141: EQUIPO MEDICO-SANITARIO Y DE LABORATORIO | K141: =+I141+G141+E141+C141+I90+G90+E90+C90+I45+G45+E45+C45 -> 15417468 | L141: =+J141+H141+F141+D141+J90+H90+F90+D90+J45+H45+F45+D45 -> 0
B142: TOTAL GASTOS DE FUNCIONAMIENTO | C142: =SUM(C120:C141) -> 0 | D142: =SUM(D120:D141) -> 0 | E142: =SUM(E120:E141) -> 0 | F142: =SUM(F120:F141) -> 0 | G142: =SUM(G120:G141) -> 0 | H142: =SUM(H120:H141) -> 0 | I142: =SUM(I120:I141) -> 0 | J142: =SUM(J120:J141) -> 0 | ... L142: =SUM(L120:L141) -> 14662907
B143: TOTAL GENERAL | C143: =+C142+C117 -> 0 | D143: =+D142+D117 -> 0 | E143: =+E142+E117 -> 0 | F143: =+F142+F117 -> 0 | G143: =+G142+G117 -> 0 | H143: =+H142+H117 -> 0 | I143: =+I142+I117 -> 0 | J143: =+J142+J117 -> 0 | ... L143: =+L142+L117 -> 49366328
B167: RESUMEN AÑO 2025
A168: No. | B168: CATEGORIA DE GASTO | C168: TOTAL ANUAL
C169: PRESUPUESTO | D169: REAL
A170: 011 | B170: RECURSO HUMANO | C170: =+K21+K66+K117 -> 35230132 | D170: =+L21+L66+L117 -> 34703421
B172: GASTOS DE OPERACIÓN
A173: 111 | B173: ENERGIA ELECTRICA | C173: =+K24+K69+K120 -> 742000 | D173: =+L24+L69+L120 -> 636487.66
A174: 113 | B174: TELEFONIA | C174: =+K25+K70+K121 -> 82775 | D174: =+L25+L70+L121 -> 64026.32
A175: 122 | B175: IMPRESIÓN, ENCUADERNACION Y REPRODUCCION | C175: =+K26+K71+K122 -> 64244.05 | D175: =+L26+L71+L122 -> 63225.25
A176: 163 | B176: MANT. Y REP. EQUIPO MEDICO SANITARIO Y DE LAB. | C176: =+K27+K72+K123 -> 822407.86 | D176: =+L27+L72+L123 -> 492585.06
A177: 169 | B177: MANT. Y REP. DE OTRAS MAQ. Y EQUIPO | C177: =+K28+K73+K124 -> 42392.3 | D177: =+L28+L73+L124 -> 16750
A178: 171 | B178: MANT. Y REPARACION DE EDIFICIOS | C178: =+K29+K74+K125 -> 70580 | D178: =+L29+L74+L125 -> 29200
A179: 174 | B179: MANT. Y REP. DE INSTALACIONES | C179: =+K30+K75+K126 -> 108884 | D179: =+L30+L75+L126 -> 28220
A180: 197 | B180: SERVICIOS DE VIGILANCIA | C180: =+K31+K76+K127 -> 364000 | D180: =+L31+L76+L127 -> 312000
A181: 199 | B181: OTROS SERVICIOS NO PERSONALES | C181: =+K32+K77+K128 -> 491261.3 | D181: =+L32+L77+L128 -> 403763.45
A182: 243 | B182: PRODUCTOS DE PAPEL O CARTON | C182: =+K33+K78+K129 -> 154711.24 | D182: =+L33+L78+L129 -> 129934.92
...

Sheet MAYO ANEXO A DECE-5
B8: ÀREA FINANCIERA | I8: ANEXO DE DECE-5
A10: UNIDAD DE CIRUGIA CARDIOVASCULAR DE GUATEMALA
A11: 5a. AVENIDA 6-22 ZONA 11
A12: dgunicar@yahoo.es Tel. 24163000
A14: Programación mensual por tipo de gasto año 2018, Expresado en Quetzales primer cuatrimestre 2018
A15: No. | B15: CATEGORIA DE GASTO | C15: ENERO | E15: FEBRERO | G15: MARZO | I15: ABRIL
C16: PRESUPUESTO | D16: REAL | E16: PRESUPUESTO | F16: REAL | G16: PRESUPUESTO | H16: REAL | I16: PRESUPUESTO | J16: REAL
B17: RECURSO HUMANO | C17: 1764858.4 | D17: 1492317.4 | E17: 1764858.4 | F17: 1792563.6 | G17: 1764858.4 | H17: 1578007.9 | I17: 1764858.4 | J17: 1803793.6
B19: GASTOS DE FUNCIONAMIENTO | C19: =+C27+C43 -> 2818474.9 | D19: =+D27+D43 -> 0 | E19: =+E27+E43 -> 2818474.9 | F19: =+F27+F43 -> 67111.02 | G19: =+G27+G43 -> 2818474.9 | H19: =+H27+H43 -> 58543.64 | I19: =+I27+I43 -> 2818474.9 | J19: =+J27+J43 -> 3743927.3
B20: ENERGIA ELECTRICA | C20: 62500 | E20: 62500 | F20: 56112.02 | G20: 62500 | I20: 62500 | J20: 68083.01
B21: TELEFONIA | C21: 7500 | E21: 7500 | F21: 10999 | G21: 7500 | H21: 11011 | I21: 7500 | J21: 10992
B22: IMPRESIÓN, ENCUADERNACION Y REPRODUCCION | C22: 8133.97 | E22: 8133.97 | G22: 8133.97 | I22: 8133.97 | J22: 4358
B23: MANT. Y REP. EQUIPO MEDICO SANITARIO Y DE LAB. | C23: 33333.33 | E23: 33333.33 | G23: 33333.33 | I23: 33333.33 | J23: 45020
B24: SERVICIOS MEDICO-SANITARIOS | C24: 165141.75 | E24: 165141.75 | G24: 165141.75 | H24: 1000 | I24: 165141.75 | J24: 26842.86
B25: SERVICIOS DE VIGILANCIA | C25: 40000 | E25: 40000 | G25: 40000 | I25: 40000 | J25: 76240
B26: OTROS SERVICIOS NO PERSONALES | C26: 26305.03 | E26: 26305.03 | G26: 26305.03 | H26: 46532.64 | I26: 26305.03 | J26: 55063.68
B27: SUMA GASTOS GENERALES | C27: =SUM(C20:C26) -> 342914.08 | D27: =SUM(D20:D26) -> 0 | E27: =SUM(E20:E26) -> 342914.08 | F27: =SUM(F20:F26) -> 67111.02 | G27: =SUM(G20:G26) -> 342914.08 | H27: =SUM(H20:H26) -> 58543.64 | I27: =SUM(I20:I26) -> 342914.08 | J27: =SUM(J20:J26) -> 286599.55
B28: MATERIALES Y SUMINISTROS
B29: ALIMENTOS PARA PERSONAS | C29: 60936.45 | E29: 60936.45 | G29: 60936.45 | I29: 60936.45 | J29: 202940.25
B30: ACABADOS TEXTILES | C30: 600 | E30: 600 | G30: 600 | I30: 600
B31: PRODUCTOS DE PAPEL O CARTON | C31: 945.42 | E31: 945.42 | G31: 945.42 | I31: 945.42
B32: ELEMENTOS Y COMPUESTOS QUIMICOS | C32: 169652.57 | E32: 169652.57 | G32: 169652.57 | I32: 169652.57 | J32: 178282.05
B33: COMBUSTIBLES Y LUBRICANTES | C33: 912 | E33: 912 | G33: 912 | I33: 912
B34: PRODUCTOS MEDICINALES Y FARMACEUTICOS | C34: 427229.65 | E34: 427229.65 | G34: 427229.65 | I34: 427229.65 | J34: 1425199.8
B35: TINTES, PINTURAS Y COLORANTES | C35: 100 | E35: 100 | G35: 100 | I35: 100
B36: PRODUCTOS PLASTICOS, NYLON, VINIL Y PVC | C36: 13579.7 | E36: 13579.7 | G36: 13579.7 | I36: 13579.7 | J36: 75162.24
B37: OTROS PRODUCTOS METALICOS | C37: 310 | E37: 310 | G37: 310 | I37: 310
B38: UTILES DE LIMPIEZA Y PRODUCTOS SANITARIOS | C38: 10809.43 | E38: 10809.43 | G38: 10809.43 | I38: 10809.43 | J38: 14528.6
B39: UTILES MENORES MEDICO QUIRURGICOS Y DE LAB. | C39: 1780006.3 | E39: 1780006.3 | G39: 1780006.3 | I39: 1780006.3 | J39: 1545914.8
B40: UTILES, ACCESORIOS Y MATERIALES ELECTRICOS | C40: 2208.7 | E40: 2208.7 | G40: 2208.7 | I40: 2208.7 | J40: 15300
B41: ACCESORIOS Y REPUESTOS EN GENERAL | C41: 8105.1 | E41: 8105.1 | G41: 8105.1 | I41: 8105.1
B42: OTROS MATERIALES Y SUMINISTROS | C42: 165.5 | E42: 165.5 | G42: 165.5 | I42: 165.5
B43: TOTAL MATERIALES Y SUMINISTROS | C43: =SUM(C29:C42) -> 2475560.8 | D43: =SUM(D29:D42) -> 0 | E43: =SUM(E29:E42) -> 2475560.8 | F43: =SUM(F29:F42) -> 0 | G43: =SUM(G29:G42) -> 2475560.8 | H43: =SUM(H29:H42) -> 0 | I43: =SUM(I29:I42) -> 2475560.8 | J43: =SUM(J29:J42) -> 3457327.8
A46: Programación mensual por tipo de gasto año 2016, Expresado en Quetzales
A47: No. | B47: Categoría de Gasto | C47: Julio | E47: Agosto | G47: Septiembre
B48: Recurso Humano | C48: Pto. | D48: Real | E48: Pto. | F48: Real | G48: Pto. | H48: Real
B51: Gastos de Funcionamiento
B52: detallar cada gasto cargado
A60: TOTALES
A73: Programación mensual por tipo de gasto año 2018, Expresado en Quetzales segundo cuatrimestre 2018
A74: No. | B74: CATEGORIA DE GASTO | C74: MAYO | E74: JUNIO | G74: JULIO | I74: AGOSTO
C75: PRESUPUESTO | D75: REAL | E75: PRESUPUESTO | F75: REAL | G75: PRESUPUESTO | H75: REAL | I75: PRESUPUESTO | J75: REAL
B76: RECURSO HUMANO | C76: 1764858.4 | D76: 2281196.2 | E76: 1764858.4 | F76: 1896496.9
B78: GASTOS DE FUNCIONAMIENTO | C78: =+C86+C102 -> 2818474.9 | D78: =+D86+D102 -> 3820610.3 | E78: =+E86+E102 -> 2818474.9 | F78: =+F86+F102 -> 2361172.2 | G78: =+G86+G102 -> 0 | H78: =+H86+H102 -> 0 | I78: =+I86+I102 -> 0 | J78: =+J86+J102 -> 0
B79: ENERGIA ELECTRICA | C79: 62500 | D79: 138609.61 | E79: 62500
B80: TELEFONIA | C80: 7500 | D80: 9818.25 | E80: 7500 | F80: 9560.36
B81: IMPRESIÓN, ENCUADERNACION Y REPRODUCCION | C81: 8133.97 | E81: 8133.97 | F81: 39787
B82: MANT. Y REP. EQUIPO MEDICO SANITARIO Y DE LAB. | C82: 33333.33 | D82: 19161.8 | E82: 33333.33
B83: SERVICIOS MEDICO-SANITARIOS | C83: 165141.75 | D83: 4057.14 | E83: 165141.75 | F83: 184282.78
B84: SERVICIOS DE VIGILANCIA | C84: 40000 | D84: 38120 | E84: 40000 | F84: 38120
B85: OTROS SERVICIOS NO PERSONALES | C85: 26305.03 | D85: 48548.64 | E85: 26305.03 | F85: 44604
B86: SUMA GASTOS GENERALES | C86: =SUM(C79:C85) -> 342914.08 | D86: =SUM(D79:D85) -> 258315.44 | E86: =SUM(E79:E85) -> 342914.08 | F86: =SUM(F79:F85) -> 316354.14 | G86: =SUM(G79:G85) -> 0 | H86: =SUM(H79:H85) -> 0 | I86: =SUM(I79:I85) -> 0 | J86: =SUM(J79:J85) -> 0
B87: MATERIALES Y SUMINISTROS
B88: ALIMENTOS PARA PERSONAS | C88: 60936.45 | D88: 1023 | E88: 60936.45 | F88: 58023.7
B89: ACABADOS TEXTILES | C89: 600 | E89: 600
B90: PRODUCTOS DE PAPEL O CARTON | C90: 945.42 | E90: 945.42
B91: ELEMENTOS Y COMPUESTOS QUIMICOS | C91: 169652.57 | D91: 181188.84 | E91: 169652.57 | F91: 66957.58
B92: COMBUSTIBLES Y LUBRICANTES | C92: 912 | E92: 912
B93: PRODUCTOS MEDICINALES Y FARMACEUTICOS | C93: 427229.65 | D93: 535053.33 | E93: 427229.65 | F93: 261536.69
B94: TINTES, PINTURAS Y COLORANTES | C94: 100 | E94: 100
B95: PRODUCTOS PLASTICOS, NYLON, VINIL Y PVC | C95: 13579.7 | D95: 6224.76 | E95: 13579.7 | F95: 6630
B96: OTROS PRODUCTOS METALICOS | C96: 310 | D96: 3610 | E96: 310
B97: UTILES DE LIMPIEZA Y PRODUCTOS SANITARIOS | C97: 10809.43 | D97: 39404.76 | E97: 10809.43 | F97: 23463
B98: UTILES MENORES MEDICO QUIRURGICOS Y DE LAB. | C98: 1780006.3 | D98: 2752150.2 | E98: 1780006.3 | F98: 1617110.1
B99: UTILES, ACCESORIOS Y MATERIALES ELECTRICOS | C99: 2208.7 | E99: 2208.7 | F99: 11097
B100: ACCESORIOS Y REPUESTOS EN GENERAL | C100: 8105.1 | D100: 43640 | E100: 8105.1
B101: OTROS MATERIALES Y SUMINISTROS | C101: 165.5 | E101: 165.5
B102: TOTAL MATERIALES Y SUMINISTROS | C102: =SUM(C88:C101) -> 2475560.8 | D102: =SUM(D88:D101) -> 3562294.9 | E102: =SUM(E88:E101) -> 2475560.8 | F102: =SUM(F88:F101) -> 2044818 | G102: =SUM(G88:G101) -> 0 | H102: =SUM(H88:H101) -> 0 | I102: =SUM(I88:I101) -> 0 | J102: =SUM(J88:J101) -> 0
A123: Programación mensual por tipo de gasto año 2017, Expresado en Quetzales tercer cuatrimestre 2018
A124: No. | B124: CATEGORIA DE GASTO | C124: SEPTIEMBRE | E124: OCTUBRE | G124: NOVIEMBRE | I124: DICIEMBRE
C125: PRESUPUESTO | D125: REAL | E125: PRESUPUESTO | F125: REAL | G125: PRESUPUESTO | H125: REAL | I125: PRESUPUESTO | J125: REAL
B126: RECURSO HUMANO
B128: GASTOS DE FUNCIONAMIENTO | C128: =+C136+C152 -> 0 | D128: =+D136+D152 -> 0 | E128: =+E136+E152 -> 0 | F128: =+F136+F152 -> 0 | G128: =+G136+G152 -> 0 | H128: =+H136+H152 -> 0 | I128: =+I136+I152 -> 0 | J128: =+J136+J152 -> 0
B129: ENERGIA ELECTRICA
B130: TELEFONIA
B131: IMPRESIÓN, ENCUADERNACION Y REPRODUCCION
B132: MANT. Y REP. EQUIPO MEDICO SANITARIO Y DE LAB.
B133: SERVICIOS MEDICO-SANITARIOS
B134: SERVICIOS DE VIGILANCIA
B135: OTROS SERVICIOS NO PERSONALES
B136: SUMA GASTOS GENERALES | C136: =SUM(C129:C135) -> 0 | D136: =SUM(D129:D135) -> 0 | E136: =SUM(E129:E135) -> 0 | F136: =SUM(F129:F135) -> 0 | G136: =SUM(G129:G135) -> 0 | H136: =SUM(H129:H135) -> 0 | I136: =SUM(I129:I135) -> 0 | J136: =SUM(J129:J135) -> 0
B137: MATERIALES Y SUMINISTROS
B138: ALIMENTOS PARA PERSONAS
B139: AVABADOS TEXTILES
B140: PRODUCTOS DE PAPEL O CARTON
B141: ELEMENTOS Y COMPUESTOS QUIMICOS
B142: COMBUSTIBLES Y LUBRICANTES
B143: PRODUCTOS MEDICINALES Y FARMACEUTICOS
B144: TINTES, PINTURAS Y COLORANTES
B145: PRODUCTOS PLASTICOS, NYLON, VINIL Y PVC
B146: OTROS PRODUCTOS METALICOS
B147: UTILES DE LIMPIEZA Y PRODUCTOS SANITARIOS
B148: UTILES MENORES MEDICO QUIRURGICOS Y DE LAB.
... B151: OTROS MATERIALES Y SUMINISTROS
B152: TOTAL MATERIALES Y SUMINISTROS | C152: =SUM(C138:C151) -> 0 | D152: =SUM(D138:D151) -> 0 | E152: =SUM(E138:E151) -> 0 | F152: =SUM(F138:F151) -> 0 | G152: =SUM(G138:G151) -> 0 | H152: =SUM(H138:H151) -> 0 | I152: =SUM(I138:I151) -> 0 | J152: =SUM(J138:J151) -> 0
C177: PROGRAMACION POR TIPO DE GASTO AÑO 2025
C178: RESUMEN AL 31 DE MAYO 2025
C179: No. | D179: CATEGORIA DEL GASTO DE FUNCIONAMIENTO | E179: TOTAL ANUAL
E180: PRESUPUESTO | F180: COMPROMETIDO
C181: 011 | D181: RECURSO HUMANO | E181: =+#REF! -> #REF! | F181: =+#REF! -> #REF!
...

Sheet JUNIO ANEXO A DECE-5
B8: ÀREA FINANCIERA | I8: ANEXO DE DECE-5
A10: UNIDAD DE CIRUGIA CARDIOVASCULAR DE GUATEMALA
A11: 5a. AVENIDA 6-22 ZONA 11
A12: dgunicar@yahoo.es Tel. 24163000
A14: Programación mensual por tipo de gasto año 2018, Expresado en Quetzales primer cuatrimestre 2018
A15: No. | B15: CATEGORIA DE GASTO | C15: ENERO | E15: FEBRERO | G15: MARZO | I15: ABRIL
C16: PRESUPUESTO | D16: REAL | E16: PRESUPUESTO | F16: REAL | G16: PRESUPUESTO | H16: REAL | I16: PRESUPUESTO | J16: REAL
B17: RECURSO HUMANO | C17: 1764858.4 | D17: 1492317.4 | E17: 1764858.4 | F17: 1792563.6 | G17: 1764858.4 | H17: 1578007.9 | I17: 1764858.4 | J17: 1803793.6
B19: GASTOS DE FUNCIONAMIENTO | C19: =+C27+C43 -> 2818474.9 | D19: =+D27+D43 -> 0 | E19: =+E27+E43 -> 2818474.9 | F19: =+F27+F43 -> 67111.02 | G19: =+G27+G43 -> 2818474.9 | H19: =+H27+H43 -> 58543.64 | I19: =+I27+I43 -> 2818474.9 | J19: =+J27+J43 -> 3743927.3
B20: ENERGIA ELECTRICA | C20: 62500 | E20: 62500 | F20: 56112.02 | G20: 62500 | I20: 62500 | J20: 68083.01
B21: TELEFONIA | C21: 7500 | E21: 7500 | F21: 10999 | G21: 7500 | H21: 11011 | I21: 7500 | J21: 10992
B22: IMPRESIÓN, ENCUADERNACION Y REPRODUCCION | C22: 8133.97 | E22: 8133.97 | G22: 8133.97 | I22: 8133.97 | J22: 4358
B23: MANT. Y REP. EQUIPO MEDICO SANITARIO Y DE LAB. | C23: 33333.33 | E23: 33333.33 | G23: 33333.33 | I23: 33333.33 | J23: 45020
B24: SERVICIOS MEDICO-SANITARIOS | C24: 165141.75 | E24: 165141.75 | G24: 165141.75 | H24: 1000 | I24: 165141.75 | J24: 26842.86
B25: SERVICIOS DE VIGILANCIA | C25: 40000 | E25: 40000 | G25: 40000 | I25: 40000 | J25: 76240
B26: OTROS SERVICIOS NO PERSONALES | C26: 26305.03 | E26: 26305.03 | G26: 26305.03 | H26: 46532.64 | I26: 26305.03 | J26: 55063.68
B27: SUMA GASTOS GENERALES | C27: =SUM(C20:C26) -> 342914.08 | D27: =SUM(D20:D26) -> 0 | E27: =SUM(E20:E26) -> 342914.08 | F27: =SUM(F20:F26) -> 67111.02 | G27: =SUM(G20:G26) -> 342914.08 | H27: =SUM(H20:H26) -> 58543.64 | I27: =SUM(I20:I26) -> 342914.08 | J27: =SUM(J20:J26) -> 286599.55
B28: MATERIALES Y SUMINISTROS
B29: ALIMENTOS PARA PERSONAS | C29: 60936.45 | E29: 60936.45 | G29: 60936.45 | I29: 60936.45 | J29: 202940.25
B30: ACABADOS TEXTILES | C30: 600 | E30: 600 | G30: 600 | I30: 600
B31: PRODUCTOS DE PAPEL O CARTON | C31: 945.42 | E31: 945.42 | G31: 945.42 | I31: 945.42
B32: ELEMENTOS Y COMPUESTOS QUIMICOS | C32: 169652.57 | E32: 169652.57 | G32: 169652.57 | I32: 169652.57 | J32: 178282.05
B33: COMBUSTIBLES Y LUBRICANTES | C33: 912 | E33: 912 | G33: 912 | I33: 912
B34: PRODUCTOS MEDICINALES Y FARMACEUTICOS | C34: 427229.65 | E34: 427229.65 | G34: 427229.65 | I34: 427229.65 | J34: 1425199.8
B35: TINTES, PINTURAS Y COLORANTES | C35: 100 | E35: 100 | G35: 100 | I35: 100
B36: PRODUCTOS PLASTICOS, NYLON, VINIL Y PVC | C36: 13579.7 | E36: 13579.7 | G36: 13579.7 | I36: 13579.7 | J36: 75162.24
B37: OTROS PRODUCTOS METALICOS | C37: 310 | E37: 310 | G37: 310 | I37: 310
B38: UTILES DE LIMPIEZA Y PRODUCTOS SANITARIOS | C38: 10809.43 | E38: 10809.43 | G38: 10809.43 | I38: 10809.43 | J38: 14528.6
B39: UTILES MENORES MEDICO QUIRURGICOS Y DE LAB. | C39: 1780006.3 | E39: 1780006.3 | G39: 1780006.3 | I39: 1780006.3 | J39: 1545914.8
B40: UTILES, ACCESORIOS Y MATERIALES ELECTRICOS | C40: 2208.7 | E40: 2208.7 | G40: 2208.7 | I40: 2208.7 | J40: 15300
B41: ACCESORIOS Y REPUESTOS EN GENERAL | C41: 8105.1 | E41: 8105.1 | G41: 8105.1 | I41: 8105.1
B42: OTROS MATERIALES Y SUMINISTROS | C42: 165.5 | E42: 165.5 | G42: 165.5 | I42: 165.5
B43: TOTAL MATERIALES Y SUMINISTROS | C43: =SUM(C29:C42) -> 2475560.8 | D43: =SUM(D29:D42) -> 0 | E43: =SUM(E29:E42) -> 2475560.8 | F43: =SUM(F29:F42) -> 0 | G43: =SUM(G29:G42) -> 2475560.8 | H43: =SUM(H29:H42) -> 0 | I43: =SUM(I29:I42) -> 2475560.8 | J43: =SUM(J29:J42) -> 3457327.8
A46: Programación mensual por tipo de gasto año 2016, Expresado en Quetzales
A47: No. | B47: Categoría de Gasto | C47: Julio | E47: Agosto | G47: Septiembre
B48: Recurso Humano | C48: Pto. | D48: Real | E48: Pto. | F48: Real | G48: Pto. | H48: Real
B51: Gastos de Funcionamiento
B52: detallar cada gasto cargado
A60: TOTALES
A73: Programación mensual por tipo de gasto año 2018, Expresado en Quetzales segundo cuatrimestre 2018
A74: No. | B74: CATEGORIA DE GASTO | C74: MAYO | E74: JUNIO | G74: JULIO | I74: AGOSTO
C75: PRESUPUESTO | D75: REAL | E75: PRESUPUESTO | F75: REAL | G75: PRESUPUESTO | H75: REAL | I75: PRESUPUESTO | J75: REAL
B76: RECURSO HUMANO | C76: 1764858.4 | D76: 2281196.2 | E76: 1764858.4 | F76: 1896496.9
B78: GASTOS DE FUNCIONAMIENTO | C78: =+C86+C102 -> 2818474.9 | D78: =+D86+D102 -> 3820610.3 | E78: =+E86+E102 -> 2818474.9 | F78: =+F86+F102 -> 2361172.2 | G78: =+G86+G102 -> 0 | H78: =+H86+H102 -> 0 | I78: =+I86+I102 -> 0 | J78: =+J86+J102 -> 0
B79: ENERGIA ELECTRICA | C79: 62500 | D79: 138609.61 | E79: 62500
B80: TELEFONIA | C80: 7500 | D80: 9818.25 | E80: 7500 | F80: 9560.36
B81: IMPRESIÓN, ENCUADERNACION Y REPRODUCCION | C81: 8133.97 | E81: 8133.97 | F81: 39787
B82: MANT. Y REP. EQUIPO MEDICO SANITARIO Y DE LAB. | C82: 33333.33 | D82: 19161.8 | E82: 33333.33
B83: SERVICIOS MEDICO-SANITARIOS | C83: 165141.75 | D83: 4057.14 | E83: 165141.75 | F83: 184282.78
B84: SERVICIOS DE VIGILANCIA | C84: 40000 | D84: 38120 | E84: 40000 | F84: 38120
B85: OTROS SERVICIOS NO PERSONALES | C85: 26305.03 | D85: 48548.64 | E85: 26305.03 | F85: 44604
B86: SUMA GASTOS GENERALES | C86: =SUM(C79:C85) -> 342914.08 | D86: =SUM(D79:D85) -> 258315.44 | E86: =SUM(E79:E85) -> 342914.08 | F86: =SUM(F79:F85) -> 316354.14 | G86: =SUM(G79:G85) -> 0 | H86: =SUM(H79:H85) -> 0 | I86: =SUM(I79:I85) -> 0 | J86: =SUM(J79:J85) -> 0
B87: MATERIALES Y SUMINISTROS
B88: ALIMENTOS PARA PERSONAS | C88: 60936.45 | D88: 1023 | E88: 60936.45 | F88: 58023.7
B89: ACABADOS TEXTILES | C89: 600 | E89: 600
B90: PRODUCTOS DE PAPEL O CARTON | C90: 945.42 | E90: 945.42
B91: ELEMENTOS Y COMPUESTOS QUIMICOS | C91: 169652.57 | D91: 181188.84 | E91: 169652.57 | F91: 66957.58
B92: COMBUSTIBLES Y LUBRICANTES | C92: 912 | E92: 912
B93: PRODUCTOS MEDICINALES Y FARMACEUTICOS | C93: 427229.65 | D93: 535053.33 | E93: 427229.65 | F93: 261536.69
B94: TINTES, PINTURAS Y COLORANTES | C94: 100 | E94: 100
B95: PRODUCTOS PLASTICOS, NYLON, VINIL Y PVC | C95: 13579.7 | D95: 6224.76 | E95: 13579.7 | F95: 6630
B96: OTROS PRODUCTOS METALICOS | C96: 310 | D96: 3610 | E96: 310
B97: UTILES DE LIMPIEZA Y PRODUCTOS SANITARIOS | C97: 10809.43 | D97: 39404.76 | E97: 10809.43 | F97: 23463
B98: UTILES MENORES MEDICO QUIRURGICOS Y DE LAB. | C98: 1780006.3 | D98: 2752150.2 | E98: 1780006.3 | F98: 1617110.1
B99: UTILES, ACCESORIOS Y MATERIALES ELECTRICOS | C99: 2208.7 | E99: 2208.7 | F99: 11097
B100: ACCESORIOS Y REPUESTOS EN GENERAL | C100: 8105.1 | D100: 43640 | E100: 8105.1
B101: OTROS MATERIALES Y SUMINISTROS | C101: 165.5 | E101: 165.5
B102: TOTAL MATERIALES Y SUMINISTROS | C102: =SUM(C88:C101) -> 2475560.8 | D102: =SUM(D88:D101) -> 3562294.9 | E102: =SUM(E88:E101) -> 2475560.8 | F102: =SUM(F88:F101) -> 2044818 | G102: =SUM(G88:G101) -> 0 | H102: =SUM(H88:H101) -> 0 | I102: =SUM(I88:I101) -> 0 | J102: =SUM(J88:J101) -> 0
A123: Programación mensual por tipo de gasto año 2017, Expresado en Quetzales tercer cuatrimestre 2018
A124: No. | B124: CATEGORIA DE GASTO | C124: SEPTIEMBRE | E124: OCTUBRE | G124: NOVIEMBRE | I124: DICIEMBRE
C125: PRESUPUESTO | D125: REAL | E125: PRESUPUESTO | F125: REAL | G125: PRESUPUESTO | H125: REAL | I125: PRESUPUESTO | J125: REAL
B126: RECURSO HUMANO
B128: GASTOS DE FUNCIONAMIENTO | C128: =+C136+C152 -> 0 | D128: =+D136+D152 -> 0 | E128: =+E136+E152 -> 0 | F128: =+F136+F152 -> 0 | G128: =+G136+G152 -> 0 | H128: =+H136+H152 -> 0 | I128: =+I136+I152 -> 0 | J128: =+J136+J152 -> 0
B129: ENERGIA ELECTRICA
B130: TELEFONIA
B131: IMPRESIÓN, ENCUADERNACION Y REPRODUCCION
B132: MANT. Y REP. EQUIPO MEDICO SANITARIO Y DE LAB.
B133: SERVICIOS MEDICO-SANITARIOS
B134: SERVICIOS DE VIGILANCIA
B135: OTROS SERVICIOS NO PERSONALES
B136: SUMA GASTOS GENERALES | C136: =SUM(C129:C135) -> 0 | D136: =SUM(D129:D135) -> 0 | E136: =SUM(E129:E135) -> 0 | F136: =SUM(F129:F135) -> 0 | G136: =SUM(G129:G135) -> 0 | H136: =SUM(H129:H135) -> 0 | I136: =SUM(I129:I135) -> 0 | J136: =SUM(J129:J135) -> 0
B137: MATERIALES Y SUMINISTROS
B138: ALIMENTOS PARA PERSONAS
B139: AVABADOS TEXTILES
B140: PRODUCTOS DE PAPEL O CARTON
B141: ELEMENTOS Y COMPUESTOS QUIMICOS
B142: COMBUSTIBLES Y LUBRICANTES
B143: PRODUCTOS MEDICINALES Y FARMACEUTICOS
B144: TINTES, PINTURAS Y COLORANTES
B145: PRODUCTOS PLASTICOS, NYLON, VINIL Y PVC
B146: OTROS PRODUCTOS METALICOS
B147: UTILES DE LIMPIEZA Y PRODUCTOS SANITARIOS
B148: UTILES MENORES MEDICO QUIRURGICOS Y DE LAB.
... B151: OTROS MATERIALES Y SUMINISTROS
B152: TOTAL MATERIALES Y SUMINISTROS | C152: =SUM(C138:C151) -> 0 | D152: =SUM(D138:D151) -> 0 | E152: =SUM(E138:E151) -> 0 | F152: =SUM(F138:F151) -> 0 | G152: =SUM(G138:G151) -> 0 | H152: =SUM(H138:H151) -> 0 | I152: =SUM(I138:I151) -> 0 | J152: =SUM(J138:J151) -> 0
C177: PROGRAMACION POR TIPO DE GASTO AÑO 2025
C178: RESUMEN AL 30 DE JUNIO 2025
C179: No. | D179: CATEGORIA DEL GASTO DE FUNCIONAMIENTO | E179: TOTAL ANUAL
E180: PRESUPUESTO | F180: COMPROMETIDO
C181: 011 | D181: RECURSO HUMANO | E181: =+'JUNIO DECE-5'!K117 -> 23913488 | F181: =+'JUNIO DECE-5'!L117 -> 23573891
...

Sheet JULIO ANEXO A DECE-5
B8: ÀREA FINANCIERA | I8: ANEXO DE DECE-5
A10: UNIDAD DE CIRUGIA CARDIOVASCULAR DE GUATEMALA
A11: 5a. AVENIDA 6-22 ZONA 11
A12: dgunicar@yahoo.es Tel. 24163000
A14: Programación mensual por tipo de gasto año 2018, Expresado en Quetzales primer cuatrimestre 2018
A15: No. | B15: CATEGORIA DE GASTO | C15: ENERO | E15: FEBRERO | G15: MARZO | I15: ABRIL
C16: PRESUPUESTO | D16: REAL | E16: PRESUPUESTO | F16: REAL | G16: PRESUPUESTO | H16: REAL | I16: PRESUPUESTO | J16: REAL
B17: RECURSO HUMANO | C17: 1764858.4 | D17: 1492317.4 | E17: 1764858.4 | F17: 1792563.6 | G17: 1764858.4 | H17: 1578007.9 | I17: 1764858.4 | J17: 1803793.6
B19: GASTOS DE FUNCIONAMIENTO | C19: =+C27+C43 -> 2818474.9 | D19: =+D27+D43 -> 0 | E19: =+E27+E43 -> 2818474.9 | F19: =+F27+F43 -> 67111.02 | G19: =+G27+G43 -> 2818474.9 | H19: =+H27+H43 -> 58543.64 | I19: =+I27+I43 -> 2818474.9 | J19: =+J27+J43 -> 3743927.3
B20: ENERGIA ELECTRICA | C20: 62500 | E20: 62500 | F20: 56112.02 | G20: 62500 | I20: 62500 | J20: 68083.01
B21: TELEFONIA | C21: 7500 | E21: 7500 | F21: 10999 | G21: 7500 | H21: 11011 | I21: 7500 | J21: 10992
B22: IMPRESIÓN, ENCUADERNACION Y REPRODUCCION | C22: 8133.97 | E22: 8133.97 | G22: 8133.97 | I22: 8133.97 | J22: 4358
B23: MANT. Y REP. EQUIPO MEDICO SANITARIO Y DE LAB. | C23: 33333.33 | E23: 33333.33 | G23: 33333.33 | I23: 33333.33 | J23: 45020
B24: SERVICIOS MEDICO-SANITARIOS | C24: 165141.75 | E24: 165141.75 | G24: 165141.75 | H24: 1000 | I24: 165141.75 | J24: 26842.86
B25: SERVICIOS DE VIGILANCIA | C25: 40000 | E25: 40000 | G25: 40000 | I25: 40000 | J25: 76240
B26: OTROS SERVICIOS NO PERSONALES | C26: 26305.03 | E26: 26305.03 | G26: 26305.03 | H26: 46532.64 | I26: 26305.03 | J26: 55063.68
B27: SUMA GASTOS GENERALES | C27: =SUM(C20:C26) -> 342914.08 | D27: =SUM(D20:D26) -> 0 | E27: =SUM(E20:E26) -> 342914.08 | F27: =SUM(F20:F26) -> 67111.02 | G27: =SUM(G20:G26) -> 342914.08 | H27: =SUM(H20:H26) -> 58543.64 | I27: =SUM(I20:I26) -> 342914.08 | J27: =SUM(J20:J26) -> 286599.55
B28: MATERIALES Y SUMINISTROS
B29: ALIMENTOS PARA PERSONAS | C29: 60936.45 | E29: 60936.45 | G29: 60936.45 | I29: 60936.45 | J29: 202940.25
B30: ACABADOS TEXTILES | C30: 600 | E30: 600 | G30: 600 | I30: 600
B31: PRODUCTOS DE PAPEL O CARTON | C31: 945.42 | E31: 945.42 | G31: 945.42 | I31: 945.42
B32: ELEMENTOS Y COMPUESTOS QUIMICOS | C32: 169652.57 | E32: 169652.57 | G32: 169652.57 | I32: 169652.57 | J32: 178282.05
B33: COMBUSTIBLES Y LUBRICANTES | C33: 912 | E33: 912 | G33: 912 | I33: 912
B34: PRODUCTOS MEDICINALES Y FARMACEUTICOS | C34: 427229.65 | E34: 427229.65 | G34: 427229.65 | I34: 427229.65 | J34: 1425199.8
B35: TINTES, PINTURAS Y COLORANTES | C35: 100 | E35: 100 | G35: 100 | I35: 100
B36: PRODUCTOS PLASTICOS, NYLON, VINIL Y PVC | C36: 13579.7 | E36: 13579.7 | G36: 13579.7 | I36: 13579.7 | J36: 75162.24
B37: OTROS PRODUCTOS METALICOS | C37: 310 | E37: 310 | G37: 310 | I37: 310
B38: UTILES DE LIMPIEZA Y PRODUCTOS SANITARIOS | C38: 10809.43 | E38: 10809.43 | G38: 10809.43 | I38: 10809.43 | J38: 14528.6
B39: UTILES MENORES MEDICO QUIRURGICOS Y DE LAB. | C39: 1780006.3 | E39: 1780006.3 | G39: 1780006.3 | I39: 1780006.3 | J39: 1545914.8
B40: UTILES, ACCESORIOS Y MATERIALES ELECTRICOS | C40: 2208.7 | E40: 2208.7 | G40: 2208.7 | I40: 2208.7 | J40: 15300
B41: ACCESORIOS Y REPUESTOS EN GENERAL | C41: 8105.1 | E41: 8105.1 | G41: 8105.1 | I41: 8105.1
B42: OTROS MATERIALES Y SUMINISTROS | C42: 165.5 | E42: 165.5 | G42: 165.5 | I42: 165.5
B43: TOTAL MATERIALES Y SUMINISTROS | C43: =SUM(C29:C42) -> 2475560.8 | D43: =SUM(D29:D42) -> 0 | E43: =SUM(E29:E42) -> 2475560.8 | F43: =SUM(F29:F42) -> 0 | G43: =SUM(G29:G42) -> 2475560.8 | H43: =SUM(H29:H42) -> 0 | I43: =SUM(I29:I42) -> 2475560.8 | J43: =SUM(J29:J42) -> 3457327.8
A46: Programación mensual por tipo de gasto año 2016, Expresado en Quetzales
A47: No. | B47: Categoría de Gasto | C47: Julio | E47: Agosto | G47: Septiembre
B48: Recurso Humano | C48: Pto. | D48: Real | E48: Pto. | F48: Real | G48: Pto. | H48: Real
B51: Gastos de Funcionamiento
B52: detallar cada gasto cargado
A60: TOTALES
A73: Programación mensual por tipo de gasto año 2018, Expresado en Quetzales segundo cuatrimestre 2018
A74: No. | B74: CATEGORIA DE GASTO | C74: MAYO | E74: JUNIO | G74: JULIO | I74: AGOSTO
C75: PRESUPUESTO | D75: REAL | E75: PRESUPUESTO | F75: REAL | G75: PRESUPUESTO | H75: REAL | I75: PRESUPUESTO | J75: REAL
B76: RECURSO HUMANO | C76: 1764858.4 | D76: 2281196.2 | E76: 1764858.4 | F76: 1896496.9
B78: GASTOS DE FUNCIONAMIENTO | C78: =+C86+C102 -> 2818474.9 | D78: =+D86+D102 -> 3820610.3 | E78: =+E86+E102 -> 2818474.9 | F78: =+F86+F102 -> 2361172.2 | G78: =+G86+G102 -> 0 | H78: =+H86+H102 -> 0 | I78: =+I86+I102 -> 0 | J78: =+J86+J102 -> 0
B79: ENERGIA ELECTRICA | C79: 62500 | D79: 138609.61 | E79: 62500
B80: TELEFONIA | C80: 7500 | D80: 9818.25 | E80: 7500 | F80: 9560.36
B81: IMPRESIÓN, ENCUADERNACION Y REPRODUCCION | C81: 8133.97 | E81: 8133.97 | F81: 39787
B82: MANT. Y REP. EQUIPO MEDICO SANITARIO Y DE LAB. | C82: 33333.33 | D82: 19161.8 | E82: 33333.33
B83: SERVICIOS MEDICO-SANITARIOS | C83: 165141.75 | D83: 4057.14 | E83: 165141.75 | F83: 184282.78
B84: SERVICIOS DE VIGILANCIA | C84: 40000 | D84: 38120 | E84: 40000 | F84: 38120
B85: OTROS SERVICIOS NO PERSONALES | C85: 26305.03 | D85: 48548.64 | E85: 26305.03 | F85: 44604
B86: SUMA GASTOS GENERALES | C86: =SUM(C79:C85) -> 342914.08 | D86: =SUM(D79:D85) -> 258315.44 | E86: =SUM(E79:E85) -> 342914.08 | F86: =SUM(F79:F85) -> 316354.14 | G86: =SUM(G79:G85) -> 0 | H86: =SUM(H79:H85) -> 0 | I86: =SUM(I79:I85) -> 0 | J86: =SUM(J79:J85) -> 0
B87: MATERIALES Y SUMINISTROS
B88: ALIMENTOS PARA PERSONAS | C88: 60936.45 | D88: 1023 | E88: 60936.45 | F88: 58023.7
B89: ACABADOS TEXTILES | C89: 600 | E89: 600
B90: PRODUCTOS DE PAPEL O CARTON | C90: 945.42 | E90: 945.42
B91: ELEMENTOS Y COMPUESTOS QUIMICOS | C91: 169652.57 | D91: 181188.84 | E91: 169652.57 | F91: 66957.58
B92: COMBUSTIBLES Y LUBRICANTES | C92: 912 | E92: 912
B93: PRODUCTOS MEDICINALES Y FARMACEUTICOS | C93: 427229.65 | D93: 535053.33 | E93: 427229.65 | F93: 261536.69
B94: TINTES, PINTURAS Y COLORANTES | C94: 100 | E94: 100
B95: PRODUCTOS PLASTICOS, NYLON, VINIL Y PVC | C95: 13579.7 | D95: 6224.76 | E95: 13579.7 | F95: 6630
B96: OTROS PRODUCTOS METALICOS | C96: 310 | D96: 3610 | E96: 310
B97: UTILES DE LIMPIEZA Y PRODUCTOS SANITARIOS | C97: 10809.43 | D97: 39404.76 | E97: 10809.43 | F97: 23463
B98: UTILES MENORES MEDICO QUIRURGICOS Y DE LAB. | C98: 1780006.3 | D98: 2752150.2 | E98: 1780006.3 | F98: 1617110.1
B99: UTILES, ACCESORIOS Y MATERIALES ELECTRICOS | C99: 2208.7 | E99: 2208.7 | F99: 11097
B100: ACCESORIOS Y REPUESTOS EN GENERAL | C100: 8105.1 | D100: 43640 | E100: 8105.1
B101: OTROS MATERIALES Y SUMINISTROS | C101: 165.5 | E101: 165.5
B102: TOTAL MATERIALES Y SUMINISTROS | C102: =SUM(C88:C101) -> 2475560.8 | D102: =SUM(D88:D101) -> 3562294.9 | E102: =SUM(E88:E101) -> 2475560.8 | F102: =SUM(F88:F101) -> 2044818 | G102: =SUM(G88:G101) -> 0 | H102: =SUM(H88:H101) -> 0 | I102: =SUM(I88:I101) -> 0 | J102: =SUM(J88:J101) -> 0
A123: Programación mensual por tipo de gasto año 2017, Expresado en Quetzales tercer cuatrimestre 2018
A124: No. | B124: CATEGORIA DE GASTO | C124: SEPTIEMBRE | E124: OCTUBRE | G124: NOVIEMBRE | I124: DICIEMBRE
C125: PRESUPUESTO | D125: REAL | E125: PRESUPUESTO | F125: REAL | G125: PRESUPUESTO | H125: REAL | I125: PRESUPUESTO | J125: REAL
B126: RECURSO HUMANO
B128: GASTOS DE FUNCIONAMIENTO | C128: =+C136+C152 -> 0 | D128: =+D136+D152 -> 0 | E128: =+E136+E152 -> 0 | F128: =+F136+F152 -> 0 | G128: =+G136+G152 -> 0 | H128: =+H136+H152 -> 0 | I128: =+I136+I152 -> 0 | J128: =+J136+J152 -> 0
B129: ENERGIA ELECTRICA
B130: TELEFONIA
B131: IMPRESIÓN, ENCUADERNACION Y REPRODUCCION
B132: MANT. Y REP. EQUIPO MEDICO SANITARIO Y DE LAB.
B133: SERVICIOS MEDICO-SANITARIOS
B134: SERVICIOS DE VIGILANCIA
B135: OTROS SERVICIOS NO PERSONALES
B136: SUMA GASTOS GENERALES | C136: =SUM(C129:C135) -> 0 | D136: =SUM(D129:D135) -> 0 | E136: =SUM(E129:E135) -> 0 | F136: =SUM(F129:F135) -> 0 | G136: =SUM(G129:G135) -> 0 | H136: =SUM(H129:H135) -> 0 | I136: =SUM(I129:I135) -> 0 | J136: =SUM(J129:J135) -> 0
B137: MATERIALES Y SUMINISTROS
B138: ALIMENTOS PARA PERSONAS
B139: AVABADOS TEXTILES
B140: PRODUCTOS DE PAPEL O CARTON
B141: ELEMENTOS Y COMPUESTOS QUIMICOS
B142: COMBUSTIBLES Y LUBRICANTES
B143: PRODUCTOS MEDICINALES Y FARMACEUTICOS
B144: TINTES, PINTURAS Y COLORANTES
B145: PRODUCTOS PLASTICOS, NYLON, VINIL Y PVC
B146: OTROS PRODUCTOS METALICOS
B147: UTILES DE LIMPIEZA Y PRODUCTOS SANITARIOS
B148: UTILES MENORES MEDICO QUIRURGICOS Y DE LAB.
... B151: OTROS MATERIALES Y SUMINISTROS
B152: TOTAL MATERIALES Y SUMINISTROS | C152: =SUM(C138:C151) -> 0 | D152: =SUM(D138:D151) -> 0 | E152: =SUM(E138:E151) -> 0 | F152: =SUM(F138:F151) -> 0 | G152: =SUM(G138:G151) -> 0 | H152: =SUM(H138:H151) -> 0 | I152: =SUM(I138:I151) -> 0 | J152: =SUM(J138:J151) -> 0
C177: PROGRAMACION POR TIPO DE GASTO AÑO 2025
C178: RESUMEN AL 31 DE JULIO 2025
C179: No. | D179: CATEGORIA DEL GASTO DE FUNCIONAMIENTO | E179: TOTAL ANUAL
E180: PRESUPUESTO | F180: COMPROMETIDO
C181: 011 | D181: RECURSO HUMANO | E181: =+'JULIO DECE-5'!K117 -> 31244550 | F181: =+'JULIO DECE-5'!L117 -> 30722592
...

Sheet AGOSTO ANEXO A DECE-5
B8: ÀREA FINANCIERA | I8: ANEXO DE DECE-5
A10: UNIDAD DE CIRUGIA CARDIOVASCULAR DE GUATEMALA
A11: 5a. AVENIDA 6-22 ZONA 11
A12: dgunicar@yahoo.es Tel. 24163000
A14: Programación mensual por tipo de gasto año 2018, Expresado en Quetzales primer cuatrimestre 2018
A15: No. | B15: CATEGORIA DE GASTO | C15: ENERO | E15: FEBRERO | G15: MARZO | I15: ABRIL
C16: PRESUPUESTO | D16: REAL | E16: PRESUPUESTO | F16: REAL | G16: PRESUPUESTO | H16: REAL | I16: PRESUPUESTO | J16: REAL
B17: RECURSO HUMANO | C17: 1764858.4 | D17: 1492317.4 | E17: 1764858.4 | F17: 1792563.6 | G17: 1764858.4 | H17: 1578007.9 | I17: 1764858.4 | J17: 1803793.6
B19: GASTOS DE FUNCIONAMIENTO | C19: =+C27+C43 -> 2818474.9 | D19: =+D27+D43 -> 0 | E19: =+E27+E43 -> 2818474.9 | F19: =+F27+F43 -> 67111.02 | G19: =+G27+G43 -> 2818474.9 | H19: =+H27+H43 -> 58543.64 | I19: =+I27+I43 -> 2818474.9 | J19: =+J27+J43 -> 3743927.3
B20: ENERGIA ELECTRICA | C20: 62500 | E20: 62500 | F20: 56112.02 | G20: 62500 | I20: 62500 | J20: 68083.01
B21: TELEFONIA | C21: 7500 | E21: 7500 | F21: 10999 | G21: 7500 | H21: 11011 | I21: 7500 | J21: 10992
B22: IMPRESIÓN, ENCUADERNACION Y REPRODUCCION | C22: 8133.97 | E22: 8133.97 | G22: 8133.97 | I22: 8133.97 | J22: 4358
B23: MANT. Y REP. EQUIPO MEDICO SANITARIO Y DE LAB. | C23: 33333.33 | E23: 33333.33 | G23: 33333.33 | I23: 33333.33 | J23: 45020
B24: SERVICIOS MEDICO-SANITARIOS | C24: 165141.75 | E24: 165141.75 | G24: 165141.75 | H24: 1000 | I24: 165141.75 | J24: 26842.86
B25: SERVICIOS DE VIGILANCIA | C25: 40000 | E25: 40000 | G25: 40000 | I25: 40000 | J25: 76240
B26: OTROS SERVICIOS NO PERSONALES | C26: 26305.03 | E26: 26305.03 | G26: 26305.03 | H26: 46532.64 | I26: 26305.03 | J26: 55063.68
B27: SUMA GASTOS GENERALES | C27: =SUM(C20:C26) -> 342914.08 | D27: =SUM(D20:D26) -> 0 | E27: =SUM(E20:E26) -> 342914.08 | F27: =SUM(F20:F26) -> 67111.02 | G27: =SUM(G20:G26) -> 342914.08 | H27: =SUM(H20:H26) -> 58543.64 | I27: =SUM(I20:I26) -> 342914.08 | J27: =SUM(J20:J26) -> 286599.55
B28: MATERIALES Y SUMINISTROS
B29: ALIMENTOS PARA PERSONAS | C29: 60936.45 | E29: 60936.45 | G29: 60936.45 | I29: 60936.45 | J29: 202940.25
B30: ACABADOS TEXTILES | C30: 600 | E30: 600 | G30: 600 | I30: 600
B31: PRODUCTOS DE PAPEL O CARTON | C31: 945.42 | E31: 945.42 | G31: 945.42 | I31: 945.42
B32: ELEMENTOS Y COMPUESTOS QUIMICOS | C32: 169652.57 | E32: 169652.57 | G32: 169652.57 | I32: 169652.57 | J32: 178282.05
B33: COMBUSTIBLES Y LUBRICANTES | C33: 912 | E33: 912 | G33: 912 | I33: 912
B34: PRODUCTOS MEDICINALES Y FARMACEUTICOS | C34: 427229.65 | E34: 427229.65 | G34: 427229.65 | I34: 427229.65 | J34: 1425199.8
B35: TINTES, PINTURAS Y COLORANTES | C35: 100 | E35: 100 | G35: 100 | I35: 100
B36: PRODUCTOS PLASTICOS, NYLON, VINIL Y PVC | C36: 13579.7 | E36: 13579.7 | G36: 13579.7 | I36: 13579.7 | J36: 75162.24
B37: OTROS PRODUCTOS METALICOS | C37: 310 | E37: 310 | G37: 310 | I37: 310
B38: UTILES DE LIMPIEZA Y PRODUCTOS SANITARIOS | C38: 10809.43 | E38: 10809.43 | G38: 10809.43 | I38: 10809.43 | J38: 14528.6
B39: UTILES MENORES MEDICO QUIRURGICOS Y DE LAB. | C39: 1780006.3 | E39: 1780006.3 | G39: 1780006.3 | I39: 1780006.3 | J39: 1545914.8
B40: UTILES, ACCESORIOS Y MATERIALES ELECTRICOS | C40: 2208.7 | E40: 2208.7 | G40: 2208.7 | I40: 2208.7 | J40: 15300
B41: ACCESORIOS Y REPUESTOS EN GENERAL | C41: 8105.1 | E41: 8105.1 | G41: 8105.1 | I41: 8105.1
B42: OTROS MATERIALES Y SUMINISTROS | C42: 165.5 | E42: 165.5 | G42: 165.5 | I42: 165.5
B43: TOTAL MATERIALES Y SUMINISTROS | C43: =SUM(C29:C42) -> 2475560.8 | D43: =SUM(D29:D42) -> 0 | E43: =SUM(E29:E42) -> 2475560.8 | F43: =SUM(F29:F42) -> 0 | G43: =SUM(G29:G42) -> 2475560.8 | H43: =SUM(H29:H42) -> 0 | I43: =SUM(I29:I42) -> 2475560.8 | J43: =SUM(J29:J42) -> 3457327.8
A46: Programación mensual por tipo de gasto año 2016, Expresado en Quetzales
A47: No. | B47: Categoría de Gasto | C47: Julio | E47: Agosto | G47: Septiembre
B48: Recurso Humano | C48: Pto. | D48: Real | E48: Pto. | F48: Real | G48: Pto. | H48: Real
B51: Gastos de Funcionamiento
B52: detallar cada gasto cargado
A60: TOTALES
A73: Programación mensual por tipo de gasto año 2018, Expresado en Quetzales segundo cuatrimestre 2018
A74: No. | B74: CATEGORIA DE GASTO | C74: MAYO | E74: JUNIO | G74: JULIO | I74: AGOSTO
C75: PRESUPUESTO | D75: REAL | E75: PRESUPUESTO | F75: REAL | G75: PRESUPUESTO | H75: REAL | I75: PRESUPUESTO | J75: REAL
B76: RECURSO HUMANO | C76: 1764858.4 | D76: 2281196.2 | E76: 1764858.4 | F76: 1896496.9
B78: GASTOS DE FUNCIONAMIENTO | C78: =+C86+C102 -> 2818474.9 | D78: =+D86+D102 -> 3820610.3 | E78: =+E86+E102 -> 2818474.9 | F78: =+F86+F102 -> 2361172.2 | G78: =+G86+G102 -> 0 | H78: =+H86+H102 -> 0 | I78: =+I86+I102 -> 0 | J78: =+J86+J102 -> 0
B79: ENERGIA ELECTRICA | C79: 62500 | D79: 138609.61 | E79: 62500
B80: TELEFONIA | C80: 7500 | D80: 9818.25 | E80: 7500 | F80: 9560.36
B81: IMPRESIÓN, ENCUADERNACION Y REPRODUCCION | C81: 8133.97 | E81: 8133.97 | F81: 39787
B82: MANT. Y REP. EQUIPO MEDICO SANITARIO Y DE LAB. | C82: 33333.33 | D82: 19161.8 | E82: 33333.33
B83: SERVICIOS MEDICO-SANITARIOS | C83: 165141.75 | D83: 4057.14 | E83: 165141.75 | F83: 184282.78
B84: SERVICIOS DE VIGILANCIA | C84: 40000 | D84: 38120 | E84: 40000 | F84: 38120
B85: OTROS SERVICIOS NO PERSONALES | C85: 26305.03 | D85: 48548.64 | E85: 26305.03 | F85: 44604
B86: SUMA GASTOS GENERALES | C86: =SUM(C79:C85) -> 342914.08 | D86: =SUM(D79:D85) -> 258315.44 | E86: =SUM(E79:E85) -> 342914.08 | F86: =SUM(F79:F85) -> 316354.14 | G86: =SUM(G79:G85) -> 0 | H86: =SUM(H79:H85) -> 0 | I86: =SUM(I79:I85) -> 0 | J86: =SUM(J79:J85) -> 0
B87: MATERIALES Y SUMINISTROS
B88: ALIMENTOS PARA PERSONAS | C88: 60936.45 | D88: 1023 | E88: 60936.45 | F88: 58023.7
B89: ACABADOS TEXTILES | C89: 600 | E89: 600
B90: PRODUCTOS DE PAPEL O CARTON | C90: 945.42 | E90: 945.42
B91: ELEMENTOS Y COMPUESTOS QUIMICOS | C91: 169652.57 | D91: 181188.84 | E91: 169652.57 | F91: 66957.58
B92: COMBUSTIBLES Y LUBRICANTES | C92: 912 | E92: 912
B93: PRODUCTOS MEDICINALES Y FARMACEUTICOS | C93: 427229.65 | D93: 535053.33 | E93: 427229.65 | F93: 261536.69
B94: TINTES, PINTURAS Y COLORANTES | C94: 100 | E94: 100
B95: PRODUCTOS PLASTICOS, NYLON, VINIL Y PVC | C95: 13579.7 | D95: 6224.76 | E95: 13579.7 | F95: 6630
B96: OTROS PRODUCTOS METALICOS | C96: 310 | D96: 3610 | E96: 310
B97: UTILES DE LIMPIEZA Y PRODUCTOS SANITARIOS | C97: 10809.43 | D97: 39404.76 | E97: 10809.43 | F97: 23463
B98: UTILES MENORES MEDICO QUIRURGICOS Y DE LAB. | C98: 1780006.3 | D98: 2752150.2 | E98: 1780006.3 | F98: 1617110.1
B99: UTILES, ACCESORIOS Y MATERIALES ELECTRICOS | C99: 2208.7 | E99: 2208.7 | F99: 11097
B100: ACCESORIOS Y REPUESTOS EN GENERAL | C100: 8105.1 | D100: 43640 | E100: 8105.1
B101: OTROS MATERIALES Y SUMINISTROS | C101: 165.5 | E101: 165.5
B102: TOTAL MATERIALES Y SUMINISTROS | C102: =SUM(C88:C101) -> 2475560.8 | D102: =SUM(D88:D101) -> 3562294.9 | E102: =SUM(E88:E101) -> 2475560.8 | F102: =SUM(F88:F101) -> 2044818 | G102: =SUM(G88:G101) -> 0 | H102: =SUM(H88:H101) -> 0 | I102: =SUM(I88:I101) -> 0 | J102: =SUM(J88:J101) -> 0
A123: Programación mensual por tipo de gasto año 2017, Expresado en Quetzales tercer cuatrimestre 2018
A124: No. | B124: CATEGORIA DE GASTO | C124: SEPTIEMBRE | E124: OCTUBRE | G124: NOVIEMBRE | I124: DICIEMBRE
C125: PRESUPUESTO | D125: REAL | E125: PRESUPUESTO | F125: REAL | G125: PRESUPUESTO | H125: REAL | I125: PRESUPUESTO | J125: REAL
B126: RECURSO HUMANO
B128: GASTOS DE FUNCIONAMIENTO | C128: =+C136+C152 -> 0 | D128: =+D136+D152 -> 0 | E128: =+E136+E152 -> 0 | F128: =+F136+F152 -> 0 | G128: =+G136+G152 -> 0 | H128: =+H136+H152 -> 0 | I128: =+I136+I152 -> 0 | J128: =+J136+J152 -> 0
B129: ENERGIA ELECTRICA
B130: TELEFONIA
B131: IMPRESIÓN, ENCUADERNACION Y REPRODUCCION
B132: MANT. Y REP. EQUIPO MEDICO SANITARIO Y DE LAB.
B133: SERVICIOS MEDICO-SANITARIOS
B134: SERVICIOS DE VIGILANCIA
B135: OTROS SERVICIOS NO PERSONALES
B136: SUMA GASTOS GENERALES | C136: =SUM(C129:C135) -> 0 | D136: =SUM(D129:D135) -> 0 | E136: =SUM(E129:E135) -> 0 | F136: =SUM(F129:F135) -> 0 | G136: =SUM(G129:G135) -> 0 | H136: =SUM(H129:H135) -> 0 | I136: =SUM(I129:I135) -> 0 | J136: =SUM(J129:J135) -> 0
B137: MATERIALES Y SUMINISTROS
B138: ALIMENTOS PARA PERSONAS
B139: AVABADOS TEXTILES
B140: PRODUCTOS DE PAPEL O CARTON
B141: ELEMENTOS Y COMPUESTOS QUIMICOS
B142: COMBUSTIBLES Y LUBRICANTES
B143: PRODUCTOS MEDICINALES Y FARMACEUTICOS
B144: TINTES, PINTURAS Y COLORANTES
B145: PRODUCTOS PLASTICOS, NYLON, VINIL Y PVC
B146: OTROS PRODUCTOS METALICOS
B147: UTILES DE LIMPIEZA Y PRODUCTOS SANITARIOS
B148: UTILES MENORES MEDICO QUIRURGICOS Y DE LAB.
... B151: OTROS MATERIALES Y SUMINISTROS
B152: TOTAL MATERIALES Y SUMINISTROS | C152: =SUM(C138:C151) -> 0 | D152: =SUM(D138:D151) -> 0 | E152: =SUM(E138:E151) -> 0 | F152: =SUM(F138:F151) -> 0 | G152: =SUM(G138:G151) -> 0 | H152: =SUM(H138:H151) -> 0 | I152: =SUM(I138:I151) -> 0 | J152: =SUM(J138:J151) -> 0
C177: PROGRAMACION POR TIPO DE GASTO AÑO 2025
C178: RESUMEN AL 31 DE AGOSTO 2025
C179: No. | D179: CATEGORIA DEL GASTO DE FUNCIONAMIENTO | E179: TOTAL ANUAL
E180: PRESUPUESTO | F180: COMPROMETIDO
C181: 011 | D181: RECURSO HUMANO | E181: =+'AGOSTO DECE-5'!K117 -> 35230132 | F181: =+'AGOSTO DECE-5'!L117 -> 34703421
...

Sheet MAYO DECE-6
B7: ÀREA FINANCIERA | J7: DECE-6
A9: UNIDAD DE CIRUGIA CARDIOVASCULAR DE GUATEMALA
A10: 5a. AVENIDA 6-22 ZONA 11
A11: CORREO ELECTRÓNICO Y TELÉFONO
A12: dgunicar@yahoo.es Tel. 24163000
A14: Ejecucion fìnanciera por categoria del gasto del mes de abril, año 2025
A16: Categoría del gasto de funcionamiento | B16: Enero | D16: Febrero | F16: Marzo | H16: Abril
B17: Prog. | C17: Ejecutado | D17: Prog. | E17: Ejecutado | F17: Prog. | G17: Ejecutado | H17: Prog. | I17: Ejecutado
A18: Recurso Humano | B18: 3985581.3 | C18: 3830190.3 | D18: 3985581.3 | E18: 3893734.5 | F18: 3985581.3 | G18: 3951903.5 | H18: 3985581.3 | I18: 3946986.7
A19: Gastos de operación | B19: 1165344.2 | C19: 0 | D19: 3598165.6 | E19: 136886.92 | F19: 539792.39 | G19: 1879182.5 | H19: 227262.65 | I19: 1267854.5
A20: Propiedad planta y equipo | B20: 0 | C20: 0 | D20: 0 | E20: 0 | F20: 0 | G20: 0 | H20: 0 | I20: 0
A21: TOTAL | B21: =SUM(B18:B20) -> 5150925.5 | C21: =SUM(C18:C20) -> 3830190.3 | D21: =SUM(D18:D20) -> 7583746.8 | E21: =SUM(E18:E20) -> 4030621.4 | F21: =SUM(F18:F20) -> 4525373.7 | G21: =SUM(G18:G20) -> 5831086.1 | H21: =SUM(H18:H20) -> 4212843.9 | I21: =SUM(I18:I20) -> 5214841.2
A23: Ejecucion fìnanciera por categoria del gasto del mes de mayo, año 2025
A25: Categoría del gasto de funcionamiento | B25: Mayo | D25: Junio | F25: Julio | H25: Agosto
B26: Prog. | C26: Ejecutado | D26: Prog. | E26: Ejecutado | F26: Prog. | G26: Ejecutado | H26: Prog. | I26: Ejecutado
A27: Recurso Humano | B27: 3985581.3 | C27: 3974391.3
A28: Gastos de operación | B28: 2828722.6 | C28: 1415750.8
A29: TOTAL | B29: =SUM(B27:B28) -> 6814303.9 | C29: =SUM(C27:C28) -> 5390142.1 | D29: =SUM(D27:D28) -> 0 | E29: =SUM(E27:E28) -> 0 | F29: =SUM(F27:F28) -> 0 | G29: =SUM(G27:G28) -> 0 | H29: =SUM(H27:H28) -> 0 | I29: =SUM(I27:I28) -> 0
A32: Ejecucion fìnanciera por categoria del gasto del mes de septiembre, año 2025
A34: Categoría del gasto de funcionamiento | B34: Septiembre | D34: Octubre | F34: Noviembre | H34: Diciembre | J34: Total acumulado anual
B35: Prog. | C35: Ejecutado | D35: Prog. | E35: Ejecutado | F35: Prog. | G35: Ejecutado | H35: Prog. | I35: Ejecutado | J35: Prog. | K35: Ejecutado
A36: Recurso Humano | J36: =+B18+D18+F18+H18+B27+D27+F27+H27+B36+D36+F36+H36 -> 19927906 | K36: =+C18+E18+G18+I18+C27+E27+G27+I27+C36+E36+G36+I36 -> 19597206
A37: Gastos de operación | J37: =+B19+D19+F19+H19+B28+D28+F28+H28+B37+D37+F37+H37 -> 8359287.5 | K37: =+C19+E19+G19+I19+C28+E28+G28+I28+C37+E37+G37+I37 -> 4699674.8
A38: TOTAL | B38: =SUM(B36:B37) -> 0 | C38: =SUM(C36:C37) -> 0 | D38: =SUM(D36:D37) -> 0 | E38: =SUM(E36:E37) -> 0 | F38: =SUM(F36:F37) -> 0 | G38: =SUM(G36:G37) -> 0 | H38: =SUM(H36:H37) -> 0 | I38: =SUM(I36:I37) -> 0 | ... K38: =SUM(K36:K37) -> 24296881
A40: Resumen año 2024
A41: Categoría del gasto | B41: año 2024
B42: Presupuestado | C42: Ejecutado
A43: Recurso Humano | B43: =+J18+J27+J36 -> 19927906 | C43: =+K18+K27+K36 -> 19597206
A44: Gastos de operación | B44: =+J19+J28+J37 -> 8359287.5 | C44: =+K19+K28+K37 -> 4699674.8
A45: TOTAL | B45: =SUM(B43:B44) -> 28287194 | C45: =SUM(C43:C44) -> 24296881
A69: Elaborado por: | C69: ___________________________ | F69: Autorizado por: | H69: ___________________________________
C70: Víctor Cresencio Reyes Porres | H70: Lic. Douglas Antonio Díaz Rivera
C71: Jefe de Contabilidad | H71: Representante Legal
A72: Fecha: | C72: 10 de junio 2025

Sheet JUNIO DECE-6
B7: ÀREA FINANCIERA | J7: DECE-6
A9: UNIDAD DE CIRUGIA CARDIOVASCULAR DE GUATEMALA
A10: 5a. AVENIDA 6-22 ZONA 11
A11: CORREO ELECTRÓNICO Y TELÉFONO
A12: dgunicar@yahoo.es Tel. 24163000
A14: Ejecucion fìnanciera por categoria del gasto del mes de junio, año 2025
A16: Categoría del gasto de funcionamiento | B16: Enero | D16: Febrero | F16: Marzo | H16: Abril
B17: Prog. | C17: Ejecutado | D17: Prog. | E17: Ejecutado | F17: Prog. | G17: Ejecutado | H17: Prog. | I17: Ejecutado
A18: Recurso Humano | B18: 3985581.3 | C18: 3830190.3 | D18: 3985581.3 | E18: 3893734.5 | F18: 3985581.3 | G18: 3951903.5 | H18: 3985581.3 | I18: 3946986.7
A19: Gastos de operación | B19: 1165344.2 | C19: 0 | D19: 3598165.6 | E19: 136886.92 | F19: 539792.39 | G19: 1879182.5 | H19: 227262.65 | I19: 1267854.5
A20: Propiedad planta y equipo | B20: 0 | C20: 0 | D20: 0 | E20: 0 | F20: 0 | G20: 0 | H20: 0 | I20: 0
A21: TOTAL | B21: =SUM(B18:B20) -> 5150925.5 | C21: =SUM(C18:C20) -> 3830190.3 | D21: =SUM(D18:D20) -> 7583746.8 | E21: =SUM(E18:E20) -> 4030621.4 | F21: =SUM(F18:F20) -> 4525373.7 | G21: =SUM(G18:G20) -> 5831086.1 | H21: =SUM(H18:H20) -> 4212843.9 | I21: =SUM(I18:I20) -> 5214841.2
A23: Ejecucion fìnanciera por categoria del gasto del mes de junio, año 2025
A25: Categoría del gasto de funcionamiento | B25: Mayo | D25: Junio | F25: Julio | H25: Agosto
B26: Prog. | C26: Ejecutado | D26: Prog. | E26: Ejecutado | F26: Prog. | G26: Ejecutado | H26: Prog. | I26: Ejecutado
A27: Recurso Humano | B27: 3985581.3 | C27: 3974391.3 | D27: 3985581.3 | E27: 3976684.6
A28: Gastos de operación | B28: 2828722.6 | C28: 1415750.8 | D28: 33139324 | E28: 1862268
A29: TOTAL | B29: =SUM(B27:B28) -> 6814303.9 | C29: =SUM(C27:C28) -> 5390142.1 | D29: =SUM(D27:D28) -> 37124905 | E29: =SUM(E27:E28) -> 5838952.5 | F29: =SUM(F27:F28) -> 0 | G29: =SUM(G27:G28) -> 0 | H29: =SUM(H27:H28) -> 0 | I29: =SUM(I27:I28) -> 0
A32: Ejecucion fìnanciera por categoria del gasto del mes de septiembre, año 2025
A34: Categoría del gasto de funcionamiento | B34: Septiembre | D34: Octubre | F34: Noviembre | H34: Diciembre | J34: Total acumulado anual
B35: Prog. | C35: Ejecutado | D35: Prog. | E35: Ejecutado | F35: Prog. | G35: Ejecutado | H35: Prog. | I35: Ejecutado | J35: Prog. | K35: Ejecutado
A36: Recurso Humano | J36: =+B18+D18+F18+H18+B27+D27+F27+H27+B36+D36+F36+H36 -> 23913488 | K36: =+C18+E18+G18+I18+C27+E27+G27+I27+C36+E36+G36+I36 -> 23573891
A37: Gastos de operación | J37: =+B19+D19+F19+H19+B28+D28+F28+H28+B37+D37+F37+H37 -> 41498612 | K37: =+C19+E19+G19+I19+C28+E28+G28+I28+C37+E37+G37+I37 -> 6561942.8
A38: TOTAL | B38: =SUM(B36:B37) -> 0 | C38: =SUM(C36:C37) -> 0 | D38: =SUM(D36:D37) -> 0 | E38: =SUM(E36:E37) -> 0 | F38: =SUM(F36:F37) -> 0 | G38: =SUM(G36:G37) -> 0 | H38: =SUM(H36:H37) -> 0 | I38: =SUM(I36:I37) -> 0 | ... K38: =SUM(K36:K37) -> 30135834
A40: Resumen año 2024
A41: Categoría del gasto | B41: año 2024
B42: Presupuestado | C42: Ejecutado
A43: Recurso Humano | B43: =+J18+J27+J36 -> 23913488 | C43: =+K18+K27+K36 -> 23573891
A44: Gastos de operación | B44: =+J19+J28+J37 -> 41498612 | C44: =+K19+K28+K37 -> 6561942.8
A45: TOTAL | B45: =SUM(B43:B44) -> 65412099 | C45: =SUM(C43:C44) -> 30135834
A69: Elaborado por: | C69: ___________________________ | F69: Autorizado por: | H69: ___________________________________
C70: Víctor Cresencio Reyes Porres | H70: Lic. Douglas Antonio Díaz Rivera
C71: Jefe de Contabilidad | H71: Representante Legal
A72: Fecha: | C72: 10 de julio 2025

Sheet JULIO DECE-6
B7: ÀREA FINANCIERA | J7: DECE-6
A9: UNIDAD DE CIRUGIA CARDIOVASCULAR DE GUATEMALA
A10: 5a. AVENIDA 6-22 ZONA 11
A11: CORREO ELECTRÓNICO Y TELÉFONO
A12: dgunicar@yahoo.es Tel. 24163000
A14: Ejecucion fìnanciera por categoria del gasto del mes de julio, año 2025
A16: Categoría del gasto de funcionamiento | B16: Enero | D16: Febrero | F16: Marzo | H16: Abril
B17: Prog. | C17: Ejecutado | D17: Prog. | E17: Ejecutado | F17: Prog. | G17: Ejecutado | H17: Prog. | I17: Ejecutado
A18: Recurso Humano | B18: 3985581.3 | C18: 3830190.3 | D18: 3985581.3 | E18: 3893734.5 | F18: 3985581.3 | G18: 3951903.5 | H18: 3985581.3 | I18: 3946986.7
A19: Gastos de operación | B19: 1165344.2 | C19: 0 | D19: 3598165.6 | E19: 136886.92 | F19: 539792.39 | G19: 1879182.5 | H19: 227262.65 | I19: 1267854.5
A20: Propiedad planta y equipo | B20: 0 | C20: 0 | D20: 0 | E20: 0 | F20: 0 | G20: 0 | H20: 0 | I20: 0
A21: TOTAL | B21: =SUM(B18:B20) -> 5150925.5 | C21: =SUM(C18:C20) -> 3830190.3 | D21: =SUM(D18:D20) -> 7583746.8 | E21: =SUM(E18:E20) -> 4030621.4 | F21: =SUM(F18:F20) -> 4525373.7 | G21: =SUM(G18:G20) -> 5831086.1 | H21: =SUM(H18:H20) -> 4212843.9 | I21: =SUM(I18:I20) -> 5214841.2
A23: Ejecucion fìnanciera por categoria del gasto del mes de julio, año 2025
A25: Categoría del gasto de funcionamiento | B25: Mayo | D25: Junio | F25: Julio | H25: Agosto
B26: Prog. | C26: Ejecutado | D26: Prog. | E26: Ejecutado | F26: Prog. | G26: Ejecutado | H26: Prog. | I26: Ejecutado
A27: Recurso Humano | B27: 3985581.3 | C27: 3974391.3 | D27: 3985581.3 | E27: 3976684.6 | F27: 7331062.7 | G27: 7148701.5
A28: Gastos de operación | B28: 2828722.6 | C28: 1415750.8 | D28: 33139324 | E28: 1862268 | F28: 4507355.6 | G28: 2777077.4
A29: TOTAL | B29: =SUM(B27:B28) -> 6814303.9 | C29: =SUM(C27:C28) -> 5390142.1 | D29: =SUM(D27:D28) -> 37124905 | E29: =SUM(E27:E28) -> 5838952.5 | F29: =SUM(F27:F28) -> 11838418 | G29: =SUM(G27:G28) -> 9925778.9 | H29: =SUM(H27:H28) -> 0 | I29: =SUM(I27:I28) -> 0
A32: Ejecucion fìnanciera por categoria del gasto del mes de septiembre, año 2025
A34: Categoría del gasto de funcionamiento | B34: Septiembre | D34: Octubre | F34: Noviembre | H34: Diciembre | J34: Total acumulado anual
B35: Prog. | C35: Ejecutado | D35: Prog. | E35: Ejecutado | F35: Prog. | G35: Ejecutado | H35: Prog. | I35: Ejecutado | J35: Prog. | K35: Ejecutado
A36: Recurso Humano | J36: =+B18+D18+F18+H18+B27+D27+F27+H27+B36+D36+F36+H36 -> 31244550 | K36: =+C18+E18+G18+I18+C27+E27+G27+I27+C36+E36+G36+I36 -> 30722592
A37: Gastos de operación | J37: =+B19+D19+F19+H19+B28+D28+F28+H28+B37+D37+F37+H37 -> 46005967 | K37: =+C19+E19+G19+I19+C28+E28+G28+I28+C37+E37+G37+I37 -> 9339020.1
A38: TOTAL | B38: =SUM(B36:B37) -> 0 | C38: =SUM(C36:C37) -> 0 | D38: =SUM(D36:D37) -> 0 | E38: =SUM(E36:E37) -> 0 | F38: =SUM(F36:F37) -> 0 | G38: =SUM(G36:G37) -> 0 | H38: =SUM(H36:H37) -> 0 | I38: =SUM(I36:I37) -> 0 | ... K38: =SUM(K36:K37) -> 40061613
A40: Resumen año 2024
A41: Categoría del gasto | B41: año 2024
B42: Presupuestado | C42: Ejecutado
A43: Recurso Humano | B43: =+J18+J27+J36 -> 31244550 | C43: =+K18+K27+K36 -> 30722592
A44: Gastos de operación | B44: =+J19+J28+J37 -> 46005967 | C44: =+K19+K28+K37 -> 9339020.1
A45: TOTAL | B45: =SUM(B43:B44) -> 77250518 | C45: =SUM(C43:C44) -> 40061613
A69: Elaborado por: | C69: ___________________________ | F69: Autorizado por: | H69: ___________________________________
C70: Víctor Cresencio Reyes Porres | H70: Lic. Douglas Antonio Díaz Rivera
C71: Jefe de Contabilidad | H71: Representante Legal
A72: Fecha: | C72: 8 de agosto 2025

Sheet AGOSTO DECE-6
B7: ÀREA FINANCIERA | J7: DECE-6
A9: UNIDAD DE CIRUGIA CARDIOVASCULAR DE GUATEMALA
A10: 5a. AVENIDA 6-22 ZONA 11
A11: CORREO ELECTRÓNICO Y TELÉFONO
A12: dgunicar@yahoo.es Tel. 24163000
A14: Ejecucion fìnanciera por categoria del gasto del mes de agosto, año 2025
A16: Categoría del gasto de funcionamiento | B16: Enero | D16: Febrero | F16: Marzo | H16: Abril
B17: Prog. | C17: Ejecutado | D17: Prog. | E17: Ejecutado | F17: Prog. | G17: Ejecutado | H17: Prog. | I17: Ejecutado
A18: Recurso Humano | B18: 3985581.3 | C18: 3830190.3 | D18: 3985581.3 | E18: 3893734.5 | F18: 3985581.3 | G18: 3951903.5 | H18: 3985581.3 | I18: 3946986.7
A19: Gastos de operación | B19: 1165344.2 | C19: 0 | D19: 3598165.6 | E19: 136886.92 | F19: 539792.39 | G19: 1879182.5 | H19: 227262.65 | I19: 1267854.5
A20: Propiedad planta y equipo | B20: 0 | C20: 0 | D20: 0 | E20: 0 | F20: 0 | G20: 0 | H20: 0 | I20: 0
A21: TOTAL | B21: =SUM(B18:B20) -> 5150925.5 | C21: =SUM(C18:C20) -> 3830190.3 | D21: =SUM(D18:D20) -> 7583746.8 | E21: =SUM(E18:E20) -> 4030621.4 | F21: =SUM(F18:F20) -> 4525373.7 | G21: =SUM(G18:G20) -> 5831086.1 | H21: =SUM(H18:H20) -> 4212843.9 | I21: =SUM(I18:I20) -> 5214841.2
A23: Ejecucion fìnanciera por categoria del gasto del mes de agosto, año 2025
A25: Categoría del gasto de funcionamiento | B25: Mayo | D25: Junio | F25: Julio | H25: Agosto
B26: Prog. | C26: Ejecutado | D26: Prog. | E26: Ejecutado | F26: Prog. | G26: Ejecutado | H26: Prog. | I26: Ejecutado
A27: Recurso Humano | B27: 3985581.3 | C27: 3974391.3 | D27: 3985581.3 | E27: 3976684.6 | F27: 7331062.7 | G27: 7148701.5 | H27: 3985581.3 | I27: 3980829
A28: Gastos de operación | B28: 2828722.6 | C28: 1415750.8 | D28: 33139324 | E28: 1862268 | F28: 4507355.6 | G28: 2777077.4 | H28: 7241437.7 | I28: 5323886.5
A29: TOTAL | B29: =SUM(B27:B28) -> 6814303.9 | C29: =SUM(C27:C28) -> 5390142.1 | D29: =SUM(D27:D28) -> 37124905 | E29: =SUM(E27:E28) -> 5838952.5 | F29: =SUM(F27:F28) -> 11838418 | G29: =SUM(G27:G28) -> 9925778.9 | H29: =SUM(H27:H28) -> 11227019 | I29: =SUM(I27:I28) -> 9304715.6
A32: Ejecucion fìnanciera por categoria del gasto del mes de septiembre, año 2025
A34: Categoría del gasto de funcionamiento | B34: Septiembre | D34: Octubre | F34: Noviembre | H34: Diciembre | J34: Total acumulado anual
B35: Prog. | C35: Ejecutado | D35: Prog. | E35: Ejecutado | F35: Prog. | G35: Ejecutado | H35: Prog. | I35: Ejecutado | J35: Prog. | K35: Ejecutado
A36: Recurso Humano | J36: =+B18+D18+F18+H18+B27+D27+F27+H27+B36+D36+F36+H36 -> 35230132 | K36: =+C18+E18+G18+I18+C27+E27+G27+I27+C36+E36+G36+I36 -> 34703421
A37: Gastos de operación | J37: =+B19+D19+F19+H19+B28+D28+F28+H28+B37+D37+F37+H37 -> 53247405 | K37: =+C19+E19+G19+I19+C28+E28+G28+I28+C37+E37+G37+I37 -> 14662907
A38: TOTAL | B38: =SUM(B36:B37) -> 0 | C38: =SUM(C36:C37) -> 0 | D38: =SUM(D36:D37) -> 0 | E38: =SUM(E36:E37) -> 0 | F38: =SUM(F36:F37) -> 0 | G38: =SUM(G36:G37) -> 0 | H38: =SUM(H36:H37) -> 0 | I38: =SUM(I36:I37) -> 0 | ... K38: =SUM(K36:K37) -> 49366328
A40: Resumen año 2024
A41: Categoría del gasto | B41: año 2024
B42: Presupuestado | C42: Ejecutado
A43: Recurso Humano | B43: =+J18+J27+J36 -> 35230132 | C43: =+K18+K27+K36 -> 34703421
A44: Gastos de operación | B44: =+J19+J28+J37 -> 53247405 | C44: =+K19+K28+K37 -> 14662907
A45: TOTAL | B45: =SUM(B43:B44) -> 88477536 | C45: =SUM(C43:C44) -> 49366328
A69: Elaborado por: | C69: ___________________________ | F69: Autorizado por: | H69: ___________________________________
C70: Víctor Cresencio Reyes Porres | H70: Lic. Douglas Antonio Díaz Rivera
C71: Jefe de Contabilidad | H71: Representante Legal
A72: Fecha: | C72: 10 de septiembre 2025

Sheet EJECUCION FISICA MAYO DECE-8
L2: DECE-8
A6: UNIDAD DE CIRUGIA CARDIOVASCULAR DE GUATEMALA
A7: 5a. AVENIDA 6-22 ZONA 11
A8: dgunicar@yahoo.es Tel. 24163000
B10: Ejecucion mes de mayo, de metas fisicas y servicios, año 2025
A11: No. | B11: Meta/Servicio | C11: Enero | E11: Febrero | G11: Marzo | I11: Abril
C12: Programado | D12: Ejecutado | E12: Programado | F12: Ejecutado | G12: Programado | H12: Ejecutado | I12: Programado | J12: Ejecutado
A13: 1 | B13: CIRUGIA DE ADULTOS | C13: 18 | D13: 12 | E13: 19 | F13: 19 | G13: 19 | H13: 14 | I13: 12 | J13: 20
A14: 2 | B14: CIRUGIA DE PEDIATRIA | C14: 14 | D14: 11 | E14: 16 | F14: 9 | G14: 16 | H14: 11 | I14: 12 | J14: 18
A15: 3 | B15: HEMODINAMIA ADULTOS | C15: 75 | D15: 96 | E15: 82 | F15: 80 | G15: 82 | H15: 93 | I15: 65 | J15: 75
A16: 4 | B16: HEMODINAMIA PEDIATRIA | C16: 10 | D16: 8 | E16: 16 | F16: 13 | G16: 15 | H16: 9 | I16: 9 | J16: 13
A17: 5 | B17: REEMPLAZO VALVULAR POR MEDIO DE ENDOPROTESIS (TAVI) | C17: 0 | D17: 0 | E17: 0 | F17: 0 | G17: 0 | H17: 0 | I17: 3 | J17: 0
A18: 6 | B18: ANGIOPLASTIA COMPLEJA CON ROTABLATOR Y ULTRASONIDO INTRACAVITARIO | C18: 0 | D18: 1 | E18: 0 | F18: 0 | G18: 4 | H18: 1 | I18: 0 | J18: 1
A19: 7 | B19: IMPLANTE ENDOVENOSO DE MARCAPASOS INCLUYENDO DISPOSITIVO | C19: 0 | D19: 5 | E19: 2 | F19: 3 | G19: 3 | H19: 1 | I19: 1 | J19: 5
A20: 8 | B20: ECOCARDIOGRAMA ADULTOS | C20: 400 | D20: 406 | E20: 425 | F20: 481 | G20: 425 | H20: 468 | I20: 375 | J20: 467
A21: 9 | B21: ECOCARDIOGRAMA PEDIATRIA | C21: 300 | D21: 393 | E21: 350 | F21: 285 | G21: 375 | H21: 332 | I21: 275 | J21: 327
A22: 10 | B22: ELECTROCARDIOGRAMAS ADULTOS | C22: 100 | D22: 178 | E22: 150 | F22: 180 | G22: 150 | H22: 176 | I22: 100 | J22: 156
A23: 11 | B23: ELECTROCARDIOGRAMAS PEDIATRIA | C23: 145 | D23: 170 | E23: 170 | F23: 157 | G23: 170 | H23: 257 | I23: 140 | J23: 263
A24: 12 | B24: CONSULTAS MEDICAS ADULTOS | C24: 900 | D24: 1331 | E24: 1075 | F24: 1385 | G24: 1075 | H24: 1092 | I24: 850 | J24: 1090
... A31: 19 | B31: MONITOREO DE PRESION ARTERIAL | C31: 5 | D31: 16 | E31: 11 | F31: 15 | G31: 11 | H31: 15 | I31: 5 | J31: 11
A32: Total servicios/beneficiarios | C32: =SUM(C13:C31) -> 2499 | D32: =SUM(D13:D31) -> 3410 | E32: =SUM(E13:E31) -> 3016 | F32: =SUM(F13:F31) -> 3268 | G32: =SUM(G13:G31) -> 3046 | H32: =SUM(H13:H31) -> 3084 | I32: =SUM(I13:I31) -> 2344 | J32: =SUM(J13:J31) -> 3013
A49: No. | B49: Meta/Servicio | C49: Mayo | E49: Junio | G49: Julio | I49: Agosto
C50: Programado | D50: Ejecutado | E50: Programado | F50: Ejecutado | G50: Programado | H50: Ejecutado | I50: Programado | J50: Ejecutado
A51: 1 | B51: CIRUGIA DE ADULTOS | C51: 19 | D51: 23
A52: 2 | B52: CIRUGIA DE PEDIATRIA | C52: 16 | D52: 17
A53: 3 | B53: HEMODINAMIA ADULTOS | C53: 82 | D53: 70
A54: 4 | B54: HEMODINAMIA PEDIATRIA | C54: 16 | D54: 15
A55: 5 | B55: REEMPLAZO VALVULAR POR MEDIO DE ENDOPROTESIS (TAVI) | C55: 2 | D55: 1
A56: 6 | B56: ANGIOPLASTIA COMPLEJA CON ROTABLATOR Y ULTRASONIDO INTRACAVITARIO | C56: 4 | D56: 0
A57: 7 | B57: IMPLANTE ENDOVENOSO DE MARCAPASOS INCLUYENDO DISPOSITIVO | C57: 3 | D57: 1
A58: 8 | B58: ECOCARDIOGRAMA ADULTOS | C58: 425 | D58: 556
A59: 9 | B59: ECOCARDIOGRAMA PEDIATRIA | C59: 350 | D59: 388
A60: 10 | B60: ELECTROCARDIOGRAMAS ADULTOS | C60: 150 | D60: 181
A61: 11 | B61: ELECTROCARDIOGRAMAS PEDIATRIA | C61: 170 | D61: 347
A62: 12 | B62: CONSULTAS MEDICAS ADULTOS | C62: 1075 | D62: 1293
... A69: 19 | B69: MONITOREO DE PRESION ARTERIAL | C69: 11 | D69: 14
A70: Total servicios/beneficiarios | C70: =SUM(C51:C69) -> 2998 | D70: =SUM(D51:D69) -> 3557 | E70: =SUM(E51:E69) -> 0 | F70: =SUM(F51:F69) -> 0 | G70: =SUM(G51:G69) -> 0 | H70: =SUM(H51:H69) -> 0 | I70: =SUM(I51:I69) -> 0 | J70: =SUM(J51:J69) -> 0
B72: Ejecucion mes de septiembre, de metas fisicas y servicios, año 2025
A73: No. | B73: Meta/Servicio | C73: Septiembre | E73: Octubre | G73: Noviembre | I73: Diciembre | K73: Total acumulado anual
C74: Programado | D74: Ejecutado | E74: Programado | F74: Ejecutado | G74: Programado | H74: Ejecutado | I74: Programado | J74: Ejecutado | K74: Programado | L74: Ejecutado
A75: 1 | B75: CIRUGIA DE ADULTOS | K75: =+I75+G75+E75+C75+I51+G51+E51+C51+I13+G13+E13+C13 -> 87 | L75: =+J75+H75+F75+D75+J51+H51+F51+D51+J13+H13+F13+D13 -> 88
A76: 2 | B76: CIRUGIA DE PEDIATRIA | K76: =+I76+G76+E76+C76+I52+G52+E52+C52+I14+G14+E14+C14 -> 74 | L76: =+J76+H76+F76+D76+J52+H52+F52+D52+J14+H14+F14+D14 -> 66
A77: 3 | B77: HEMODINAMIA ADULTOS | K77: =+I77+G77+E77+C77+I53+G53+E53+C53+I15+G15+E15+C15 -> 386 | L77: =+J77+H77+F77+D77+J53+H53+F53+D53+J15+H15+F15+D15 -> 414
A78: 4 | B78: HEMODINAMIA PEDIATRIA | K78: =+I78+G78+E78+C78+I54+G54+E54+C54+I16+G16+E16+C16 -> 66 | L78: =+J78+H78+F78+D78+J54+H54+F54+D54+J16+H16+F16+D16 -> 58
A79: 5 | B79: REEMPLAZO VALVULAR POR MEDIO DE ENDOPROTESIS (TAVI) | K79: =+I79+G79+E79+C79+I55+G55+E55+C55+I17+G17+E17+C17 -> 5 | L79: =+J79+H79+F79+D79+J55+H55+F55+D55+J17+H17+F17+D17 -> 1
A80: 6 | B80: ANGIOPLASTIA COMPLEJA CON ROTABLATOR Y ULTRASONIDO INTRACAVITARIO | K80: =+I80+G80+E80+C80+I56+G56+E56+C56+I18+G18+E18+C18 -> 8 | L80: =+J80+H80+F80+D80+J56+H56+F56+D56+J18+H18+F18+D18 -> 3
A81: 7 | B81: IMPLANTE ENDOVENOSO DE MARCAPASOS INCLUYENDO DISPOSITIVO | K81: =+I81+G81+E81+C81+I57+G57+E57+C57+I19+G19+E19+C19 -> 9 | L81: =+J81+H81+F81+D81+J57+H57+F57+D57+J19+H19+F19+D19 -> 15
A82: 8 | B82: ECOCARDIOGRAMA ADULTOS | K82: =+I82+G82+E82+C82+I58+G58+E58+C58+I20+G20+E20+C20 -> 2050 | L82: =+J82+H82+F82+D82+J58+H58+F58+D58+J20+H20+F20+D20 -> 2378
A83: 9 | B83: ECOCARDIOGRAMA PEDIATRIA | K83: =+I83+G83+E83+C83+I59+G59+E59+C59+I21+G21+E21+C21 -> 1650 | L83: =+J83+H83+F83+D83+J59+H59+F59+D59+J21+H21+F21+D21 -> 1725
A84: 10 | B84: ELECTROCARDIOGRAMAS ADULTOS | K84: =+I84+G84+E84+C84+I60+G60+E60+C60+I22+G22+E22+C22 -> 650 | L84: =+J84+H84+F84+D84+J60+H60+F60+D60+J22+H22+F22+D22 -> 871
A85: 11 | B85: ELECTROCARDIOGRAMAS PEDIATRIA | K85: =+I85+G85+E85+C85+I61+G61+E61+C61+I23+G23+E23+C23 -> 795 | L85: =+J85+H85+F85+D85+J61+H61+F61+D61+J23+H23+F23+D23 -> 1194
A86: 12 | B86: CONSULTAS MEDICAS ADULTOS | K86: =+I86+G86+E86+C86+I62+G62+E62+C62+I24+G24+E24+C24 -> 4975 | L86: =+J86+H86+F86+D86+J62+H62+F62+D62+J24+H24+F24+D24 -> 6191
... A93: 19 | B93: MONITOREO DE PRESION ARTERIAL | K93: =+I93+G93+E93+C93+I69+G69+E69+C69+I31+G31+E31+C31 -> 43 | L93: =+J93+H93+F93+D93+J69+H69+F69+D69+J31+H31+F31+D31 -> 71
A94: Total | C94: =SUM(C75:C93) -> 0 | D94: =SUM(D75:D93) -> 0 | E94: =SUM(E75:E93) -> 0 | F94: =SUM(F75:F93) -> 0 | G94: =SUM(G75:G93) -> 0 | H94: =SUM(H75:H93) -> 0 | I94: =SUM(I75:I93) -> 0 | J94: =SUM(J75:J93) -> 0 | ... L94: =SUM(L75:L93) -> 16332
B117: RESUMEN AÑO 2024
A118: No. | B118: Meta/Servicio | C118: Totales
C119: Programado | D119: Ejecutado
A120: 1 | B120: CIRUGIA DE ADULTOS | C120: =+K13+K51+K75 -> 87 | D120: =+L13+L51+L75 -> 88
A121: 2 | B121: CIRUGIA DE PEDIATRIA | C121: =+K14+K52+K76 -> 74 | D121: =+L14+L52+L76 -> 66
A122: 3 | B122: HEMODINAMIA ADULTOS | C122: =+K15+K53+K77 -> 386 | D122: =+L15+L53+L77 -> 414
A123: 4 | B123: HEMODINAMIA PEDIATRIA | C123: =+K16+K54+K78 -> 66 | D123: =+L16+L54+L78 -> 58
A124: 5 | B124: REEMPLAZO VALVULAR POR MEDIO DE ENDOPROTESIS (TAVI) | C124: =+K17+K55+K79 -> 5 | D124: =+L17+L55+L79 -> 1
A125: 6 | B125: ANGIOPLASTIA COMPLEJA CON ROTABLATOR Y ULTRASONIDO INTRACAVITARIO | C125: =+K18+K56+K80 -> 8 | D125: =+L18+L56+L80 -> 3
A126: 7 | B126: IMPLANTE ENDOVENOSO DE MARCAPASOS INCLUYENDO DISPOSITIVO | C126: =+K19+K57+K81 -> 9 | D126: =+L19+L57+L81 -> 15
A127: 8 | B127: ECOCARDIOGRAMA ADULTOS | C127: =+K20+K58+K82 -> 2050 | D127: =+L20+L58+L82 -> 2378
A128: 9 | B128: ECOCARDIOGRAMA PEDIATRIA | C128: =+K21+K59+K83 -> 1650 | D128: =+L21+L59+L83 -> 1725
A129: 10 | B129: ELECTROCARDIOGRAMAS ADULTOS | C129: =+K22+K60+K84 -> 650 | D129: =+L22+L60+L84 -> 871
A130: 11 | B130: ELECTROCARDIOGRAMAS PEDIATRIA | C130: =+K23+K61+K85 -> 795 | D130: =+L23+L61+L85 -> 1194
A131: 12 | B131: CONSULTAS MEDICAS ADULTOS | C131: =+K24+K62+K86 -> 4975 | D131: =+L24+L62+L86 -> 6191
... A138: 19 | B138: MONITOREO DE PRESION ARTERIAL | C138: =+K31+K69+K93 -> 43 | D138: =+L31+L69+L93 -> 71
A139: Total | C139: =SUM(C120:C138) -> 13903 | D139: =SUM(D120:D138) -> 16332
B174: Elaborado por: | C174: ___________________________ | F174: Autorizado por: | H174: _______________________________________
C175: VÍctor Cresencio Reyes Porres | H175: Lic. Douglas Antonio Díaz Rivera
C176: Jefe de Contabilidad | H176: Representante Legal
B177: Fecha: | C177: 10 de junio 2,025

Sheet EJECUCION FISICA JUNIO DECE-8
L2: DECE-8
A6: UNIDAD DE CIRUGIA CARDIOVASCULAR DE GUATEMALA
A7: 5a. AVENIDA 6-22 ZONA 11
A8: dgunicar@yahoo.es Tel. 24163000
B10: Ejecucion mes de junio, de metas fisicas y servicios, año 2025
A11: No. | B11: Meta/Servicio | C11: Enero | E11: Febrero | G11: Marzo | I11: Abril
C12: Programado | D12: Ejecutado | E12: Programado | F12: Ejecutado | G12: Programado | H12: Ejecutado | I12: Programado | J12: Ejecutado
A13: 1 | B13: CIRUGIA DE ADULTOS | C13: 18 | D13: 12 | E13: 19 | F13: 19 | G13: 19 | H13: 14 | I13: 12 | J13: 20
A14: 2 | B14: CIRUGIA DE PEDIATRIA | C14: 14 | D14: 11 | E14: 16 | F14: 9 | G14: 16 | H14: 11 | I14: 12 | J14: 18
A15: 3 | B15: HEMODINAMIA ADULTOS | C15: 75 | D15: 96 | E15: 82 | F15: 80 | G15: 82 | H15: 93 | I15: 65 | J15: 75
A16: 4 | B16: HEMODINAMIA PEDIATRIA | C16: 10 | D16: 8 | E16: 16 | F16: 13 | G16: 15 | H16: 9 | I16: 9 | J16: 13
A17: 5 | B17: REEMPLAZO VALVULAR POR MEDIO DE ENDOPROTESIS (TAVI) | C17: 0 | D17: 0 | E17: 0 | F17: 0 | G17: 0 | H17: 0 | I17: 3 | J17: 0
A18: 6 | B18: ANGIOPLASTIA COMPLEJA CON ROTABLATOR Y ULTRASONIDO INTRACAVITARIO | C18: 0 | D18: 1 | E18: 0 | F18: 0 | G18: 4 | H18: 1 | I18: 0 | J18: 1
A19: 7 | B19: IMPLANTE ENDOVENOSO DE MARCAPASOS INCLUYENDO DISPOSITIVO | C19: 0 | D19: 5 | E19: 2 | F19: 3 | G19: 3 | H19: 1 | I19: 1 | J19: 5
A20: 8 | B20: ECOCARDIOGRAMA ADULTOS | C20: 400 | D20: 406 | E20: 425 | F20: 481 | G20: 425 | H20: 468 | I20: 375 | J20: 467
A21: 9 | B21: ECOCARDIOGRAMA PEDIATRIA | C21: 300 | D21: 393 | E21: 350 | F21: 285 | G21: 375 | H21: 332 | I21: 275 | J21: 327
A22: 10 | B22: ELECTROCARDIOGRAMAS ADULTOS | C22: 100 | D22: 178 | E22: 150 | F22: 180 | G22: 150 | H22: 176 | I22: 100 | J22: 156
A23: 11 | B23: ELECTROCARDIOGRAMAS PEDIATRIA | C23: 145 | D23: 170 | E23: 170 | F23: 157 | G23: 170 | H23: 257 | I23: 140 | J23: 263
A24: 12 | B24: CONSULTAS MEDICAS ADULTOS | C24: 900 | D24: 1331 | E24: 1075 | F24: 1385 | G24: 1075 | H24: 1092 | I24: 850 | J24: 1090
... A31: 19 | B31: MONITOREO DE PRESION ARTERIAL | C31: 5 | D31: 16 | E31: 11 | F31: 15 | G31: 11 | H31: 15 | I31: 5 | J31: 11
A32: Total servicios/beneficiarios | C32: =SUM(C13:C31) -> 2499 | D32: =SUM(D13:D31) -> 3410 | E32: =SUM(E13:E31) -> 3016 | F32: =SUM(F13:F31) -> 3268 | G32: =SUM(G13:G31) -> 3046 | H32: =SUM(H13:H31) -> 3084 | I32: =SUM(I13:I31) -> 2344 | J32: =SUM(J13:J31) -> 3013
B49: Ejecucion mes de junio, de metas fisicas y servicios, año 2025
A50: No. | B50: Meta/Servicio | C50: Mayo | E50: Junio | G50: Julio | I50: Agosto
C51: Programado | D51: Ejecutado | E51: Programado | F51: Ejecutado | G51: Programado | H51: Ejecutado | I51: Programado | J51: Ejecutado
A52: 1 | B52: CIRUGIA DE ADULTOS | C52: 19 | D52: 23 | E52: 19 | F52: 20
A53: 2 | B53: CIRUGIA DE PEDIATRIA | C53: 16 | D53: 17 | E53: 16 | F53: 25
A54: 3 | B54: HEMODINAMIA ADULTOS | C54: 82 | D54: 70 | E54: 82 | F54: 72
A55: 4 | B55: HEMODINAMIA PEDIATRIA | C55: 16 | D55: 15 | E55: 15 | F55: 12
A56: 5 | B56: REEMPLAZO VALVULAR POR MEDIO DE ENDOPROTESIS (TAVI) | C56: 2 | D56: 1 | E56: 2 | F56: 0
A57: 6 | B57: ANGIOPLASTIA COMPLEJA CON ROTABLATOR Y ULTRASONIDO INTRACAVITARIO | C57: 4 | D57: 0 | E57: 4 | F57: 0
A58: 7 | B58: IMPLANTE ENDOVENOSO DE MARCAPASOS INCLUYENDO DISPOSITIVO | C58: 3 | D58: 1 | E58: 3 | F58: 2
A59: 8 | B59: ECOCARDIOGRAMA ADULTOS | C59: 425 | D59: 556 | E59: 425 | F59: 514
A60: 9 | B60: ECOCARDIOGRAMA PEDIATRIA | C60: 350 | D60: 388 | E60: 375 | F60: 407
A61: 10 | B61: ELECTROCARDIOGRAMAS ADULTOS | C61: 150 | D61: 181 | E61: 150 | F61: 143
A62: 11 | B62: ELECTROCARDIOGRAMAS PEDIATRIA | C62: 170 | D62: 347 | E62: 170 | F62: 331
A63: 12 | B63: CONSULTAS MEDICAS ADULTOS | C63: 1075 | D63: 1293 | E63: 1075 | F63: 1170
... A70: 19 | B70: MONITOREO DE PRESION ARTERIAL | C70: 11 | D70: 14 | E70: 11 | F70: 9
A71: Total servicios/beneficiarios | C71: =SUM(C52:C70) -> 2998 | D71: =SUM(D52:D70) -> 3557 | E71: =SUM(E52:E70) -> 3021 | F71: =SUM(F52:F70) -> 3444 | G71: =SUM(G52:G70) -> 0 | H71: =SUM(H52:H70) -> 0 | I71: =SUM(I52:I70) -> 0 | J71: =SUM(J52:J70) -> 0
B73: Ejecucion mes de septiembre, de metas fisicas y servicios, año 2025
A74: No. | B74: Meta/Servicio | C74: Septiembre | E74: Octubre | G74: Noviembre | I74: Diciembre | K74: Total acumulado anual
C75: Programado | D75: Ejecutado | E75: Programado | F75: Ejecutado | G75: Programado | H75: Ejecutado | I75: Programado | J75: Ejecutado | K75: Programado | L75: Ejecutado
A76: 1 | B76: CIRUGIA DE ADULTOS | K76: =+I76+G76+E76+C76+I52+G52+E52+C52+I13+G13+E13+C13 -> 106 | L76: =+J76+H76+F76+D76+J52+H52+F52+D52+J13+H13+F13+D13 -> 108
A77: 2 | B77: CIRUGIA DE PEDIATRIA | K77: =+I77+G77+E77+C77+I53+G53+E53+C53+I14+G14+E14+C14 -> 90 | L77: =+J77+H77+F77+D77+J53+H53+F53+D53+J14+H14+F14+D14 -> 91
A78: 3 | B78: HEMODINAMIA ADULTOS | K78: =+I78+G78+E78+C78+I54+G54+E54+C54+I15+G15+E15+C15 -> 468 | L78: =+J78+H78+F78+D78+J54+H54+F54+D54+J15+H15+F15+D15 -> 486
A79: 4 | B79: HEMODINAMIA PEDIATRIA | K79: =+I79+G79+E79+C79+I55+G55+E55+C55+I16+G16+E16+C16 -> 81 | L79: =+J79+H79+F79+D79+J55+H55+F55+D55+J16+H16+F16+D16 -> 70
A80: 5 | B80: REEMPLAZO VALVULAR POR MEDIO DE ENDOPROTESIS (TAVI) | K80: =+I80+G80+E80+C80+I56+G56+E56+C56+I17+G17+E17+C17 -> 7 | L80: =+J80+H80+F80+D80+J56+H56+F56+D56+J17+H17+F17+D17 -> 1
A81: 6 | B81: ANGIOPLASTIA COMPLEJA CON ROTABLATOR Y ULTRASONIDO INTRACAVITARIO | K81: =+I81+G81+E81+C81+I57+G57+E57+C57+I18+G18+E18+C18 -> 12 | L81: =+J81+H81+F81+D81+J57+H57+F57+D57+J18+H18+F18+D18 -> 3
A82: 7 | B82: IMPLANTE ENDOVENOSO DE MARCAPASOS INCLUYENDO DISPOSITIVO | K82: =+I82+G82+E82+C82+I58+G58+E58+C58+I19+G19+E19+C19 -> 12 | L82: =+J82+H82+F82+D82+J58+H58+F58+D58+J19+H19+F19+D19 -> 17
A83: 8 | B83: ECOCARDIOGRAMA ADULTOS | K83: =+I83+G83+E83+C83+I59+G59+E59+C59+I20+G20+E20+C20 -> 2475 | L83: =+J83+H83+F83+D83+J59+H59+F59+D59+J20+H20+F20+D20 -> 2892
A84: 9 | B84: ECOCARDIOGRAMA PEDIATRIA | K84: =+I84+G84+E84+C84+I60+G60+E60+C60+I21+G21+E21+C21 -> 2025 | L84: =+J84+H84+F84+D84+J60+H60+F60+D60+J21+H21+F21+D21 -> 2132
A85: 10 | B85: ELECTROCARDIOGRAMAS ADULTOS | K85: =+I85+G85+E85+C85+I61+G61+E61+C61+I22+G22+E22+C22 -> 800 | L85: =+J85+H85+F85+D85+J61+H61+F61+D61+J22+H22+F22+D22 -> 1014
A86: 11 | B86: ELECTROCARDIOGRAMAS PEDIATRIA | K86: =+I86+G86+E86+C86+I62+G62+E62+C62+I23+G23+E23+C23 -> 965 | L86: =+J86+H86+F86+D86+J62+H62+F62+D62+J23+H23+F23+D23 -> 1525
A87: 12 | B87: CONSULTAS MEDICAS ADULTOS | K87: =+I87+G87+E87+C87+I63+G63+E63+C63+I24+G24+E24+C24 -> 6050 | L87: =+J87+H87+F87+D87+J63+H63+F63+D63+J24+H24+F24+D24 -> 7361
... A94: 19 | B94: MONITOREO DE PRESION ARTERIAL | K94: =+I94+G94+E94+C94+I70+G70+E70+C70+I31+G31+E31+C31 -> 54 | L94: =+J94+H94+F94+D94+J70+H70+F70+D70+J31+H31+F31+D31 -> 80
A95: Total | C95: =SUM(C76:C94) -> 0 | D95: =SUM(D76:D94) -> 0 | E95: =SUM(E76:E94) -> 0 | F95: =SUM(F76:F94) -> 0 | G95: =SUM(G76:G94) -> 0 | H95: =SUM(H76:H94) -> 0 | I95: =SUM(I76:I94) -> 0 | J95: =SUM(J76:J94) -> 0 | ... L95: =SUM(L76:L94) -> 19776
B118: RESUMEN AÑO 2024
A119: No. | B119: Meta/Servicio | C119: Totales
C120: Programado | D120: Ejecutado
A121: 1 | B121: CIRUGIA DE ADULTOS | C121: =+K13+K52+K76 -> 106 | D121: =+L13+L52+L76 -> 108
A122: 2 | B122: CIRUGIA DE PEDIATRIA | C122: =+K14+K53+K77 -> 90 | D122: =+L14+L53+L77 -> 91
A123: 3 | B123: HEMODINAMIA ADULTOS | C123: =+K15+K54+K78 -> 468 | D123: =+L15+L54+L78 -> 486
A124: 4 | B124: HEMODINAMIA PEDIATRIA | C124: =+K16+K55+K79 -> 81 | D124: =+L16+L55+L79 -> 70
A125: 5 | B125: REEMPLAZO VALVULAR POR MEDIO DE ENDOPROTESIS (TAVI) | C125: =+K17+K56+K80 -> 7 | D125: =+L17+L56+L80 -> 1
A126: 6 | B126: ANGIOPLASTIA COMPLEJA CON ROTABLATOR Y ULTRASONIDO INTRACAVITARIO | C126: =+K18+K57+K81 -> 12 | D126: =+L18+L57+L81 -> 3
A127: 7 | B127: IMPLANTE ENDOVENOSO DE MARCAPASOS INCLUYENDO DISPOSITIVO | C127: =+K19+K58+K82 -> 12 | D127: =+L19+L58+L82 -> 17
A128: 8 | B128: ECOCARDIOGRAMA ADULTOS | C128: =+K20+K59+K83 -> 2475 | D128: =+L20+L59+L83 -> 2892
A129: 9 | B129: ECOCARDIOGRAMA PEDIATRIA | C129: =+K21+K60+K84 -> 2025 | D129: =+L21+L60+L84 -> 2132
A130: 10 | B130: ELECTROCARDIOGRAMAS ADULTOS | C130: =+K22+K61+K85 -> 800 | D130: =+L22+L61+L85 -> 1014
A131: 11 | B131: ELECTROCARDIOGRAMAS PEDIATRIA | C131: =+K23+K62+K86 -> 965 | D131: =+L23+L62+L86 -> 1525
A132: 12 | B132: CONSULTAS MEDICAS ADULTOS | C132: =+K24+K63+K87 -> 6050 | D132: =+L24+L63+L87 -> 7361
... A139: 19 | B139: MONITOREO DE PRESION ARTERIAL | C139: =+K31+K70+K94 -> 54 | D139: =+L31+L70+L94 -> 80
A140: Total | C140: =SUM(C121:C139) -> 16924 | D140: =SUM(D121:D139) -> 19776
B172: Elaborado por: | C172: ___________________________ | F172: Autorizado por: | H172: _______________________________________
C173: VÍctor Cresencio Reyes Porres | H173: Lic. Douglas Antonio Díaz Rivera
C174: Jefe de Contabilidad | H174: Representante Legal
B175: Fecha: | C175: 10 de julio 2,025

Sheet EJECUCION FISICA JULIO DECE-8
L2: DECE-8
A6: UNIDAD DE CIRUGIA CARDIOVASCULAR DE GUATEMALA
A7: 5a. AVENIDA 6-22 ZONA 11
A8: dgunicar@yahoo.es Tel. 24163000
B10: Ejecucion mes de julio, de metas fisicas y servicios, año 2025
A11: No. | B11: Meta/Servicio | C11: Enero | E11: Febrero | G11: Marzo | I11: Abril
C12: Programado | D12: Ejecutado | E12: Programado | F12: Ejecutado | G12: Programado | H12: Ejecutado | I12: Programado | J12: Ejecutado
A13: 1 | B13: CIRUGIA DE ADULTOS | C13: 18 | D13: 12 | E13: 19 | F13: 19 | G13: 19 | H13: 14 | I13: 12 | J13: 20
A14: 2 | B14: CIRUGIA DE PEDIATRIA | C14: 14 | D14: 11 | E14: 16 | F14: 9 | G14: 16 | H14: 11 | I14: 12 | J14: 18
A15: 3 | B15: HEMODINAMIA ADULTOS | C15: 75 | D15: 96 | E15: 82 | F15: 80 | G15: 82 | H15: 93 | I15: 65 | J15: 75
A16: 4 | B16: HEMODINAMIA PEDIATRIA | C16: 10 | D16: 8 | E16: 16 | F16: 13 | G16: 15 | H16: 9 | I16: 9 | J16: 13
A17: 5 | B17: REEMPLAZO VALVULAR POR MEDIO DE ENDOPROTESIS (TAVI) | C17: 0 | D17: 0 | E17: 0 | F17: 0 | G17: 0 | H17: 0 | I17: 3 | J17: 0
A18: 6 | B18: ANGIOPLASTIA COMPLEJA CON ROTABLATOR Y ULTRASONIDO INTRACAVITARIO | C18: 0 | D18: 1 | E18: 0 | F18: 0 | G18: 4 | H18: 1 | I18: 0 | J18: 1
A19: 7 | B19: IMPLANTE ENDOVENOSO DE MARCAPASOS INCLUYENDO DISPOSITIVO | C19: 0 | D19: 5 | E19: 2 | F19: 3 | G19: 3 | H19: 1 | I19: 1 | J19: 5
A20: 8 | B20: ECOCARDIOGRAMA ADULTOS | C20: 400 | D20: 406 | E20: 425 | F20: 481 | G20: 425 | H20: 468 | I20: 375 | J20: 467
A21: 9 | B21: ECOCARDIOGRAMA PEDIATRIA | C21: 300 | D21: 393 | E21: 350 | F21: 285 | G21: 375 | H21: 332 | I21: 275 | J21: 327
A22: 10 | B22: ELECTROCARDIOGRAMAS ADULTOS | C22: 100 | D22: 178 | E22: 150 | F22: 180 | G22: 150 | H22: 176 | I22: 100 | J22: 156
A23: 11 | B23: ELECTROCARDIOGRAMAS PEDIATRIA | C23: 145 | D23: 170 | E23: 170 | F23: 157 | G23: 170 | H23: 257 | I23: 140 | J23: 263
A24: 12 | B24: CONSULTAS MEDICAS ADULTOS | C24: 900 | D24: 1331 | E24: 1075 | F24: 1385 | G24: 1075 | H24: 1092 | I24: 850 | J24: 1090
... A31: 19 | B31: MONITOREO DE PRESION ARTERIAL | C31: 5 | D31: 16 | E31: 11 | F31: 15 | G31: 11 | H31: 15 | I31: 5 | J31: 11
A32: Total servicios/beneficiarios | C32: =SUM(C13:C31) -> 2499 | D32: =SUM(D13:D31) -> 3410 | E32: =SUM(E13:E31) -> 3016 | F32: =SUM(F13:F31) -> 3268 | G32: =SUM(G13:G31) -> 3046 | H32: =SUM(H13:H31) -> 3084 | I32: =SUM(I13:I31) -> 2344 | J32: =SUM(J13:J31) -> 3013
B42: Ejecucion mes de julio, de metas fisicas y servicios, año 2025
A43: No. | B43: Meta/Servicio | C43: Mayo | E43: Junio | G43: Julio | I43: Agosto
C44: Programado | D44: Ejecutado | E44: Programado | F44: Ejecutado | G44: Programado | H44: Ejecutado | I44: Programado | J44: Ejecutado
A45: 1 | B45: CIRUGIA DE ADULTOS | C45: 19 | D45: 23 | E45: 19 | F45: 20 | G45: 13 | H45: 22
A46: 2 | B46: CIRUGIA DE PEDIATRIA | C46: 16 | D46: 17 | E46: 16 | F46: 25 | G46: 12 | H46: 17
A47: 3 | B47: HEMODINAMIA ADULTOS | C47: 82 | D47: 70 | E47: 82 | F47: 72 | G47: 77 | H47: 97
A48: 4 | B48: HEMODINAMIA PEDIATRIA | C48: 16 | D48: 15 | E48: 15 | F48: 12 | G48: 10 | H48: 11
A49: 5 | B49: REEMPLAZO VALVULAR POR MEDIO DE ENDOPROTESIS (TAVI) | C49: 2 | D49: 1 | E49: 2 | F49: 0 | G49: 1 | H49: 4
A50: 6 | B50: ANGIOPLASTIA COMPLEJA CON ROTABLATOR Y ULTRASONIDO INTRACAVITARIO | C50: 4 | D50: 0 | E50: 4 | F50: 0 | G50: 0 | H50: 1
A51: 7 | B51: IMPLANTE ENDOVENOSO DE MARCAPASOS INCLUYENDO DISPOSITIVO | C51: 3 | D51: 1 | E51: 3 | F51: 2 | G51: 1 | H51: 3
A52: 8 | B52: ECOCARDIOGRAMA ADULTOS | C52: 425 | D52: 556 | E52: 425 | F52: 514 | G52: 375 | H52: 688
A53: 9 | B53: ECOCARDIOGRAMA PEDIATRIA | C53: 350 | D53: 388 | E53: 375 | F53: 407 | G53: 300 | H53: 409
A54: 10 | B54: ELECTROCARDIOGRAMAS ADULTOS | C54: 150 | D54: 181 | E54: 150 | F54: 143 | G54: 100 | H54: 194
A55: 11 | B55: ELECTROCARDIOGRAMAS PEDIATRIA | C55: 170 | D55: 347 | E55: 170 | F55: 331 | G55: 140 | H55: 305
A56: 12 | B56: CONSULTAS MEDICAS ADULTOS | C56: 1075 | D56: 1293 | E56: 1075 | F56: 1170 | G56: 850 | H56: 1368
... A63: 19 | B63: MONITOREO DE PRESION ARTERIAL | C63: 11 | D63: 14 | E63: 11 | F63: 9 | G63: 5 | H63: 18
A64: Total servicios/beneficiarios | C64: =SUM(C45:C63) -> 2998 | D64: =SUM(D45:D63) -> 3557 | E64: =SUM(E45:E63) -> 3021 | F64: =SUM(F45:F63) -> 3444 | G64: =SUM(G45:G63) -> 2406 | H64: =SUM(H45:H63) -> 3880 | I64: =SUM(I45:I63) -> 0 | J64: =SUM(J45:J63) -> 0
B66: Ejecucion mes de septiembre, de metas fisicas y servicios, año 2025
A67: No. | B67: Meta/Servicio | C67: Septiembre | E67: Octubre | G67: Noviembre | I67: Diciembre | K67: Total acumulado anual
C68: Programado | D68: Ejecutado | E68: Programado | F68: Ejecutado | G68: Programado | H68: Ejecutado | I68: Programado | J68: Ejecutado | K68: Programado | L68: Ejecutado
A69: 1 | B69: CIRUGIA DE ADULTOS | K69: =+I69+G69+E69+C69+I45+G45+E45+C45+I13+G13+E13+C13 -> 119 | L69: =+J69+H69+F69+D69+J45+H45+F45+D45+J13+H13+F13+D13 -> 130
A70: 2 | B70: CIRUGIA DE PEDIATRIA | K70: =+I70+G70+E70+C70+I46+G46+E46+C46+I14+G14+E14+C14 -> 102 | L70: =+J70+H70+F70+D70+J46+H46+F46+D46+J14+H14+F14+D14 -> 108
A71: 3 | B71: HEMODINAMIA ADULTOS | K71: =+I71+G71+E71+C71+I47+G47+E47+C47+I15+G15+E15+C15 -> 545 | L71: =+J71+H71+F71+D71+J47+H47+F47+D47+J15+H15+F15+D15 -> 583
A72: 4 | B72: HEMODINAMIA PEDIATRIA | K72: =+I72+G72+E72+C72+I48+G48+E48+C48+I16+G16+E16+C16 -> 91 | L72: =+J72+H72+F72+D72+J48+H48+F48+D48+J16+H16+F16+D16 -> 81
A73: 5 | B73: REEMPLAZO VALVULAR POR MEDIO DE ENDOPROTESIS (TAVI) | K73: =+I73+G73+E73+C73+I49+G49+E49+C49+I17+G17+E17+C17 -> 8 | L73: =+J73+H73+F73+D73+J49+H49+F49+D49+J17+H17+F17+D17 -> 5
A74: 6 | B74: ANGIOPLASTIA COMPLEJA CON ROTABLATOR Y ULTRASONIDO INTRACAVITARIO | K74: =+I74+G74+E74+C74+I50+G50+E50+C50+I18+G18+E18+C18 -> 12 | L74: =+J74+H74+F74+D74+J50+H50+F50+D50+J18+H18+F18+D18 -> 4
A75: 7 | B75: IMPLANTE ENDOVENOSO DE MARCAPASOS INCLUYENDO DISPOSITIVO | K75: =+I75+G75+E75+C75+I51+G51+E51+C51+I19+G19+E19+C19 -> 13 | L75: =+J75+H75+F75+D75+J51+H51+F51+D51+J19+H19+F19+D19 -> 20
A76: 8 | B76: ECOCARDIOGRAMA ADULTOS | K76: =+I76+G76+E76+C76+I52+G52+E52+C52+I20+G20+E20+C20 -> 2850 | L76: =+J76+H76+F76+D76+J52+H52+F52+D52+J20+H20+F20+D20 -> 3580
A77: 9 | B77: ECOCARDIOGRAMA PEDIATRIA | K77: =+I77+G77+E77+C77+I53+G53+E53+C53+I21+G21+E21+C21 -> 2325 | L77: =+J77+H77+F77+D77+J53+H53+F53+D53+J21+H21+F21+D21 -> 2541
A78: 10 | B78: ELECTROCARDIOGRAMAS ADULTOS | K78: =+I78+G78+E78+C78+I54+G54+E54+C54+I22+G22+E22+C22 -> 900 | L78: =+J78+H78+F78+D78+J54+H54+F54+D54+J22+H22+F22+D22 -> 1208
A79: 11 | B79: ELECTROCARDIOGRAMAS PEDIATRIA | K79: =+I79+G79+E79+C79+I55+G55+E55+C55+I23+G23+E23+C23 -> 1105 | L79: =+J79+H79+F79+D79+J55+H55+F55+D55+J23+H23+F23+D23 -> 1830
A80: 12 | B80: CONSULTAS MEDICAS ADULTOS | K80: =+I80+G80+E80+C80+I56+G56+E56+C56+I24+G24+E24+C24 -> 6900 | L80: =+J80+H80+F80+D80+J56+H56+F56+D56+J24+H24+F24+D24 -> 8729
... A87: 19 | B87: MONITOREO DE PRESION ARTERIAL | K87: =+I87+G87+E87+C87+I63+G63+E63+C63+I31+G31+E31+C31 -> 59 | L87: =+J87+H87+F87+D87+J63+H63+F63+D63+J31+H31+F31+D31 -> 98
A88: Total | C88: =SUM(C69:C87) -> 0 | D88: =SUM(D69:D87) -> 0 | E88: =SUM(E69:E87) -> 0 | F88: =SUM(F69:F87) -> 0 | G88: =SUM(G69:G87) -> 0 | H88: =SUM(H69:H87) -> 0 | I88: =SUM(I69:I87) -> 0 | J88: =SUM(J69:J87) -> 0 | ... L88: =SUM(L69:L87) -> 23656
B111: RESUMEN AÑO 2024
A112: No. | B112: Meta/Servicio | C112: Totales
C113: Programado | D113: Ejecutado
A114: 1 | B114: CIRUGIA DE ADULTOS | C114: =+K13+K45+K69 -> 119 | D114: =+L13+L45+L69 -> 130
A115: 2 | B115: CIRUGIA DE PEDIATRIA | C115: =+K14+K46+K70 -> 102 | D115: =+L14+L46+L70 -> 108
A116: 3 | B116: HEMODINAMIA ADULTOS | C116: =+K15+K47+K71 -> 545 | D116: =+L15+L47+L71 -> 583
A117: 4 | B117: HEMODINAMIA PEDIATRIA | C117: =+K16+K48+K72 -> 91 | D117: =+L16+L48+L72 -> 81
A118: 5 | B118: REEMPLAZO VALVULAR POR MEDIO DE ENDOPROTESIS (TAVI) | C118: =+K17+K49+K73 -> 8 | D118: =+L17+L49+L73 -> 5
A119: 6 | B119: ANGIOPLASTIA COMPLEJA CON ROTABLATOR Y ULTRASONIDO INTRACAVITARIO | C119: =+K18+K50+K74 -> 12 | D119: =+L18+L50+L74 -> 4
A120: 7 | B120: IMPLANTE ENDOVENOSO DE MARCAPASOS INCLUYENDO DISPOSITIVO | C120: =+K19+K51+K75 -> 13 | D120: =+L19+L51+L75 -> 20
A121: 8 | B121: ECOCARDIOGRAMA ADULTOS | C121: =+K20+K52+K76 -> 2850 | D121: =+L20+L52+L76 -> 3580
A122: 9 | B122: ECOCARDIOGRAMA PEDIATRIA | C122: =+K21+K53+K77 -> 2325 | D122: =+L21+L53+L77 -> 2541
A123: 10 | B123: ELECTROCARDIOGRAMAS ADULTOS | C123: =+K22+K54+K78 -> 900 | D123: =+L22+L54+L78 -> 1208
A124: 11 | B124: ELECTROCARDIOGRAMAS PEDIATRIA | C124: =+K23+K55+K79 -> 1105 | D124: =+L23+L55+L79 -> 1830
A125: 12 | B125: CONSULTAS MEDICAS ADULTOS | C125: =+K24+K56+K80 -> 6900 | D125: =+L24+L56+L80 -> 8729
... A132: 19 | B132: MONITOREO DE PRESION ARTERIAL | C132: =+K31+K63+K87 -> 59 | D132: =+L31+L63+L87 -> 98
A133: Total | C133: =SUM(C114:C132) -> 19330 | D133: =SUM(D114:D132) -> 23656
B163: Elaborado por: | C163: ___________________________ | F163: Autorizado por: | H163: _______________________________________
C164: VÍctor Cresencio Reyes Porres | H164: Lic. Douglas Antonio Díaz Rivera
C165: Jefe de Contabilidad | H165: Representante Legal
B166: Fecha: | C166: 8 de agosto 2,025

Sheet EJECUCION FISICA AGOSTO DECE-8
L2: DECE-8
A6: UNIDAD DE CIRUGIA CARDIOVASCULAR DE GUATEMALA
A7: 5a. AVENIDA 6-22 ZONA 11
A8: dgunicar@yahoo.es Tel. 24163000
B10: Ejecucion mes de agosto, de metas fisicas y servicios, año 2025
A11: No. | B11: Meta/Servicio | C11: Enero | E11: Febrero | G11: Marzo | I11: Abril
C12: Programado | D12: Ejecutado | E12: Programado | F12: Ejecutado | G12: Programado | H12: Ejecutado | I12: Programado | J12: Ejecutado
A13: 1 | B13: CIRUGIA DE ADULTOS | C13: 18 | D13: 12 | E13: 19 | F13: 19 | G13: 19 | H13: 14 | I13: 12 | J13: 20
A14: 2 | B14: CIRUGIA DE PEDIATRIA | C14: 14 | D14: 11 | E14: 16 | F14: 9 | G14: 16 | H14: 11 | I14: 12 | J14: 18
A15: 3 | B15: HEMODINAMIA ADULTOS | C15: 75 | D15: 96 | E15: 82 | F15: 80 | G15: 82 | H15: 93 | I15: 65 | J15: 75
A16: 4 | B16: HEMODINAMIA PEDIATRIA | C16: 10 | D16: 8 | E16: 16 | F16: 13 | G16: 15 | H16: 9 | I16: 9 | J16: 13
A17: 5 | B17: REEMPLAZO VALVULAR POR MEDIO DE ENDOPROTESIS (TAVI) | C17: 0 | D17: 0 | E17: 0 | F17: 0 | G17: 0 | H17: 0 | I17: 3 | J17: 0
A18: 6 | B18: ANGIOPLASTIA COMPLEJA CON ROTABLATOR Y ULTRASONIDO INTRACAVITARIO | C18: 0 | D18: 1 | E18: 0 | F18: 0 | G18: 4 | H18: 1 | I18: 0 | J18: 1
A19: 7 | B19: IMPLANTE ENDOVENOSO DE MARCAPASOS INCLUYENDO DISPOSITIVO | C19: 0 | D19: 5 | E19: 2 | F19: 3 | G19: 3 | H19: 1 | I19: 1 | J19: 5
A20: 8 | B20: ECOCARDIOGRAMA ADULTOS | C20: 400 | D20: 406 | E20: 425 | F20: 481 | G20: 425 | H20: 468 | I20: 375 | J20: 467
A21: 9 | B21: ECOCARDIOGRAMA PEDIATRIA | C21: 300 | D21: 393 | E21: 350 | F21: 285 | G21: 375 | H21: 332 | I21: 275 | J21: 327
A22: 10 | B22: ELECTROCARDIOGRAMAS ADULTOS | C22: 100 | D22: 178 | E22: 150 | F22: 180 | G22: 150 | H22: 176 | I22: 100 | J22: 156
A23: 11 | B23: ELECTROCARDIOGRAMAS PEDIATRIA | C23: 145 | D23: 170 | E23: 170 | F23: 157 | G23: 170 | H23: 257 | I23: 140 | J23: 263
A24: 12 | B24: CONSULTAS MEDICAS ADULTOS | C24: 900 | D24: 1331 | E24: 1075 | F24: 1385 | G24: 1075 | H24: 1092 | I24: 850 | J24: 1090
... A31: 19 | B31: MONITOREO DE PRESION ARTERIAL | C31: 5 | D31: 16 | E31: 11 | F31: 15 | G31: 11 | H31: 15 | I31: 5 | J31: 11
A32: Total servicios/beneficiarios | C32: =SUM(C13:C31) -> 2499 | D32: =SUM(D13:D31) -> 3410 | E32: =SUM(E13:E31) -> 3016 | F32: =SUM(F13:F31) -> 3268 | G32: =SUM(G13:G31) -> 3046 | H32: =SUM(H13:H31) -> 3084 | I32: =SUM(I13:I31) -> 2344 | J32: =SUM(J13:J31) -> 3013
B42: Ejecucion mes de agosto, de metas fisicas y servicios, año 2025
A43: No. | B43: Meta/Servicio | C43: Mayo | E43: Junio | G43: Julio | I43: Agosto
C44: Programado | D44: Ejecutado | E44: Programado | F44: Ejecutado | G44: Programado | H44: Ejecutado | I44: Programado | J44: Ejecutado
A45: 1 | B45: CIRUGIA DE ADULTOS | C45: 19 | D45: 23 | E45: 19 | F45: 20 | G45: 13 | H45: 22 | I45: 19 | J45: 19
A46: 2 | B46: CIRUGIA DE PEDIATRIA | C46: 16 | D46: 17 | E46: 16 | F46: 25 | G46: 12 | H46: 17 | I46: 16 | J46: 16
A47: 3 | B47: HEMODINAMIA ADULTOS | C47: 82 | D47: 70 | E47: 82 | F47: 72 | G47: 77 | H47: 97 | I47: 82 | J47: 71
A48: 4 | B48: HEMODINAMIA PEDIATRIA | C48: 16 | D48: 15 | E48: 15 | F48: 12 | G48: 10 | H48: 11 | I48: 16 | J48: 11
A49: 5 | B49: REEMPLAZO VALVULAR POR MEDIO DE ENDOPROTESIS (TAVI) | C49: 2 | D49: 1 | E49: 2 | F49: 0 | G49: 1 | H49: 4 | I49: 2 | J49: 1
A50: 6 | B50: ANGIOPLASTIA COMPLEJA CON ROTABLATOR Y ULTRASONIDO INTRACAVITARIO | C50: 4 | D50: 0 | E50: 4 | F50: 0 | G50: 0 | H50: 1 | I50: 4 | J50: 4
A51: 7 | B51: IMPLANTE ENDOVENOSO DE MARCAPASOS INCLUYENDO DISPOSITIVO | C51: 3 | D51: 1 | E51: 3 | F51: 2 | G51: 1 | H51: 3 | I51: 2 | J51: 5
A52: 8 | B52: ECOCARDIOGRAMA ADULTOS | C52: 425 | D52: 556 | E52: 425 | F52: 514 | G52: 375 | H52: 688 | I52: 425 | J52: 657
A53: 9 | B53: ECOCARDIOGRAMA PEDIATRIA | C53: 350 | D53: 388 | E53: 375 | F53: 407 | G53: 300 | H53: 409 | I53: 350 | J53: 373
A54: 10 | B54: ELECTROCARDIOGRAMAS ADULTOS | C54: 150 | D54: 181 | E54: 150 | F54: 143 | G54: 100 | H54: 194 | I54: 150 | J54: 180
A55: 11 | B55: ELECTROCARDIOGRAMAS PEDIATRIA | C55: 170 | D55: 347 | E55: 170 | F55: 331 | G55: 140 | H55: 305 | I55: 170 | J55: 142
A56: 12 | B56: CONSULTAS MEDICAS ADULTOS | C56: 1075 | D56: 1293 | E56: 1075 | F56: 1170 | G56: 850 | H56: 1368 | I56: 1075 | J56: 1389
... A63: 19 | B63: MONITOREO DE PRESION ARTERIAL | C63: 11 | D63: 14 | E63: 11 | F63: 9 | G63: 5 | H63: 18 | I63: 11 | J63: 16
A64: Total servicios/beneficiarios | C64: =SUM(C45:C63) -> 2998 | D64: =SUM(D45:D63) -> 3557 | E64: =SUM(E45:E63) -> 3021 | F64: =SUM(F45:F63) -> 3444 | G64: =SUM(G45:G63) -> 2406 | H64: =SUM(H45:H63) -> 3880 | I64: =SUM(I45:I63) -> 2996 | J64: =SUM(J45:J63) -> 3518
B66: Ejecucion mes de septiembre, de metas fisicas y servicios, año 2025
A67: No. | B67: Meta/Servicio | C67: Septiembre | E67: Octubre | G67: Noviembre | I67: Diciembre | K67: Total acumulado anual
C68: Programado | D68: Ejecutado | E68: Programado | F68: Ejecutado | G68: Programado | H68: Ejecutado | I68: Programado | J68: Ejecutado | K68: Programado | L68: Ejecutado
A69: 1 | B69: CIRUGIA DE ADULTOS | K69: =+I69+G69+E69+C69+I45+G45+E45+C45+I13+G13+E13+C13 -> 138 | L69: =+J69+H69+F69+D69+J45+H45+F45+D45+J13+H13+F13+D13 -> 149
A70: 2 | B70: CIRUGIA DE PEDIATRIA | K70: =+I70+G70+E70+C70+I46+G46+E46+C46+I14+G14+E14+C14 -> 118 | L70: =+J70+H70+F70+D70+J46+H46+F46+D46+J14+H14+F14+D14 -> 124
A71: 3 | B71: HEMODINAMIA ADULTOS | K71: =+I71+G71+E71+C71+I47+G47+E47+C47+I15+G15+E15+C15 -> 627 | L71: =+J71+H71+F71+D71+J47+H47+F47+D47+J15+H15+F15+D15 -> 654
A72: 4 | B72: HEMODINAMIA PEDIATRIA | K72: =+I72+G72+E72+C72+I48+G48+E48+C48+I16+G16+E16+C16 -> 107 | L72: =+J72+H72+F72+D72+J48+H48+F48+D48+J16+H16+F16+D16 -> 92
A73: 5 | B73: REEMPLAZO VALVULAR POR MEDIO DE ENDOPROTESIS (TAVI) | K73: =+I73+G73+E73+C73+I49+G49+E49+C49+I17+G17+E17+C17 -> 10 | L73: =+J73+H73+F73+D73+J49+H49+F49+D49+J17+H17+F17+D17 -> 6
A74: 6 | B74: ANGIOPLASTIA COMPLEJA CON ROTABLATOR Y ULTRASONIDO INTRACAVITARIO | K74: =+I74+G74+E74+C74+I50+G50+E50+C50+I18+G18+E18+C18 -> 16 | L74: =+J74+H74+F74+D74+J50+H50+F50+D50+J18+H18+F18+D18 -> 8
A75: 7 | B75: IMPLANTE ENDOVENOSO DE MARCAPASOS INCLUYENDO DISPOSITIVO | K75: =+I75+G75+E75+C75+I51+G51+E51+C51+I19+G19+E19+C19 -> 15 | L75: =+J75+H75+F75+D75+J51+H51+F51+D51+J19+H19+F19+D19 -> 25
A76: 8 | B76: ECOCARDIOGRAMA ADULTOS | K76: =+I76+G76+E76+C76+I52+G52+E52+C52+I20+G20+E20+C20 -> 3275 | L76: =+J76+H76+F76+D76+J52+H52+F52+D52+J20+H20+F20+D20 -> 4237
A77: 9 | B77: ECOCARDIOGRAMA PEDIATRIA | K77: =+I77+G77+E77+C77+I53+G53+E53+C53+I21+G21+E21+C21 -> 2675 | L77: =+J77+H77+F77+D77+J53+H53+F53+D53+J21+H21+F21+D21 -> 2914
A78: 10 | B78: ELECTROCARDIOGRAMAS ADULTOS | K78: =+I78+G78+E78+C78+I54+G54+E54+C54+I22+G22+E22+C22 -> 1050 | L78: =+J78+H78+F78+D78+J54+H54+F54+D54+J22+H22+F22+D22 -> 1388
A79: 11 | B79: ELECTROCARDIOGRAMAS PEDIATRIA | K79: =+I79+G79+E79+C79+I55+G55+E55+C55+I23+G23+E23+C23 -> 1275 | L79: =+J79+H79+F79+D79+J55+H55+F55+D55+J23+H23+F23+D23 -> 1972
A80: 12 | B80: CONSULTAS MEDICAS ADULTOS | K80: =+I80+G80+E80+C80+I56+G56+E56+C56+I24+G24+E24+C24 -> 7975 | L80: =+J80+H80+F80+D80+J56+H56+F56+D56+J24+H24+F24+D24 -> 10118
... A87: 19 | B87: MONITOREO DE PRESION ARTERIAL | K87: =+I87+G87+E87+C87+I63+G63+E63+C63+I31+G31+E31+C31 -> 70 | L87: =+J87+H87+F87+D87+J63+H63+F63+D63+J31+H31+F31+D31 -> 114
A88: Total | C88: =SUM(C69:C87) -> 0 | D88: =SUM(D69:D87) -> 0 | E88: =SUM(E69:E87) -> 0 | F88: =SUM(F69:F87) -> 0 | G88: =SUM(G69:G87) -> 0 | H88: =SUM(H69:H87) -> 0 | I88: =SUM(I69:I87) -> 0 | J88: =SUM(J69:J87) -> 0 | ... L88: =SUM(L69:L87) -> 27174
B111: RESUMEN AÑO 2024
A112: No. | B112: Meta/Servicio | C112: Totales
C113: Programado | D113: Ejecutado
A114: 1 | B114: CIRUGIA DE ADULTOS | C114: =+K13+K45+K69 -> 138 | D114: =+L13+L45+L69 -> 149
A115: 2 | B115: CIRUGIA DE PEDIATRIA | C115: =+K14+K46+K70 -> 118 | D115: =+L14+L46+L70 -> 124
A116: 3 | B116: HEMODINAMIA ADULTOS | C116: =+K15+K47+K71 -> 627 | D116: =+L15+L47+L71 -> 654
A117: 4 | B117: HEMODINAMIA PEDIATRIA | C117: =+K16+K48+K72 -> 107 | D117: =+L16+L48+L72 -> 92
A118: 5 | B118: REEMPLAZO VALVULAR POR MEDIO DE ENDOPROTESIS (TAVI) | C118: =+K17+K49+K73 -> 10 | D118: =+L17+L49+L73 -> 6
A119: 6 | B119: ANGIOPLASTIA COMPLEJA CON ROTABLATOR Y ULTRASONIDO INTRACAVITARIO | C119: =+K18+K50+K74 -> 16 | D119: =+L18+L50+L74 -> 8
A120: 7 | B120: IMPLANTE ENDOVENOSO DE MARCAPASOS INCLUYENDO DISPOSITIVO | C120: =+K19+K51+K75 -> 15 | D120: =+L19+L51+L75 -> 25
A121: 8 | B121: ECOCARDIOGRAMA ADULTOS | C121: =+K20+K52+K76 -> 3275 | D121: =+L20+L52+L76 -> 4237
A122: 9 | B122: ECOCARDIOGRAMA PEDIATRIA | C122: =+K21+K53+K77 -> 2675 | D122: =+L21+L53+L77 -> 2914
A123: 10 | B123: ELECTROCARDIOGRAMAS ADULTOS | C123: =+K22+K54+K78 -> 1050 | D123: =+L22+L54+L78 -> 1388
A124: 11 | B124: ELECTROCARDIOGRAMAS PEDIATRIA | C124: =+K23+K55+K79 -> 1275 | D124: =+L23+L55+L79 -> 1972
A125: 12 | B125: CONSULTAS MEDICAS ADULTOS | C125: =+K24+K56+K80 -> 7975 | D125: =+L24+L56+L80 -> 10118
... A132: 19 | B132: MONITOREO DE PRESION ARTERIAL | C132: =+K31+K63+K87 -> 70 | D132: =+L31+L63+L87 -> 114
A133: Total | C133: =SUM(C114:C132) -> 22326 | D133: =SUM(D114:D132) -> 27174
B163: Elaborado por: | C163: ___________________________ | F163: Autorizado por: | H163: _______________________________________
C164: VÍctor Cresencio Reyes Porres | H164: Lic. Douglas Antonio Díaz Rivera
C165: Jefe de Contabilidad | H165: Representante Legal
B166: Fecha: | C166: 10 de setiembre 2,025

Sheet PRESUPUESTO MAYO
A1: UNIDAD DE CIRUGIA CARDIOVASCULAR DE GUATEMALA
A2: FONDOS ESTATALES
A3: PRESUPUESTO AÑO 2,025
C4: PRESUPUESTO 2025 | D4: TRANSFERENCIAS (+-), AMPLIACION | E4: PRESUPUESTO AJUSTADO 2,025
B5: ASIGNACION DEL ESTADO | C5: 110000000 | E5: =+C5+D5 -> 110000000
B6: TOTAL ASIGNACION DEL ESTADO | C6: =SUM(C5) -> 110000000 | D6: =SUM(D5) -> 0 | E6: =SUM(E5) -> 110000000
C8: =+C4 -> PRESUPUESTO 2025 | D8: TRANSFERENCIAS (+-) | E8: =+E4 -> PRESUPUESTO AJUSTADO 2,025
A9: 011 | B9: SUELDOS, CUOTA PATRONAL, BONO 14 Y AGUINALDO | C9: 54637303 | E9: =+C9+D9 -> 54637303
B10: TOTAL RECURSO HUMANO | C10: =SUM(C9) -> 54637303 | D10: =SUM(D9) -> 0 | E10: =SUM(E9) -> 54637303
B12: GASTOS DE OPERACIÓN | C12: =+C8 -> PRESUPUESTO 2025 | D12: TRANSFERENCIAS (+-) | E12: =+E8 -> PRESUPUESTO AJUSTADO 2,025
A13: 111 | B13: ENERGIA ELECTRICA | C13: 1166000 | E13: =+C13+D13 -> 1166000
A14: 113 | B14: SERVICIO DE INTERNET Y TELEFONIA | C14: 130075 | E14: =+C14+D14 -> 130075
A15: 122 | B15: IMPRESIÓN, ENCUADERNACION Y REPRODUCCION | C15: 64244.05 | E15: =+C15+D15 -> 64244.05
A16: 163 | B16: MANT. Y REP. EQUIPO MEDICO SANITARIO Y DE LAB. | C16: 1310600.2 | E16: =+C16+D16 -> 1310600.2
A17: 169 | B17: MANT. Y REP. DE OTRAS MAQUINARIAS Y EQUIPOS | C17: 66884.6 | E17: =+C17+D17 -> 66884.6
A18: 171 | B18: MANTENIMIENTO Y REPARACION DE EDIFICIOS | C18: 82130 | E18: =+C18+D18 -> 82130
A19: 174 | B19: MANT. Y REP. DE INSTALACIONES | C19: 127931 | E19: =+C19+D19 -> 127931
A20: 197 | B20: SERVICIOS DE VIGILANCIA | C20: 592800 | E20: =+C20+D20 -> 592800
A21: 199 | B21: OTROS SERVICIOS NO PERSONALES | C21: 706924.9 | E21: =+C21+D21 -> 706924.9
A22: 243 | B22: PRODUCTOS DE PAPEL O CARTON | C22: 154711.24 | E22: =+C22+D22 -> 154711.24
A23: 261 | B23: ELEMENTOS Y COMPUESTOS QUIMICOS | C23: 836414.94 | E23: =+C23+D23 -> 836414.94
A24: 262 | B24: COMBUSTIBLES Y LUBRICANTES | C24: 17000 | E24: =+C24+D24 -> 17000
... A34: 323 | B34: EQUIPO MEDICO-SANITARIO Y DE LABORATORIO | C34: 15417468 | E34: =+C34+D34 -> 15417468
B35: TOTAL GASTOS DE OPERACIÓN | C35: =SUM(C13:C34) -> 55362697 | D35: =SUM(D13:D34) -> 0 | E35: =SUM(E13:E34) -> 55362697
B36: TOTAL GENERAL EGRESOS | C36: =+C35+C10 -> 110000000 | D36: =+D35+D10 -> 0 | E36: =+E35+E10 -> 110000000
A41: _______________________________
A42: Víctor Cresencio Reyes Porres
A43: Jefe de Contabilidad

Sheet PRESUPUESTO JUNIO
A1: UNIDAD DE CIRUGIA CARDIOVASCULAR DE GUATEMALA
A2: FONDOS ESTATALES
A3: PRESUPUESTO AÑO 2,025
C4: PRESUPUESTO 2025 | D4: TRANSFERENCIAS (+-), AMPLIACION | E4: PRESUPUESTO AJUSTADO 2,025
B5: ASIGNACION DEL ESTADO | C5: 110000000 | E5: =+C5+D5 -> 110000000
B6: TOTAL ASIGNACION DEL ESTADO | C6: =SUM(C5) -> 110000000 | D6: =SUM(D5) -> 0 | E6: =SUM(E5) -> 110000000
C8: =+C4 -> PRESUPUESTO 2025 | D8: TRANSFERENCIAS (+-) | E8: =+E4 -> PRESUPUESTO AJUSTADO 2,025
A9: 011 | B9: SUELDOS, CUOTA PATRONAL, BONO 14 Y AGUINALDO | C9: 54637303 | E9: =+C9+D9 -> 54637303
B10: TOTAL RECURSO HUMANO | C10: =SUM(C9) -> 54637303 | D10: =SUM(D9) -> 0 | E10: =SUM(E9) -> 54637303
B12: GASTOS DE OPERACIÓN | C12: =+C8 -> PRESUPUESTO 2025 | D12: TRANSFERENCIAS (+-) | E12: =+E8 -> PRESUPUESTO AJUSTADO 2,025
A13: 111 | B13: ENERGIA ELECTRICA | C13: 1166000 | E13: =+C13+D13 -> 1166000
A14: 113 | B14: SERVICIO DE INTERNET Y TELEFONIA | C14: 130075 | E14: =+C14+D14 -> 130075
A15: 122 | B15: IMPRESIÓN, ENCUADERNACION Y REPRODUCCION | C15: 64244.05 | E15: =+C15+D15 -> 64244.05
A16: 163 | B16: MANT. Y REP. EQUIPO MEDICO SANITARIO Y DE LAB. | C16: 1310600.2 | E16: =+C16+D16 -> 1310600.2
A17: 169 | B17: MANT. Y REP. DE OTRAS MAQUINARIAS Y EQUIPOS | C17: 66884.6 | E17: =+C17+D17 -> 66884.6
A18: 171 | B18: MANTENIMIENTO Y REPARACION DE EDIFICIOS | C18: 82130 | E18: =+C18+D18 -> 82130
A19: 174 | B19: MANT. Y REP. DE INSTALACIONES | C19: 127931 | E19: =+C19+D19 -> 127931
A20: 197 | B20: SERVICIOS DE VIGILANCIA | C20: 592800 | E20: =+C20+D20 -> 592800
A21: 199 | B21: OTROS SERVICIOS NO PERSONALES | C21: 706924.9 | E21: =+C21+D21 -> 706924.9
A22: 243 | B22: PRODUCTOS DE PAPEL O CARTON | C22: 154711.24 | E22: =+C22+D22 -> 154711.24
A23: 261 | B23: ELEMENTOS Y COMPUESTOS QUIMICOS | C23: 836414.94 | E23: =+C23+D23 -> 836414.94
A24: 262 | B24: COMBUSTIBLES Y LUBRICANTES | C24: 17000 | E24: =+C24+D24 -> 17000
... A34: 323 | B34: EQUIPO MEDICO-SANITARIO Y DE LABORATORIO | C34: 15417468 | E34: =+C34+D34 -> 15417468
B35: TOTAL GASTOS DE OPERACIÓN | C35: =SUM(C13:C34) -> 55362697 | D35: =SUM(D13:D34) -> 0 | E35: =SUM(E13:E34) -> 55362697
B36: TOTAL GENERAL EGRESOS | C36: =+C35+C10 -> 110000000 | D36: =+D35+D10 -> 0 | E36: =+E35+E10 -> 110000000
A41: _______________________________
A42: Víctor Cresencio Reyes Porres
A43: Jefe de Contabilidad

Sheet PRESUPUESTO JULIO
A1: UNIDAD DE CIRUGIA CARDIOVASCULAR DE GUATEMALA
A2: FONDOS ESTATALES
A3: PRESUPUESTO AÑO 2,025
C4: PRESUPUESTO 2025 | D4: TRANSFERENCIAS (+-), AMPLIACION | E4: PRESUPUESTO AJUSTADO 2,025
B5: ASIGNACION DEL ESTADO | C5: 110000000 | E5: =+C5+D5 -> 110000000
B6: TOTAL ASIGNACION DEL ESTADO | C6: =SUM(C5) -> 110000000 | D6: =SUM(D5) -> 0 | E6: =SUM(E5) -> 110000000
C8: =+C4 -> PRESUPUESTO 2025 | D8: TRANSFERENCIAS (+-) | E8: =+E4 -> PRESUPUESTO AJUSTADO 2,025
A9: 011 | B9: SUELDOS, CUOTA PATRONAL, BONO 14 Y AGUINALDO | C9: 54637303 | E9: =+C9+D9 -> 54637303
B10: TOTAL RECURSO HUMANO | C10: =SUM(C9) -> 54637303 | D10: =SUM(D9) -> 0 | E10: =SUM(E9) -> 54637303
B12: GASTOS DE OPERACIÓN | C12: =+C8 -> PRESUPUESTO 2025 | D12: TRANSFERENCIAS (+-) | E12: =+E8 -> PRESUPUESTO AJUSTADO 2,025
A13: 111 | B13: ENERGIA ELECTRICA | C13: 1166000 | E13: =+C13+D13 -> 1166000
A14: 113 | B14: SERVICIO DE INTERNET Y TELEFONIA | C14: 130075 | E14: =+C14+D14 -> 130075
A15: 122 | B15: IMPRESIÓN, ENCUADERNACION Y REPRODUCCION | C15: 64244.05 | E15: =+C15+D15 -> 64244.05
A16: 163 | B16: MANT. Y REP. EQUIPO MEDICO SANITARIO Y DE LAB. | C16: 1310600.2 | E16: =+C16+D16 -> 1310600.2
A17: 169 | B17: MANT. Y REP. DE OTRAS MAQUINARIAS Y EQUIPOS | C17: 66884.6 | E17: =+C17+D17 -> 66884.6
A18: 171 | B18: MANTENIMIENTO Y REPARACION DE EDIFICIOS | C18: 82130 | E18: =+C18+D18 -> 82130
A19: 174 | B19: MANT. Y REP. DE INSTALACIONES | C19: 127931 | E19: =+C19+D19 -> 127931
A20: 197 | B20: SERVICIOS DE VIGILANCIA | C20: 592800 | E20: =+C20+D20 -> 592800
A21: 199 | B21: OTROS SERVICIOS NO PERSONALES | C21: 706924.9 | E21: =+C21+D21 -> 706924.9
A22: 243 | B22: PRODUCTOS DE PAPEL O CARTON | C22: 154711.24 | E22: =+C22+D22 -> 154711.24
A23: 261 | B23: ELEMENTOS Y COMPUESTOS QUIMICOS | C23: 836414.94 | E23: =+C23+D23 -> 836414.94
A24: 262 | B24: COMBUSTIBLES Y LUBRICANTES | C24: 17000 | E24: =+C24+D24 -> 17000
... A34: 323 | B34: EQUIPO MEDICO-SANITARIO Y DE LABORATORIO | C34: 15417468 | E34: =+C34+D34 -> 15417468
B35: TOTAL GASTOS DE OPERACIÓN | C35: =SUM(C13:C34) -> 55362697 | D35: =SUM(D13:D34) -> 0 | E35: =SUM(E13:E34) -> 55362697
B36: TOTAL GENERAL EGRESOS | C36: =+C35+C10 -> 110000000 | D36: =+D35+D10 -> 0 | E36: =+E35+E10 -> 110000000
A41: _______________________________
A42: Víctor Cresencio Reyes Porres
A43: Jefe de Contabilidad

Sheet PRESUPUESTO AGOSTO
A1: UNIDAD DE CIRUGIA CARDIOVASCULAR DE GUATEMALA
A2: FONDOS ESTATALES
A3: PRESUPUESTO AÑO 2,025
C4: PRESUPUESTO 2025 | D4: TRANSFERENCIAS (+-), AMPLIACION | E4: PRESUPUESTO AJUSTADO 2,025
B5: ASIGNACION DEL ESTADO | C5: 110000000 | E5: =+C5+D5 -> 110000000
B6: TOTAL ASIGNACION DEL ESTADO | C6: =SUM(C5) -> 110000000 | D6: =SUM(D5) -> 0 | E6: =SUM(E5) -> 110000000
C8: =+C4 -> PRESUPUESTO 2025 | D8: TRANSFERENCIAS (+-) | E8: =+E4 -> PRESUPUESTO AJUSTADO 2,025
A9: 011 | B9: SUELDOS, CUOTA PATRONAL, BONO 14 Y AGUINALDO | C9: 54637303 | E9: =+C9+D9 -> 54637303
B10: TOTAL RECURSO HUMANO | C10: =SUM(C9) -> 54637303 | D10: =SUM(D9) -> 0 | E10: =SUM(E9) -> 54637303
B12: GASTOS DE OPERACIÓN | C12: =+C8 -> PRESUPUESTO 2025 | D12: TRANSFERENCIAS (+-) | E12: =+E8 -> PRESUPUESTO AJUSTADO 2,025
A13: 111 | B13: ENERGIA ELECTRICA | C13: 1166000 | E13: =+C13+D13 -> 1166000
A14: 113 | B14: SERVICIO DE INTERNET Y TELEFONIA | C14: 130075 | E14: =+C14+D14 -> 130075
A15: 122 | B15: IMPRESIÓN, ENCUADERNACION Y REPRODUCCION | C15: 64244.05 | E15: =+C15+D15 -> 64244.05
A16: 163 | B16: MANT. Y REP. EQUIPO MEDICO SANITARIO Y DE LAB. | C16: 1310600.2 | E16: =+C16+D16 -> 1310600.2
A17: 169 | B17: MANT. Y REP. DE OTRAS MAQUINARIAS Y EQUIPOS | C17: 66884.6 | E17: =+C17+D17 -> 66884.6
A18: 171 | B18: MANTENIMIENTO Y REPARACION DE EDIFICIOS | C18: 82130 | E18: =+C18+D18 -> 82130
A19: 174 | B19: MANT. Y REP. DE INSTALACIONES | C19: 127931 | E19: =+C19+D19 -> 127931
A20: 197 | B20: SERVICIOS DE VIGILANCIA | C20: 592800 | E20: =+C20+D20 -> 592800
A21: 199 | B21: OTROS SERVICIOS NO PERSONALES | C21: 706924.9 | E21: =+C21+D21 -> 706924.9
A22: 243 | B22: PRODUCTOS DE PAPEL O CARTON | C22: 154711.24 | E22: =+C22+D22 -> 154711.24
A23: 261 | B23: ELEMENTOS Y COMPUESTOS QUIMICOS | C23: 836414.94 | E23: =+C23+D23 -> 836414.94
A24: 262 | B24: COMBUSTIBLES Y LUBRICANTES | C24: 17000 | E24: =+C24+D24 -> 17000
... A34: 323 | B34: EQUIPO MEDICO-SANITARIO Y DE LABORATORIO | C34: 15417468 | E34: =+C34+D34 -> 15417468
B35: TOTAL GASTOS DE OPERACIÓN | C35: =SUM(C13:C34) -> 55362697 | D35: =SUM(D13:D34) -> 0 | E35: =SUM(E13:E34) -> 55362697
B36: TOTAL GENERAL EGRESOS | C36: =+C35+C10 -> 110000000 | D36: =+D35+D10 -> 0 | E36: =+E35+E10 -> 110000000
A41: _______________________________
A42: Víctor Cresencio Reyes Porres
A43: Jefe de Contabilidad

Sheet APORTES MAYO
A1: APORTES MINISTERIO DE SALUD PUBLICA Y ASISTENCIA SOCIAL AÑO 2,025
A3: MES | B3: VALOR | C3: FECHA REC. | D3: No. RECIBO | E3: N/C | F3: No. De Cur
A4: ENERO | B4: 0
A5: FEBRERO | B5: 0
A6: MARZO | B6: 22000000 | C6: 45729 | D6: 261119 | E6: 313436527
A7: ABRIL | B7: 11000000 | C7: 45761 | D7: 261120 | E7: 31486663
A8: MAYO | B8: 11000000 | C8: 45792 | D8: 261121 | E8: 316492841
A9: JUNIO | B9: 0
A10: JULIO | B10: 0
A11: AGOSTO | B11: 0
A12: AGOSTO | B12: 0
A13: AGOSTO | B13: 0
A14: SEPTIEMBRE | B14: 0
A15: SEPTIEMBRE | B15: 0
A16: SEPTIEMBRE | B16: 0
A17: TOTALES… | B17: =SUM(B4:B16) -> 44000000
A23: ____________________________________
A24: Victor Cresencio Reyes Porres
A25: Jefe de Contabilidad
A26: UNIDAD DE CIRUGIA CARDIOVASCULAR DE GUATEMALA

Sheet APORTES JUNIO
A1: APORTES MINISTERIO DE SALUD PUBLICA Y ASISTENCIA SOCIAL AÑO 2,025
A3: MES | B3: VALOR | C3: FECHA REC. | D3: No. RECIBO | E3: N/C | F3: No. De Cur
A4: ENERO | B4: 0
A5: FEBRERO | B5: 0
A6: MARZO | B6: 22000000 | C6: 45729 | D6: 261119 | E6: 313436527
A7: ABRIL | B7: 11000000 | C7: 45761 | D7: 261120 | E7: 31486663
A8: MAYO | B8: 11000000 | C8: 45792 | D8: 261121 | E8: 316492841
A9: JUNIO | B9: 11000000 | C9: 45821 | D9: 261122 | E9: 318153073
A10: JULIO | B10: 0
A11: AGOSTO | B11: 0
A12: AGOSTO | B12: 0
A13: AGOSTO | B13: 0
A14: SEPTIEMBRE | B14: 0
A15: SEPTIEMBRE | B15: 0
A16: SEPTIEMBRE | B16: 0
A17: TOTALES… | B17: =SUM(B4:B16) -> 55000000
A23: ____________________________________
A24: Victor Cresencio Reyes Porres
A25: Jefe de Contabilidad
A26: UNIDAD DE CIRUGIA CARDIOVASCULAR DE GUATEMALA

Sheet APORTES JULIO
A1: APORTES MINISTERIO DE SALUD PUBLICA Y ASISTENCIA SOCIAL AÑO 2,025
A3: MES | B3: VALOR | C3: FECHA REC. | D3: No. RECIBO | E3: N/C | F3: No. De Cur
A4: ENERO | B4: 0
A5: FEBRERO | B5: 0
A6: MARZO | B6: 22000000 | C6: 45729 | D6: 261119 | E6: 313436527
A7: ABRIL | B7: 11000000 | C7: 45761 | D7: 261120 | E7: 31486663
A8: MAYO | B8: 11000000 | C8: 45792 | D8: 261121 | E8: 316492841
A9: JUNIO | B9: 11000000 | C9: 45821 | D9: 261122 | E9: 318153073
A10: JULIO | B10: 11000000 | C10: 45849 | D10: 261123 | E10: 319578117
A11: AGOSTO | B11: 0
A12: AGOSTO | B12: 0
A13: AGOSTO | B13: 0
A14: SEPTIEMBRE | B14: 0
A15: SEPTIEMBRE | B15: 0
A16: SEPTIEMBRE | B16: 0
A17: TOTALES… | B17: =SUM(B4:B16) -> 66000000
A23: ____________________________________
A24: Victor Cresencio Reyes Porres
A25: Jefe de Contabilidad
A26: UNIDAD DE CIRUGIA CARDIOVASCULAR DE GUATEMALA

Sheet APORTES AGOSTO
A1: APORTES MINISTERIO DE SALUD PUBLICA Y ASISTENCIA SOCIAL AÑO 2,025
A3: MES | B3: VALOR | C3: FECHA REC. | D3: No. RECIBO | E3: N/C | F3: No. De Cur
A4: ENERO | B4: 0
A5: FEBRERO | B5: 0
A6: MARZO | B6: 22000000 | C6: 45729 | D6: 261119 | E6: 313436527
A7: ABRIL | B7: 11000000 | C7: 45761 | D7: 261120 | E7: 31486663
A8: MAYO | B8: 11000000 | C8: 45792 | D8: 261121 | E8: 316492841
A9: JUNIO | B9: 11000000 | C9: 45821 | D9: 261122 | E9: 318153073
A10: JULIO | B10: 11000000 | C10: 45849 | D10: 261123 | E10: 319578117
A11: AGOSTO | B11: 11000000 | C11: 45882 | D11: 261124 | E11: 321529721
A12: SEPTIEMBRE | B12: 0
A13: SEPTIEMBRE | B13: 0
A14: SEPTIEMBRE | B14: 0
A15: TOTALES… | B15: =SUM(B4:B14) -> 77000000
A21: ____________________________________
A22: Victor Cresencio Reyes Porres
A23: Jefe de Contabilidad
A24: UNIDAD DE CIRUGIA CARDIOVASCULAR DE GUATEMALA
